Workbook
Name _________AFC1: #REF!
Name _________AFC3: #REF!
Name _________AFC5: #REF!
Name _________BGC1: #REF!
Name _________BGC3: #REF!
Name _________BGC5: #REF!
Name _________CAC1: #REF!
Name _________CAC3: #REF!
Name _________CAC5: #REF!
Name _________PJ50: #REF!
Name _________SBC1: #REF!
Name _________SBC3: #REF!
Name _________SBC5: #REF!
Name ________AFC1: #REF!
Name ________AFC3: #REF!
Name ________AFC5: #REF!
Name ________BGC1: #REF!
Name ________BGC3: #REF!
Name ________BGC5: #REF!
Name ________CAC1: #REF!
Name ________CAC3: #REF!
Name ________CAC5: #REF!
Name ________MA2: #REF!
Name ________PJ50: #REF!
Name ________SBC1: #REF!
Name ________SBC3: #REF!
Name ________SBC5: #REF!
Name _______AFC1: #REF!
Name _______AFC3: #REF!
Name _______AFC5: #REF!
Name _______BGC1: #REF!
Name _______BGC3: #REF!
Name _______BGC5: #REF!
Name _______CAC1: #REF!
Name _______CAC3: #REF!
Name _______CAC5: #REF!
Name _______MA2: #REF!
Name _______PJ50: #REF!
Name _______SBC1: #REF!
Name _______SBC3: #REF!
Name _______SBC5: #REF!
Name ______AFC1: #REF!
Name ______AFC3: #REF!
Name ______AFC5: #REF!
Name ______BGC1: #REF!
Name ______BGC3: #REF!
Name ______BGC5: #REF!
Name ______CAC1: #REF!
Name ______CAC3: #REF!
Name ______CAC5: #REF!
Name ______MA2: #REF!
Name ______PJ50: #REF!
Name ______pr01: #REF!
Name ______pr02: #REF!
Name ______pr03: #REF!
Name ______pr04: #REF!
Name ______pr05: #REF!
Name ______pr06: #REF!
Name ______pr07: #REF!
Name ______pr08: #REF!

Sheet CONSOLIDADO
A2: ALCALDIA LOCAL DE USAQUEN
C4: OBJETO DE CONTRATO | E4: ='DATOS INICIALES'!D2 -> CONTRATAR POR EL SISTEMA DE PRECIOS UNITARIOS FIJOS Y A MONTO AGOTABLE LA INTERVENCIÓN DE LOS ELEMENTOS DE LA MALLA VIAL LOCAL E INTERMEDIA, ESPACIO PÚBLICO Y CICLOINFRAESTRUCTURA DE LA LOCALIDAD DE USAQUÉN EN BOGOTÁ CON OBRAS Y ACTIVIDADES DE CONSERVACIÓN
C5: VALOR DEL CONTRATO | E5: ='DATOS INICIALES'!G4 -> FDLUSA-LP-002-2024 | I5: ='DATOS INICIALES'!C5 -> 20496577313
A7: =CONCATENATE("RESUMEN DE EVALUACIÓN REQUISITOS HABILITANTES - ",'DATOS INICIALES'!G4) -> RESUMEN DE EVALUACIÓN REQUISITOS HABILITANTES - FDLUSA-LP-002-2024
A9: No. | B9: NOMBRE DEL PROPONENTE | C9: CANTIDAD DE INTEGRANTES | D9: % PARTICIPACION | E9: ANALISIS K RESIDUAL | F9: EVALUACIÓN TÉCNICA | G9: EVALUACIÓN JURÍDICA | H9: EVALUACIÓN FINANCIERA | I9: RESULTADO EVALUACIÓN | J9: OBSERVACIONES
A11: 1 | B11: =+PROPONENTES!B10 -> CONSORCIO EL TAMBILLO | C11: =+PROPONENTES!M10 -> 2 | D11: =+PROPONENTES!N10 -> 1 | E11: =+KRESIDUAL!C4 -> CUMPLE | F11: =+'1'!$I$11 -> CUMPLE | G11: NO CUMPLE | H11: =+'1'!$I$11 -> CUMPLE | I11: =IF(AND(E11="",F11="",G11="",H11=""),"",IF(AND(E11="CUMPLE",F11="CUMPLE",G11="CUMPLE",H11="CUMPLE"),"HABILITADO","INHABILITADO")) -> INHABILITADO
A12: 2 | B12: =+PROPONENTES!B11 -> UNION TEMPORAL VIAL USAQUN 2024 | C12: =+PROPONENTES!M11 -> 2 | D12: =+PROPONENTES!N11 -> 1 | E12: CUMPLE | F12: =+'2'!$I$11 -> NO CUMPLE | G12: NO CUMPLE | H12: =+'1'!$I$11 -> CUMPLE | I12: =IF(AND(E12="",F12="",G12="",H12=""),"",IF(AND(E12="CUMPLE",F12="CUMPLE",G12="CUMPLE",H12="CUMPLE"),"HABILITADO","INHABILITADO")) -> INHABILITADO | J12: SUBSANAR:CONTRATO IDENTIFICADO EN EL RUP CON EL NO. 46: REVISADA EL ACTA DE RECIBO FINAL ALLEGADA POR EL PROPONENTE, NO SE EVIDENCIA LA FIRMA DE LA ENTIDAD CONTRATANTE, SUBSANAR REMITIR UN DOCUMENTO DONDE EL FONDO PUEDA OBSERVAR QUE EL CONTRATO FUE RECIBIDO A SATISFACCIÓN POR LA ENTIDAD CONTRATANTE Y NO SOLO POR LA INTERVENTORIA.
A13: 3 | B13: =+PROPONENTES!B12 -> CONSORCIO CCU | C13: =+PROPONENTES!M12 -> 2 | D13: =+PROPONENTES!N12 -> 1 | E13: CUMPLE | F13: =+'3'!$I$11 -> CUMPLE | G13: NO CUMPLE | H13: =+'1'!$I$11 -> CUMPLE | I13: =IF(AND(E13="",F13="",G13="",H13=""),"",IF(AND(E13="CUMPLE",F13="CUMPLE",G13="CUMPLE",H13="CUMPLE"),"HABILITADO","INHABILITADO")) -> INHABILITADO
A14: 4 | B14: =+PROPONENTES!B13 -> CONSORCIO MEB VIAL | C14: =+PROPONENTES!M13 -> 3 | D14: =+PROPONENTES!N13 -> 1 | E14: CUMPLE | F14: =+'4'!$I$11 -> CUMPLE | G14: NO CUMPLE | H14: =+'1'!$I$11 -> CUMPLE | I14: =IF(AND(E14="",F14="",G14="",H14=""),"",IF(AND(E14="CUMPLE",F14="CUMPLE",G14="CUMPLE",H14="CUMPLE"),"HABILITADO","INHABILITADO")) -> INHABILITADO
A15: 5 | B15: =+PROPONENTES!B14 -> CONSORCIO CONSERVACION DK | C15: =+PROPONENTES!M14 -> 2 | D15: =+PROPONENTES!N14 -> 1 | E15: CUMPLE | F15: =+'5'!$I$11 -> NO CUMPLE | G15: NO CUMPLE | H15: =+'1'!$I$11 -> CUMPLE | I15: =IF(AND(E15="",F15="",G15="",H15=""),"",IF(AND(E15="CUMPLE",F15="CUMPLE",G15="CUMPLE",H15="CUMPLE"),"HABILITADO","INHABILITADO")) -> INHABILITADO | J15: SUBSANAR: CONTRATO IDENTIFICADO EN EL RUP CON EL NO. 17, EN EL RUP SE IDENTIFICA QUE EL CONTRATISTA FUE LA EMPRESA CASTOR CONSTRUCCIONES SAS Y EN LA DOCUMENTACIÓN ALLEGADA POR EL OFERENTE, NO ES POSIBLE ESTABLECER CUAL ES LA RELACION DE ESTA EMPRESA CON EL PROPONENTE KAP COSTRUCCIONES S.A.S. POR LO ANTERIOR NO ES POSIBLE ACEPTAR LA EXPERIENCIA ESPECIFICA QUE SE APORTA CON EL CONTRATO. CONTRATO IDENTIFICADO EN EL RUP CON EL NO. 68: EN LA DOCUMENTACIÓN ALLEGADA POR EL OFERENTE NO ES POSIBLE ESTABLECER QUE LA VIA QUE FUE INTERVENIDA EN EL CONTRATO SEA: VÍAS URBANAS O DE VÍAS PRIMARIAS O SECUNDARIAS, DE ACUERDO CON EL PLIEGO DE CONDICIONES.
A16: 6 | B16: =+PROPONENTES!B15 -> CONSORCIO USAQUEN VIAL 2025 | C16: =+PROPONENTES!M15 -> 2 | D16: =+PROPONENTES!N15 -> 1 | E16: =+KRESIDUAL!C9 -> CUMPLE | F16: =+'6'!$I$11 -> CUMPLE | G16: NO CUMPLE | H16: =+'1'!$I$11 -> CUMPLE | I16: =IF(AND(E16="",F16="",G16="",H16=""),"",IF(AND(E16="CUMPLE",F16="CUMPLE",G16="CUMPLE",H16="CUMPLE"),"HABILITADO","INHABILITADO")) -> INHABILITADO
A17: 7 | B17: =+PROPONENTES!B16 -> CONSORCIO VIAS URBANAS | C17: =+PROPONENTES!M16 -> 2 | D17: =+PROPONENTES!N16 -> 1 | E17: =+KRESIDUAL!C10 -> CUMPLE | F17: =+'7'!$I$11 -> NO CUMPLE | G17: NO CUMPLE | H17: =+'1'!$I$11 -> CUMPLE | I17: =IF(AND(E17="",F17="",G17="",H17=""),"",IF(AND(E17="CUMPLE",F17="CUMPLE",G17="CUMPLE",H17="CUMPLE"),"HABILITADO","INHABILITADO")) -> INHABILITADO | J17: EN LA CERTIFICACIÓN APORTADA POR CONSTRUCCIONES DISEÑOS Y OBRAS CIVILES NO SE DA CUMPLIMIENTO AL LITERAL G DEL NUMERAL 3.5.2 EL CUAL CITA: Para proyectos de infraestructura vial que se hayan realizado fuera del territorio nacional, se consideran “Carreteras primarias” aquellas que sean certificadas por la entidad contratante mediante alguno de los documentos válidos establecidos en el numeral 3.5.6 del pliego de condiciones, siempre que se indique que el ancho de calzada es mayor o igual a siete (7.0) metros, y/o que se acrediten tres o más carriles vehiculares por calzada.
A18: 8 | B18: =+PROPONENTES!B17 -> CONSORCIO VIAL LA ROCA USAQUEN 2024 | C18: =+PROPONENTES!M17 -> 2 | D18: =+PROPONENTES!N17 -> 1 | E18: =+KRESIDUAL!C11 -> CUMPLE | F18: =+'8'!$I$11 -> CUMPLE | G18: NO CUMPLE | H18: =+'1'!$I$11 -> CUMPLE | I18: =IF(AND(E18="",F18="",G18="",H18=""),"",IF(AND(E18="CUMPLE",F18="CUMPLE",G18="CUMPLE",H18="CUMPLE"),"HABILITADO","INHABILITADO")) -> INHABILITADO
A19: 9 | B19: =+PROPONENTES!B18 -> Consorcio LG | C19: =+PROPONENTES!M18 -> 3 | D19: =+PROPONENTES!N18 -> 1 | E19: =+KRESIDUAL!C12 -> CUMPLE | F19: =+'9'!$I$11 -> NO CUMPLE | G19: =+'1'!$I$11 -> CUMPLE | H19: =+'1'!$I$11 -> CUMPLE | I19: =IF(AND(E19="",F19="",G19="",H19=""),"",IF(AND(E19="CUMPLE",F19="CUMPLE",G19="CUMPLE",H19="CUMPLE"),"HABILITADO","INHABILITADO")) -> INHABILITADO | J19: NO CUMPLE EL PROPONENTE AG3 NO APORTA EL 5% DE LA EXPERIENCIA, DE ACUERDO CON EL PLIEGO DE CONDICIONES: D. Tratándose de Proponentes Plurales se tendrá en cuenta lo siguiente: i) uno de los integrantes debe aportar como mínimo el cincuenta por ciento (50 %) de la experiencia solicitada; ii) los demás integrantes deben acreditar al menos el cinco por ciento (5 %) de la experiencia solicitada; y iii) sin perjuicio de lo anterior, solo uno (1) de los integrantes, si así lo considera pertinente, podrá no acreditar experiencia. En este último caso, el porcentaje de participación del integrante que no aporta experiencia en la estructura plural no podrá superar el diez por ciento (10 %).
A20: 10 | B20: =+PROPONENTES!B19 -> CONSORCIO VIAL URBANO DC | C20: =+PROPONENTES!M19 -> 2 | D20: =+PROPONENTES!N19 -> 1 | E20: =+KRESIDUAL!C13 -> NO CUMPLE | F20: =+'10'!$I$11 -> NO CUMPLE | G20: =+'1'!$I$11 -> CUMPLE | H20: =+'1'!$I$11 -> CUMPLE | I20: =IF(AND(E20="",F20="",G20="",H20=""),"",IF(AND(E20="CUMPLE",F20="CUMPLE",G20="CUMPLE",H20="CUMPLE"),"HABILITADO","INHABILITADO")) -> INHABILITADO | J20: SUBSANAR: CONTRATO IDENTIFICADO EN EL RUP CON EL NO. 36: NO SE EVIDENCIA EN LOS DOCUMENTOS ALLEGADOS POR EL PROPONENTE EL CUMPLIMIENTO DE LA EXPERIENCIA ESPECIFICA: Por lo menos uno (1) de los contratos válidos aportados como experiencia general donde haya realizado actividades de diagnóstico y/o estudios y diseños, para actividades de conservación de vías. CONTRATO IDENTIFICADO EN EL RUP CON EL NO. 39: EN LOS DOCUMENTOS ALLEGADOS NO ES POSIBLE EVIDENCIAR SI LAS VIAS INTERVENIDAS EN EL CONTRATOS SON VÍAS URBANAS O DE VÍAS PRIMARIAS O SECUNDARIAS. TAMPOCO SE PUEDE EVIDENCIAR EL CUMPLIMIENTO DE LA EXPERIENCIA ESPECIFICA. TAMPOCO SE EANEXA LA DOCUMENTACIÓN DEL REVISOR FISCAL (TARJETA Y CERTIFICADO) NO CUMPLE CON LA CAPACIDAD RESIDUAL
A21: 11 | B21: =+PROPONENTES!B20 -> CONSTRUCTORA CAMACON S.A.S | C21: =+PROPONENTES!M20 -> 1 | D21: =+PROPONENTES!N20 -> 1 | E21: =+KRESIDUAL!C14 -> CUMPLE | F21: =+'11'!$I$11 -> CUMPLE | G21: NO CUMPLE | H21: =+'1'!$I$11 -> CUMPLE | I21: =IF(AND(E21="",F21="",G21="",H21=""),"",IF(AND(E21="CUMPLE",F21="CUMPLE",G21="CUMPLE",H21="CUMPLE"),"HABILITADO","INHABILITADO")) -> INHABILITADO
A22: 12 | B22: =+PROPONENTES!B21 -> CONSORCIO LA VICTORIA 2024 | C22: =+PROPONENTES!M21 -> 2 | D22: =+PROPONENTES!N21 -> 1 | E22: =+KRESIDUAL!C15 -> CUMPLE | F22: =+'12'!$I$11 -> CUMPLE | G22: =+'12'!$I$11 -> CUMPLE | H22: =+'1'!$I$11 -> CUMPLE | I22: =IF(AND(E22="",F22="",G22="",H22=""),"",IF(AND(E22="CUMPLE",F22="CUMPLE",G22="CUMPLE",H22="CUMPLE"),"HABILITADO","INHABILITADO")) -> HABILITADO
A23: 13 | B23: =+PROPONENTES!B22 -> VIALUSA 2024 | C23: =+PROPONENTES!M22 -> 2 | D23: =+PROPONENTES!N22 -> 1 | E23: =+KRESIDUAL!C16 -> CUMPLE | F23: =+'13'!$I$11 -> CUMPLE | G23: =+'12'!$I$11 -> CUMPLE | H23: =+'1'!$I$11 -> CUMPLE | I23: =IF(AND(E23="",F23="",G23="",H23=""),"",IF(AND(E23="CUMPLE",F23="CUMPLE",G23="CUMPLE",H23="CUMPLE"),"HABILITADO","INHABILITADO")) -> HABILITADO
A24: 14 | B24: =+PROPONENTES!B23 -> 14 CONSORCIO VIAL USAQUEN | C24: =+PROPONENTES!M23 -> 2 | D24: =+PROPONENTES!N23 -> 1 | E24: =+KRESIDUAL!C17 -> CUMPLE | F24: =+'14'!$I$11 -> CUMPLE | G24: NO CUMPLE | H24: =+'1'!$I$11 -> CUMPLE | I24: =IF(AND(E24="",F24="",G24="",H24=""),"",IF(AND(E24="CUMPLE",F24="CUMPLE",G24="CUMPLE",H24="CUMPLE"),"HABILITADO","INHABILITADO")) -> INHABILITADO
A25: 15 | B25: =+PROPONENTES!B24 -> CONSORCIO ZINFRA | C25: =+PROPONENTES!M24 -> 2 | D25: =+PROPONENTES!N24 -> 1 | E25: =+KRESIDUAL!C18 -> CUMPLE | F25: =+'15'!$I$11 -> CUMPLE | G25: NO CUMPLE | H25: =+'1'!$I$11 -> CUMPLE | I25: =IF(AND(E25="",F25="",G25="",H25=""),"",IF(AND(E25="CUMPLE",F25="CUMPLE",G25="CUMPLE",H25="CUMPLE"),"HABILITADO","INHABILITADO")) -> INHABILITADO
A26: 16 | B26: =+PROPONENTES!B25 -> CONSORCIO MANTENIMIENTO VIAL USAQUEN II | C26: =+PROPONENTES!M25 -> 2 | D26: =+PROPONENTES!N25 -> 1 | E26: =+KRESIDUAL!C19 -> CUMPLE | F26: =+'16'!$I$11 -> CUMPLE | G26: NO CUMPLE | H26: =+'1'!$I$11 -> CUMPLE | I26: =IF(AND(E26="",F26="",G26="",H26=""),"",IF(AND(E26="CUMPLE",F26="CUMPLE",G26="CUMPLE",H26="CUMPLE"),"HABILITADO","INHABILITADO")) -> INHABILITADO
A27: 17 | B27: =+PROPONENTES!B26 -> CONSORCIO DAI USAQUEN | C27: =+PROPONENTES!M26 -> 2 | D27: =+PROPONENTES!N26 -> 1 | E27: =+KRESIDUAL!C20 -> CUMPLE | F27: =+'17'!$I$11 -> CUMPLE | G27: NO CUMPLE | H27: =+'1'!$I$11 -> CUMPLE | I27: =IF(AND(E27="",F27="",G27="",H27=""),"",IF(AND(E27="CUMPLE",F27="CUMPLE",G27="CUMPLE",H27="CUMPLE"),"HABILITADO","INHABILITADO")) -> INHABILITADO
A28: 18 | B28: =+PROPONENTES!B27 -> CONSORCIO USAQUEN 002 | C28: =+PROPONENTES!M27 -> 2 | D28: =+PROPONENTES!N27 -> 1 | E28: =+KRESIDUAL!C21 -> NO CUMPLE | F28: =+'18'!$I$11 -> NO CUMPLE | G28: =+'1'!$I$11 -> CUMPLE | H28: =+'1'!$I$11 -> CUMPLE | I28: =IF(AND(E28="",F28="",G28="",H28=""),"",IF(AND(E28="CUMPLE",F28="CUMPLE",G28="CUMPLE",H28="CUMPLE"),"HABILITADO","INHABILITADO")) -> INHABILITADO | J28: SUBSANAR: CONTRATO 2 - CERTIFICADO DE EXPERIENCIA SOLO FIRMADO POR INTERVENTOR, NO POR ENTIDAD. NO SE EVIDENCIA LA FIRMA DE LA ENTIDAD CONTRATANTE, SUBSANAR REMITIR UN DOCUMENTO DONDE EL FONDO PUEDA OBSERVAR QUE EL CONTRATO FUE RECIBIDO A SATISFACCIÓN POR LA ENTIDAD CONTRATANTE Y NO SOLO POR LA INTERVENTORIA. SUBSANAR K RESIDUAL: NO SE ENCONTRARON LOS ESTADOS FINANCIEROS DEL PROPONENTE PARA EL CALCULO DE CAPACIDAD RESIDUAL
A29: 19 | B29: =+PROPONENTES!B28 -> CONSORCIO MALLA VIAL USAQUEN | C29: =+PROPONENTES!M28 -> 2 | D29: =+PROPONENTES!N28 -> 1 | E29: =+KRESIDUAL!C22 -> CUMPLE | F29: =+'19'!$I$11 -> CUMPLE | G29: NO CUMPLE | H29: =+'1'!$I$11 -> CUMPLE | I29: =IF(AND(E29="",F29="",G29="",H29=""),"",IF(AND(E29="CUMPLE",F29="CUMPLE",G29="CUMPLE",H29="CUMPLE"),"HABILITADO","INHABILITADO")) -> INHABILITADO
A30: 20 | B30: =+PROPONENTES!B29 -> CONSORCIO SEGMENTOS VIALES | C30: =+PROPONENTES!M29 -> 3 | D30: =+PROPONENTES!N29 -> 1 | E30: =+KRESIDUAL!C23 -> CUMPLE | F30: =+'20'!$I$11 -> CUMPLE | G30: NO CUMPLE | H30: =+'1'!$I$11 -> CUMPLE | I30: =IF(AND(E30="",F30="",G30="",H30=""),"",IF(AND(E30="CUMPLE",F30="CUMPLE",G30="CUMPLE",H30="CUMPLE"),"HABILITADO","INHABILITADO")) -> INHABILITADO
A31: 21 | B31: =+PROPONENTES!B30 -> CONSORCIO LOCALIDAD USAQUEN | C31: =+PROPONENTES!M30 -> 3 | D31: =+PROPONENTES!N30 -> 1 | E31: =+KRESIDUAL!C24 -> CUMPLE | F31: =+'21'!$I$11 -> NO CUMPLE | G31: NO CUMPLE | H31: =+'1'!$I$11 -> CUMPLE | I31: =IF(AND(E31="",F31="",G31="",H31=""),"",IF(AND(E31="CUMPLE",F31="CUMPLE",G31="CUMPLE",H31="CUMPLE"),"HABILITADO","INHABILITADO")) -> INHABILITADO | J31: SUBSANAR: PARA EL CONTRATO No. 3 con RUP no. 1, no se evidencia la participación del integrante ML CONSTRUCCIONES Y SERVICIOS S.A.S ni su relación con las empresas ingenieria y vias sas o malamo infraestructura sas. las cuales se encuentran como contratistas en el contrato mencionado.
A32: 22 | B32: =+PROPONENTES!B31 -> 22 CONSORCIO VIAL USAQUEN | C32: =+PROPONENTES!M31 -> 4 | D32: =+PROPONENTES!N31 -> 1 | E32: =+KRESIDUAL!C25 -> CUMPLE | F32: =+'22'!$I$11 -> NO CUMPLE | G32: NO CUMPLE | H32: =+'1'!$I$11 -> CUMPLE | I32: =IF(AND(E32="",F32="",G32="",H32=""),"",IF(AND(E32="CUMPLE",F32="CUMPLE",G32="CUMPLE",H32="CUMPLE"),"HABILITADO","INHABILITADO")) -> INHABILITADO | J32: el integrante del proponente: miguel emilio no cumple con el 5% minimo, de acuerdo con el pliego de condiciones: Tratándose de Proponentes Plurales se tendrá en cuenta lo siguiente: i) uno de los integrantes debe aportar como mínimo el cincuenta por ciento (50 %) de la experiencia solicitada; ii) los demás integrantes deben acreditar al menos el cinco por ciento (5 %) de la experiencia solicitada; y iii) sin perjuicio de lo anterior, solo uno (1) de los integrantes, si así lo considera pertinente, podrá no acreditar experiencia. En este último caso, el porcentaje de participación del integrante que no aporta experiencia en la estructura plural no podrá superar el diez por ciento (10 %)
A33: 23 | B33: =+PROPONENTES!B32 -> VD USAQUEN 2024 | C33: =+PROPONENTES!M32 -> 2 | D33: =+PROPONENTES!N32 -> 1 | E33: =+KRESIDUAL!C26 -> CUMPLE | F33: =+'23'!$I$11 -> CUMPLE | G33: NO CUMPLE | H33: =+'1'!$I$11 -> CUMPLE | I33: =IF(AND(E33="",F33="",G33="",H33=""),"",IF(AND(E33="CUMPLE",F33="CUMPLE",G33="CUMPLE",H33="CUMPLE"),"HABILITADO","INHABILITADO")) -> INHABILITADO
A34: 24 | B34: =+PROPONENTES!B33 -> CONSORCIO ZONA 1 | C34: =+PROPONENTES!M29 -> 3 | D34: =+PROPONENTES!N29 -> 1 | E34: =+KRESIDUAL!C27 -> CUMPLE | F34: =+'24'!$I$11 -> CUMPLE | G34: =+'1'!$I$11 -> CUMPLE | H34: =+'1'!$I$11 -> CUMPLE | I34: =IF(AND(E34="",F34="",G34="",H34=""),"",IF(AND(E34="CUMPLE",F34="CUMPLE",G34="CUMPLE",H34="CUMPLE"),"HABILITADO","INHABILITADO")) -> HABILITADO
A35: 25 | B35: =+PROPONENTES!B34 -> CONSORCIO VIAS USAQUEN 2027 | C35: =+PROPONENTES!M30 -> 3 | D35: =+PROPONENTES!N30 -> 1 | E35: =+KRESIDUAL!C28 -> NO CUMPLE | F35: =+'25'!$I$11 -> CUMPLE | G35: NO CUMPLE | H35: =+'1'!$I$11 -> CUMPLE | I35: =IF(AND(E35="",F35="",G35="",H35=""),"",IF(AND(E35="CUMPLE",F35="CUMPLE",G35="CUMPLE",H35="CUMPLE"),"HABILITADO","INHABILITADO")) -> INHABILITADO | J35: SUBSANAR K RESIDUAL: El INTEGRANTE JAIRO ANTONIO OSSA LOPEZ no adjuntó el certificado de capacidad técnica
A36: 26 | B36: =+PROPONENTES!B35 -> ARCO CONSTRUCTORES SAS | C36: =+PROPONENTES!M31 -> 4 | D36: =+PROPONENTES!N31 -> 1 | E36: =+KRESIDUAL!C29 -> CUMPLE | F36: =+'26'!$I$11 -> CUMPLE | G36: NO CUMPLE | H36: =+'1'!$I$11 -> CUMPLE | I36: =IF(AND(E36="",F36="",G36="",H36=""),"",IF(AND(E36="CUMPLE",F36="CUMPLE",G36="CUMPLE",H36="CUMPLE"),"HABILITADO","INHABILITADO")) -> INHABILITADO
A37: 27 | B37: =+PROPONENTES!B36 -> OCCIDENTAL DE COLOMBIA SAS | C37: =+PROPONENTES!M32 -> 2 | D37: =+PROPONENTES!N32 -> 1 | E37: =+KRESIDUAL!C30 -> NO CUMPLE | F37: =+'27'!$I$11 -> NO CUMPLE | G37: =+'1'!$I$11 -> CUMPLE | H37: =+'1'!$I$11 -> CUMPLE | I37: =IF(AND(E37="",F37="",G37="",H37=""),"",IF(AND(E37="CUMPLE",F37="CUMPLE",G37="CUMPLE",H37="CUMPLE"),"HABILITADO","INHABILITADO")) -> INHABILITADO | J37: Se evidencia que el certificado de facturación expedido para acreditar la del contrato PM-BM-25-PBI042 del 2010 que fue suscrito entre particulares, No es allegado con “la copia de la tarjeta profesional y certificado de antecedentes disciplinarios vigente, expedido por la Junta Central de Contadores” del revisor Fiscal HAROLD EDGARDO OJEDA NARVAEZ quien firma y emite este documento. Lo anterior, en cumplimiento de lo establecido en el literal A del numeral 3.5.6. del pliego de condiciones definitivo. SUBSANAR K RESIDUAL: SUBSANAR: los documentos correspondientes a tarjeta profesional y certificado junta de contadores, del revisor fiscal HAROLD EDGARDO OJEDA NARVÁEZ y del contador JOAN SEBASTIAN SAJONERO PEREZ
A38: 28 | B38: =+PROPONENTES!B37 -> CONSORCIO BELZCON - USAQUEN | C38: =+PROPONENTES!M33 -> 2 | D38: =+PROPONENTES!N33 -> 1 | E38: =+KRESIDUAL!C31 -> NO CUMPLE | F38: =+'28'!$I$11 -> CUMPLE | G38: NO CUMPLE | H38: =+'1'!$I$11 -> CUMPLE | I38: =IF(AND(E38="",F38="",G38="",H38=""),"",IF(AND(E38="CUMPLE",F38="CUMPLE",G38="CUMPLE",H38="CUMPLE"),"HABILITADO","INHABILITADO")) -> INHABILITADO | J38: SUBSANAR K RESIDUAL: El oferente debe incluir en el formato 5 (CONTRATOS EN EJECUCIÓN) del integrante BELZCON SAS, la fecha de inicio y de suspensión del contrato No. 4152.010.26.1.002.2023 suscrito con SANTIAGO DE CALI DISTRITO ESPECIAL – SECRETARIA DE MOVILIDAD, ya que sin este dato no se puede realizar el calculo de capacidad residual del oferente.
A39: 29 | B39: =+PROPONENTES!B38 -> CONSORCIO INFRAVIAL 4G | C39: =+PROPONENTES!M34 -> 3 | D39: =+PROPONENTES!N34 -> 1 | E39: =+KRESIDUAL!C32 -> CUMPLE | F39: =+'29'!$I$11 -> CUMPLE | G39: NO CUMPLE | H39: =+'1'!$I$11 -> CUMPLE | I39: =IF(AND(E39="",F39="",G39="",H39=""),"",IF(AND(E39="CUMPLE",F39="CUMPLE",G39="CUMPLE",H39="CUMPLE"),"HABILITADO","INHABILITADO")) -> INHABILITADO
A40: 30 | B40: =+PROPONENTES!B39 -> CONSORCIO VIAS PRO BOGOTA | C40: =+PROPONENTES!M35 -> 1 | D40: =+PROPONENTES!N35 -> 1 | E40: =+KRESIDUAL!C33 -> CUMPLE | F40: =+'30'!$I$11 -> CUMPLE | G40: NO CUMPLE | H40: =+'1'!$I$11 -> CUMPLE | I40: =IF(AND(E40="",F40="",G40="",H40=""),"",IF(AND(E40="CUMPLE",F40="CUMPLE",G40="CUMPLE",H40="CUMPLE"),"HABILITADO","INHABILITADO")) -> INHABILITADO
A41: 31 | B41: =+PROPONENTES!B40 -> CONSORCIO BP VIAS USAQUEN | C41: =+PROPONENTES!M36 -> 1 | D41: =+PROPONENTES!N36 -> 1 | E41: =+KRESIDUAL!C34 -> CUMPLE | F41: =+'31'!$I$11 -> CUMPLE | G41: =+'1'!$I$11 -> CUMPLE | H41: =+'1'!$I$11 -> CUMPLE | I41: =IF(AND(E41="",F41="",G41="",H41=""),"",IF(AND(E41="CUMPLE",F41="CUMPLE",G41="CUMPLE",H41="CUMPLE"),"HABILITADO","INHABILITADO")) -> HABILITADO
A42: 32 | B42: =+PROPONENTES!B41 -> CONSORCIO MALLA VIAL U | C42: =+PROPONENTES!M41 -> 3 | D42: =+PROPONENTES!N41 -> 1 | E42: =+KRESIDUAL!C35 -> CUMPLE | F42: =+'32'!$I$11 -> CUMPLE | G42: NO CUMPLE | H42: =+'1'!$I$11 -> CUMPLE | I42: =IF(AND(E42="",F42="",G42="",H42=""),"",IF(AND(E42="CUMPLE",F42="CUMPLE",G42="CUMPLE",H42="CUMPLE"),"HABILITADO","INHABILITADO")) -> INHABILITADO
A43: 33 | B43: =+PROPONENTES!B42 -> CONSORCIO SANTA ANA 2024 | C43: =+PROPONENTES!M42 -> 4 | D43: =+PROPONENTES!N42 -> 1 | E43: =+KRESIDUAL!C36 -> NO CUMPLE | F43: =+'33'!$I$11 -> CUMPLE | G43: NO CUMPLE | H43: =+'1'!$I$11 -> CUMPLE | I43: =IF(AND(E43="",F43="",G43="",H43=""),"",IF(AND(E43="CUMPLE",F43="CUMPLE",G43="CUMPLE",H43="CUMPLE"),"HABILITADO","INHABILITADO")) -> INHABILITADO | J43: SUBSANAR K RESIDUAL: SUBSANAR: NO FUE POSIBLE REALIZAR EL CALCULO DE LA CAPACIDAD RESIDUAL, YA QUE EN EL FORMATO 5 EL INTEGRANTE CONSTRUCTORA ZURIA SAS NO DILIGENCIA EL MONTO DE LOS CONTRATOS QUE TIENE EN EJECUCIÓN
B46: COMITÉ EVALUADOR FONDO DE DESARROLLO LOCAL DE USAQUEN:

Sheet PONDERACION
A2: ALCALDIA LOCAL DE USAQUEN
C4: OBJETO DE CONTRATO | G4: ='DATOS INICIALES'!D2 -> CONTRATAR POR EL SISTEMA DE PRECIOS UNITARIOS FIJOS Y A MONTO AGOTABLE LA INTERVENCIÓN DE LOS ELEMENTOS DE LA MALLA VIAL LOCAL E INTERMEDIA, ESPACIO PÚBLICO Y CICLOINFRAESTRUCTURA DE LA LOCALIDAD DE USAQUÉN EN BOGOTÁ CON OBRAS Y ACTIVIDADES DE CONSERVACIÓN
C5: VALOR DEL CONTRATO | G5: ='DATOS INICIALES'!G4 -> FDLUSA-LP-002-2024 | M5: ='DATOS INICIALES'!C5 -> 20496577313
A7: =CONCATENATE("RESUMEN DE EVALUACIÓN PUNTAJE - ",'DATOS INICIALES'!G4) -> RESUMEN DE EVALUACIÓN PUNTAJE - FDLUSA-LP-002-2024
A9: No. | B9: NOMBRE DEL PROPONENTE | C9: REQUISITOS HABILITANTES | D9: PUNTAJE FACTOR DE CALIDAD (19 PUNTOS) | G9: PUNTAJE APOYO A LA INDUSTRIA NACIONAL (20 PUNTOS) | H9: PUNTAJE VINCULACIÓN DE PERSONAS CON DISCAPACIDAD (1 PUNTO) | I9: EMPRENDIMIENTOS Y EMPRESAS DE MUJERES (0,25 PUNTOS) | J9: MIPYME DOMICILIADA EN COLOMBIA (0,25 PUNTOS) | K9: PUNTAJE OFERTA ECONÓMICA (59,5 PUNTOS) | L9: PUNTAJE TOTAL | M9: ORDEN DE ELEGIBILIDAD | N9: OBSERVACÓN
D10: P. DE GERENCIA (5 PUNTOS) | E10: MAQUINARIA (5 PUNTOS) | F10: PLAN DE CALIDAD (9 PUNTOS) | G10: FORMATO 9 | H10: FORMATO 8 | I10: FORMATO 12 A
A11: 1 | B11: =+PROPONENTES!B10 -> CONSORCIO EL TAMBILLO | C11: =CONSOLIDADO!I11 -> INHABILITADO | D11: 5 | E11: 5 | F11: 9 | G11: 20 | H11: 1 | I11: 0.25 | J11: 0.25 | L11: =IFERROR(K11+E11+F11+H11+G11+D11+I11+J11,"0") -> 40.5 | M11: =RANK(L11,$L$11:$L$43,0) -> 2
A12: 2 | B12: =+PROPONENTES!B11 -> UNION TEMPORAL VIAL USAQUN 2024 | C12: =CONSOLIDADO!I12 -> INHABILITADO | D12: 5 | E12: 5 | F12: 9 | G12: 0 | H12: 1 | I12: 0.25 | J12: 0.25 | L12: =IFERROR(K12+E12+F12+H12+G12+D12+I12+J12,"0") -> 20.5 | M12: =RANK(L12,$L$11:$L$43,0) -> 28 | N12: FORMATO CON LA INFORMACIÓN DESACTUALIZADA EN LOS BIENES (1 SOLO)
A13: 3 | B13: =+PROPONENTES!B12 -> CONSORCIO CCU | C13: =CONSOLIDADO!I13 -> INHABILITADO | D13: 5 | E13: 5 | F13: 9 | G13: 20 | H13: 1 | I13: 0.25 | J13: 0.25 | L13: =IFERROR(K13+E13+F13+H13+G13+D13+I13+J13,"0") -> 40.5 | M13: =RANK(L13,$L$11:$L$43,0) -> 2
A14: 4 | B14: =+PROPONENTES!B13 -> CONSORCIO MEB VIAL | C14: =CONSOLIDADO!I14 -> INHABILITADO | D14: 5 | E14: 5 | F14: 9 | G14: 20 | H14: 1 | I14: 0.25 | J14: 0.25 | L14: =IFERROR(K14+E14+F14+H14+G14+D14+I14+J14,"0") -> 40.5 | M14: =RANK(L14,$L$11:$L$43,0) -> 2
A15: 5 | B15: =+PROPONENTES!B14 -> CONSORCIO CONSERVACION DK | C15: =CONSOLIDADO!I15 -> INHABILITADO | D15: 5 | E15: 5 | F15: 9 | G15: 20 | H15: 1 | I15: 0.25 | J15: 0.25 | L15: =IFERROR(K15+E15+F15+H15+G15+D15+I15+J15,"0") -> 40.5 | M15: =RANK(L15,$L$11:$L$43,0) -> 2
A16: 6 | B16: =+PROPONENTES!B15 -> CONSORCIO USAQUEN VIAL 2025 | C16: =CONSOLIDADO!I16 -> INHABILITADO | D16: 5 | E16: 5 | F16: 9 | G16: 20 | H16: 1 | I16: 0.25 | J16: 0.25 | L16: =IFERROR(K16+E16+F16+H16+G16+D16+I16+J16,"0") -> 40.5 | M16: =RANK(L16,$L$11:$L$43,0) -> 2 | N16: CERTIFICADO DE VINCULACIÓN PERSONA CON DISCAPACIDAD ESTA CON FECHA DE EXPEDICION DEL 24 DE MAYO DE 2024 CUMPLE CON VIGENCIA Y LO APORTA LA EMPRESA LIBERTY QUIEN APORTA MAS DEL 40% DE LA EXPERIENCIA. SE VERIFICA EL RUP DE LA EMPRESA LIBERTY CONSTRUCTORA DEL CARIBE SAS CON FECHA DEL 23 DE OCTUBRE D E 2024 ENCONTRANDOSE VIGENTE Y FIRME. Y SU ESCALA ES DE MEDIANA EMPRESA
A17: 7 | B17: =+PROPONENTES!B16 -> CONSORCIO VIAS URBANAS | C17: =CONSOLIDADO!I17 -> INHABILITADO | D17: 5 | E17: 5 | F17: 9 | G17: 20 | H17: 1 | I17: 0.25 | J17: 0.25 | L17: =IFERROR(K17+E17+F17+H17+G17+D17+I17+J17,"0") -> 40.5 | M17: =RANK(L17,$L$11:$L$43,0) -> 2 | N17: CERTIFICADO DE VINCULACIÓN PERSONA CON DISCAPACIDAD ESTA CON FECHA DE EXPEDICION DEL 4 DE SEPTIEMBRE DE 2024 CUMPLE CON VIGENCIA, POR LA EMPRESA AXECOL QUIEN APORTA MAS DEL 40% DE EXPERIENCIA . SE VERIFICA EL RUP DE LA EMPRESA AXECOL DEL 23 DE OCTUBRE DE 2024 Y LA EMPRESA CONSTRUCCIONES DISEÑOS Y OBRAS CIVILES SAS CON FECHA 16 DE OCTUBRE DE 2024. SE VERIFICA EN EL RUP CONSTRUCCIONES DISEÑOS Y OBRAS CIBVILES MEDIANA EMPRESA Y AXECOL MICROEMPRESA
A18: 8 | B18: =+PROPONENTES!B17 -> CONSORCIO VIAL LA ROCA USAQUEN 2024 | C18: =CONSOLIDADO!I18 -> INHABILITADO | D18: 5 | E18: 5 | F18: 9 | G18: 0 | H18: 1 | I18: 0.25 | J18: 0.25 | L18: =IFERROR(K18+E18+F18+H18+G18+D18+I18+J18,"0") -> 20.5 | M18: =RANK(L18,$L$11:$L$43,0) -> 28 | N18: EL FORMATO 9 DE BIENES Y SERVICIOS NO FUE ACTUALIZADO SEGUN RESPUESTAS INFORMADAS POR EL FDLUSA. CERTIFICADO DE VINCULACIÓN PERSONA CON DISCAPACIDAD ESTA CON FECHA DE EXPEDICION DEL 21 DE AGOSTO DE 2024 CUMPLE CON VIGENCIA, POR LA EMPRESA COPAVICOL QUIEN APORTA MAS DEL 40% DE EXPERIENCIA. RUP VIGENTE Y EN FIRME
A19: 9 | B19: =+PROPONENTES!B18 -> Consorcio LG | C19: =CONSOLIDADO!I19 -> INHABILITADO | D19: 5 | E19: 5 | F19: 9 | G19: 0 | H19: 1 | I19: 0.25 | J19: 0.25 | L19: =IFERROR(K19+E19+F19+H19+G19+D19+I19+J19,"0") -> 20.5 | M19: =RANK(L19,$L$11:$L$43,0) -> 28 | N19: EL FORMATO 9 NO CORRESPONDE AL EXIGIDO POR LA ENTIDAD. EL RUP DE GUTIERREZ AURELIO CASTILLO FECHA DEL 30 DE SEPTIEMBRE DE 2024, RUP AG3 INGENIERIA SAS DEL 30 DE SEPTIEMBRE DE 2024, INTERLOMAS DEL 22 DE OCTUBRE DE 2024. LA CERTIFICACION DE DISCAPACIDAD SE ENCUENTRA VIGENTE Y LO APORTA GUTIERREZ AURELIO CASTILLO QUIEN APORTA MAS DEL 40% DE EXPERIENCIA
A20: 10 | B20: =+PROPONENTES!B19 -> CONSORCIO VIAL URBANO DC | C20: =CONSOLIDADO!I20 -> INHABILITADO | D20: 5 | E20: 5 | F20: 9 | G20: 20 | H20: 1 | I20: 0.25 | J20: 0.25 | L20: =IFERROR(K20+E20+F20+H20+G20+D20+I20+J20,"0") -> 40.5 | M20: =RANK(L20,$L$11:$L$43,0) -> 2
A21: 11 | B21: =+PROPONENTES!B20 -> CONSTRUCTORA CAMACON S.A.S | C21: =CONSOLIDADO!I21 -> INHABILITADO | D21: 5 | E21: 5 | F21: 9 | G21: 20 | H21: 1 | I21: 0.25 | J21: 0.25 | L21: =IFERROR(K21+E21+F21+H21+G21+D21+I21+J21,"0") -> 40.5 | M21: =RANK(L21,$L$11:$L$43,0) -> 2
A22: 12 | B22: =+PROPONENTES!B21 -> CONSORCIO LA VICTORIA 2024 | C22: =CONSOLIDADO!I22 -> HABILITADO | D22: 5 | E22: 5 | F22: 9 | G22: 0 | H22: 1 | I22: 0.25 | J22: 0.25 | L22: =IFERROR(K22+E22+F22+H22+G22+D22+I22+J22,"0") -> 20.5 | M22: =RANK(L22,$L$11:$L$43,0) -> 28 | N22: FORMATO CON LA INFORMACIÓN DESACTUALIZADA EN LOS BIENES
A23: 13 | B23: =+PROPONENTES!B22 -> VIALUSA 2024 | C23: =CONSOLIDADO!I23 -> HABILITADO | D23: 5 | E23: 5 | F23: 9 | G23: 20 | H23: 1 | I23: 0.25 | J23: 0.25 | L23: =IFERROR(K23+E23+F23+H23+G23+D23+I23+J23,"0") -> 40.5 | M23: =RANK(L23,$L$11:$L$43,0) -> 2
A24: 14 | B24: =+PROPONENTES!B23 -> 14 CONSORCIO VIAL USAQUEN | C24: =CONSOLIDADO!I24 -> INHABILITADO | D24: 5 | E24: 5 | F24: 9 | G24: 20 | H24: 1 | I24: 0.25 | J24: 0.25 | L24: =IFERROR(K24+E24+F24+H24+G24+D24+I24+J24,"0") -> 40.5 | M24: =RANK(L24,$L$11:$L$43,0) -> 2
A25: 15 | B25: =+PROPONENTES!B24 -> CONSORCIO ZINFRA | C25: =CONSOLIDADO!I25 -> INHABILITADO | D25: 5 | E25: 5 | F25: 9 | G25: 20 | H25: 1 | I25: 0.25 | J25: 0.25 | L25: =IFERROR(K25+E25+F25+H25+G25+D25+I25+J25,"0") -> 40.5 | M25: =RANK(L25,$L$11:$L$43,0) -> 2
A26: 16 | B26: =+PROPONENTES!B25 -> CONSORCIO MANTENIMIENTO VIAL USAQUEN II | C26: =CONSOLIDADO!I26 -> INHABILITADO | D26: 5 | E26: 5 | F26: 9 | G26: 20 | H26: 1 | I26: 0.25 | J26: 0.25 | L26: =IFERROR(K26+E26+F26+H26+G26+D26+I26+J26,"0") -> 40.5 | M26: =RANK(L26,$L$11:$L$43,0) -> 2
A27: 17 | B27: =+PROPONENTES!B26 -> CONSORCIO DAI USAQUEN | C27: =CONSOLIDADO!I27 -> INHABILITADO | D27: 5 | E27: 5 | F27: 9 | G27: 20 | H27: 1 | I27: 0.25 | J27: 0.25 | L27: =IFERROR(K27+E27+F27+H27+G27+D27+I27+J27,"0") -> 40.5 | M27: =RANK(L27,$L$11:$L$43,0) -> 2
A28: 18 | B28: =+PROPONENTES!B27 -> CONSORCIO USAQUEN 002 | C28: =CONSOLIDADO!I28 -> INHABILITADO | D28: 5 | E28: 5 | F28: 9 | G28: 20 | H28: 1 | I28: 0.25 | J28: 0.25 | L28: =IFERROR(K28+E28+F28+H28+G28+D28+I28+J28,"0") -> 40.5 | M28: =RANK(L28,$L$11:$L$43,0) -> 2
A29: 19 | B29: =+PROPONENTES!B28 -> CONSORCIO MALLA VIAL USAQUEN | C29: =CONSOLIDADO!I29 -> INHABILITADO | D29: 5 | E29: 5 | F29: 9 | G29: 0 | H29: 1 | I29: 0.25 | J29: 0.25 | L29: =IFERROR(K29+E29+F29+H29+G29+D29+I29+J29,"0") -> 20.5 | M29: =RANK(L29,$L$11:$L$43,0) -> 28 | N29: *ERROR EN FORMATO 9
A30: 20 | B30: =+PROPONENTES!B29 -> CONSORCIO SEGMENTOS VIALES | C30: =CONSOLIDADO!I30 -> INHABILITADO | D30: 5 | E30: 5 | F30: 9 | G30: 20 | H30: 1 | I30: 0.25 | J30: 0.25 | L30: =IFERROR(K30+E30+F30+H30+G30+D30+I30+J30,"0") -> 40.5 | M30: =RANK(L30,$L$11:$L$43,0) -> 2
A31: 21 | B31: =+PROPONENTES!B30 -> CONSORCIO LOCALIDAD USAQUEN | C31: =CONSOLIDADO!I31 -> INHABILITADO | D31: 5 | E31: 5 | F31: 9 | G31: 0 | H31: 1 | I31: 0.25 | J31: 0.25 | L31: =IFERROR(K31+E31+F31+H31+G31+D31+I31+J31,"0") -> 20.5 | M31: =RANK(L31,$L$11:$L$43,0) -> 28 | N31: * ERROR EN FORMATO 9.
A32: 22 | B32: =+PROPONENTES!B31 -> 22 CONSORCIO VIAL USAQUEN | C32: =CONSOLIDADO!I32 -> INHABILITADO | D32: 5 | E32: 5 | F32: 9 | G32: 20 | H32: 1 | I32: 0.25 | J32: 0.25 | L32: =IFERROR(K32+E32+F32+H32+G32+D32+I32+J32,"0") -> 40.5 | M32: =RANK(L32,$L$11:$L$43,0) -> 2
A33: 23 | B33: =+PROPONENTES!B32 -> VD USAQUEN 2024 | C33: =CONSOLIDADO!I33 -> INHABILITADO | D33: 5 | E33: 5 | F33: 9 | G33: 20 | H33: 1 | I33: 0.25 | J33: 0.25 | L33: =IFERROR(K33+E33+F33+H33+G33+D33+I33+J33,"0") -> 40.5 | M33: =RANK(L33,$L$11:$L$43,0) -> 2
A34: 24 | B34: =+PROPONENTES!B33 -> CONSORCIO ZONA 1 | C34: =CONSOLIDADO!I34 -> HABILITADO | D34: 5 | E34: 5 | F34: 9 | G34: 20 | H34: 1 | I34: 0.25 | J34: 0.25 | L34: =IFERROR(K34+E34+F34+H34+G34+D34+I34+J34,"0") -> 40.5 | M34: =RANK(L34,$L$11:$L$43,0) -> 2
A35: 25 | B35: =+PROPONENTES!B34 -> CONSORCIO VIAS USAQUEN 2027 | C35: =CONSOLIDADO!I35 -> INHABILITADO | D35: 5 | E35: 0 | F35: 9 | G35: 20 | H35: 1 | I35: 0.25 | J35: 0.25 | L35: =IFERROR(K35+E35+F35+H35+G35+D35+I35+J35,"0") -> 35.5 | M35: =RANK(L35,$L$11:$L$43,0) -> 27 | N35: NO SE EVIDENCIA EL FORMATO 7B_ MAQUINARIA (5 PUNTOS)
A36: 26 | B36: =+PROPONENTES!B35 -> ARCO CONSTRUCTORES SAS | C36: =CONSOLIDADO!I36 -> INHABILITADO | D36: 5 | E36: 5 | F36: 9 | G36: 20 | H36: 1 | I36: 0.25 | J36: 0.25 | L36: =IFERROR(K36+E36+F36+H36+G36+D36+I36+J36,"0") -> 40.5 | M36: =RANK(L36,$L$11:$L$43,0) -> 2
A37: 27 | B37: =+PROPONENTES!B36 -> OCCIDENTAL DE COLOMBIA SAS | C37: =CONSOLIDADO!I37 -> INHABILITADO | D37: 5 | E37: 5 | F37: 9 | G37: 20 | H37: 1 | I37: 0.25 | J37: 0.25 | L37: =IFERROR(K37+E37+F37+H37+G37+D37+I37+J37,"0") -> 40.5 | M37: =RANK(L37,$L$11:$L$43,0) -> 2
A38: 28 | B38: =+PROPONENTES!B37 -> CONSORCIO BELZCON - USAQUEN | C38: =CONSOLIDADO!I38 -> INHABILITADO | D38: 5 | E38: 5 | F38: 9 | G38: 20 | H38: 1 | I38: 0.25 | J38: 0.25 | L38: =IFERROR(K38+E38+F38+H38+G38+D38+I38+J38,"0") -> 40.5 | M38: =RANK(L38,$L$11:$L$43,0) -> 2
A39: 29 | B39: =+PROPONENTES!B38 -> CONSORCIO INFRAVIAL 4G | C39: =CONSOLIDADO!I39 -> INHABILITADO | D39: 5 | E39: 5 | F39: 9 | G39: 20 | H39: 1 | I39: 0.25 | J39: 0.25 | L39: =IFERROR(K39+E39+F39+H39+G39+D39+I39+J39,"0") -> 40.5 | M39: =RANK(L39,$L$11:$L$43,0) -> 2
A40: 30 | B40: =+PROPONENTES!B39 -> CONSORCIO VIAS PRO BOGOTA | C40: =CONSOLIDADO!I40 -> INHABILITADO | D40: 5 | E40: 5 | F40: 9 | G40: 20 | H40: 1 | I40: 0.25 | J40: 0.25 | L40: =IFERROR(K40+E40+F40+H40+G40+D40+I40+J40,"0") -> 40.5 | M40: =RANK(L40,$L$11:$L$43,0) -> 2
A41: 31 | B41: =+PROPONENTES!B40 -> CONSORCIO BP VIAS USAQUEN | C41: =CONSOLIDADO!I41 -> HABILITADO | D41: 5 | E41: 5 | F41: 9 | G41: 20 | H41: 1 | I41: 0.25 | J41: 0.25 | L41: =IFERROR(K41+E41+F41+H41+G41+D41+I41+J41,"0") -> 40.5 | M41: =RANK(L41,$L$11:$L$43,0) -> 2
A42: 32 | B42: =+PROPONENTES!B41 -> CONSORCIO MALLA VIAL U | C42: =CONSOLIDADO!I42 -> INHABILITADO | D42: 5 | E42: 5 | F42: 9 | G42: 20 | H42: 1 | I42: 0.25 | J42: 0.25 | L42: =IFERROR(K42+E42+F42+H42+G42+D42+I42+J42,"0") -> 40.5 | M42: =RANK(L42,$L$11:$L$43,0) -> 2
A43: 33 | B43: =+PROPONENTES!B42 -> CONSORCIO SANTA ANA 2024 | C43: =CONSOLIDADO!I43 -> INHABILITADO | D43: 5 | E43: 5 | F43: 9 | G43: 20 | H43: 1 | I43: 1 | J43: 1 | L43: =IFERROR(K43+E43+F43+H43+G43+D43+I43+J43,"0") -> 42 | M43: =RANK(L43,$L$11:$L$43,0) -> 1
B46: EVALUADORES COMITÉ TECNICOS AREA DE INFRAESTRUCTURA FONDO DE DESARROLLO LOCAL DE USAQUEN:

Sheet KRESIDUAL
A3: # | B3: PROPONENTE | C3: CUMPLE/NO CUMPLE | D3: K_RESIDUAL
A4: 1 | B4: =+PROPONENTES!B10 -> CONSORCIO EL TAMBILLO | C4: CUMPLE
A5: 2 | B5: =+PROPONENTES!B11 -> UNION TEMPORAL VIAL USAQUN 2024 | C5: CUMPLE
A6: 3 | B6: =+PROPONENTES!B12 -> CONSORCIO CCU | C6: CUMPLE
A7: 4 | B7: =+PROPONENTES!B13 -> CONSORCIO MEB VIAL | C7: CUMPLE
A8: 5 | B8: =+PROPONENTES!B14 -> CONSORCIO CONSERVACION DK | C8: CUMPLE
A9: 6 | B9: =+PROPONENTES!B15 -> CONSORCIO USAQUEN VIAL 2025 | C9: CUMPLE
A10: 7 | B10: =+PROPONENTES!B16 -> CONSORCIO VIAS URBANAS | C10: CUMPLE
A11: 8 | B11: =+PROPONENTES!B17 -> CONSORCIO VIAL LA ROCA USAQUEN 2024 | C11: CUMPLE
A12: 9 | B12: =+PROPONENTES!B18 -> Consorcio LG | C12: CUMPLE
A13: 10 | B13: =+PROPONENTES!B19 -> CONSORCIO VIAL URBANO DC | C13: NO CUMPLE
A14: 11 | B14: =+PROPONENTES!B20 -> CONSTRUCTORA CAMACON S.A.S | C14: CUMPLE
A15: 12 | B15: =+PROPONENTES!B21 -> CONSORCIO LA VICTORIA 2024 | C15: CUMPLE
... A20: 17 | B20: =+PROPONENTES!B26 -> CONSORCIO DAI USAQUEN | C20: CUMPLE
A21: 18 | B21: =+PROPONENTES!B27 -> CONSORCIO USAQUEN 002 | C21: NO CUMPLE | D21: SUBSANAR: NO SE ENCONTRARON LOS ESTADOS FINANCIEROS DEL PROPONENTE PARA EL CALCULO DE CAPACIDAD RESIDUAL
A22: 19 | B22: =+PROPONENTES!B28 -> CONSORCIO MALLA VIAL USAQUEN | C22: CUMPLE
A23: 20 | B23: =+PROPONENTES!B29 -> CONSORCIO SEGMENTOS VIALES | C23: CUMPLE
A24: 21 | B24: =+PROPONENTES!B30 -> CONSORCIO LOCALIDAD USAQUEN | C24: CUMPLE
A25: 22 | B25: =+PROPONENTES!B31 -> 22 CONSORCIO VIAL USAQUEN | C25: CUMPLE
A26: 23 | B26: =+PROPONENTES!B32 -> VD USAQUEN 2024 | C26: CUMPLE
A27: 24 | B27: =+PROPONENTES!B33 -> CONSORCIO ZONA 1 | C27: CUMPLE
A28: 25 | B28: =+PROPONENTES!B34 -> CONSORCIO VIAS USAQUEN 2027 | C28: NO CUMPLE | D28: SUBSANAR: El INTEGRANTE JAIRO ANTONIO OSSA LOPEZ no adjuntó el certificado de capacidad técnica
A29: 26 | B29: =+PROPONENTES!B35 -> ARCO CONSTRUCTORES SAS | C29: CUMPLE
A30: 27 | B30: =+PROPONENTES!B36 -> OCCIDENTAL DE COLOMBIA SAS | C30: NO CUMPLE | D30: SUBSANAR: los documentos correspondientes a tarjeta profesional y certificado junta de contadores, del revisor fiscal HAROLD EDGARDO OJEDA NARVÁEZ y del contador JOAN SEBASTIAN SAJONERO PEREZ
A31: 28 | B31: =+PROPONENTES!B37 -> CONSORCIO BELZCON - USAQUEN | C31: NO CUMPLE | D31: SUBSANAR: El oferente debe incluir en el formato 5 (CONTRATOS EN EJECUCIÓN) del integrante BELZCON SAS, la fecha de inicio y de suspensión del contrato No. 4152.010.26.1.002.2023 suscrito con SANTIAGO DE CALI DISTRITO ESPECIAL – SECRETARIA DE MOVILIDAD, ya que sin este dato no se puede realizar el calculo de capacidad residual del oferente.
A32: 29 | B32: =+PROPONENTES!B38 -> CONSORCIO INFRAVIAL 4G | C32: CUMPLE
A33: 30 | B33: =+PROPONENTES!B39 -> CONSORCIO VIAS PRO BOGOTA | C33: CUMPLE
A34: 31 | B34: =+PROPONENTES!B40 -> CONSORCIO BP VIAS USAQUEN | C34: CUMPLE
A35: 32 | B35: =+PROPONENTES!B41 -> CONSORCIO MALLA VIAL U | C35: CUMPLE
A36: 33 | B36: =+PROPONENTES!B42 -> CONSORCIO SANTA ANA 2024 | C36: NO CUMPLE | D36: SUBSANAR: NO FUE POSIBLE REALIZAR EL CALCULO DE LA CAPACIDAD RESIDUAL, YA QUE EN EL FORMATO 5 EL INTEGRANTE CONSTRUCTORA ZURIA SAS NO DILIGENCIA EL MONTO DE LOS CONTRATOS QUE TIENE EN EJECUCIÓN

Sheet 1
B2: ALCALDIA LOCAL DE USAQUEN
B4: ='DATOS INICIALES'!G4 -> FDLUSA-LP-002-2024
B6: Ciudad | C6: BOGOTÁ D.C | D6: Fecha de Evaluación | E6: 45592 | G6: Fecha de Cierre | H6: 45590
B7: DATOS GENERALES | J7: VALOR MINIMO A CERTIFICAR
B8: OBJETO DE LA CONVOCATORIA | C8: ='DATOS INICIALES'!D2 -> CONTRATAR POR EL SISTEMA DE PRECIOS UNITARIOS FIJOS Y A MONTO AGOTABLE LA INTERVENCIÓN DE LOS ELEMENTOS DE LA MALLA VIAL LOCAL E INTERMEDIA, ESPACIO PÚBLICO Y CICLOINFRAESTRUCTURA DE LA LOCALIDAD DE USAQUÉN EN BOGOTÁ CON OBRAS Y ACTIVIDADES DE CONSERVACIÓN | J8: DE 1 HASTA 2 | K8: 0.75 | L8: =K8*$C$10 -> 11824.948
B9: VALOR DEL PROCESO EN PESOS | C9: =+'DATOS INICIALES'!C5 -> 20496577313 | J9: DE 3 HASTA 4 | K9: 1.2 | L9: =K9*$C$10 -> 18919.918
B10: VALOR DEL PROCESO EN SMMLV | C10: =C9/'DATOS INICIALES'!B44 -> 15766.598 | J10: HASTA 5, 6 o 7 | K10: 1.5 | L10: =K10*$C$10 -> 23649.897
B11: PROPONENTE | C11: =+PROPONENTES!B10 -> CONSORCIO EL TAMBILLO | H11: CONCEPTO FINAL | I11: =IF(AND(F20="CUMPLE",G20="CUMPLE",H20="CUMPLE",L15="CUMPLE",K19="CUMPLE"),"CUMPLE","NO CUMPLE") -> CUMPLE
B13: ACREDITACIÓN DE EXPERIENCIA FIGURA ASOCIATIVA
B14: MIEMBRO UNICO O INTEGRANTES DEL CONSORCIO O UNION TEMPORAL. | C14: INTEGRANTE | D14: % PARTICIPACIÓN | E14: EXPERIENCIA TOTAL APORTADA | F14: ¿AL MENOS UNO APORTA EL 50% DE EXPERIENCIA? | G14: ¿APORTA MÍNIMO EL 5% DE EXPERIENCIA? | H14: SI NO APORTA ¿TIENE COMO MAXIMO EL 10% DE PARTICIPACIÓN? | I14: TOTAL CONTRATOS VÁLIDOS | J14: VALOR TOTAL A ACREDITAR (SMMLV) | K14: VALOR TOTAL ACREDITADO (SMMLV) | L14: CONCEPTO
C15: =IF(VLOOKUP(C11,PROPONENTES!B10:N44,2,FALSE)=0,"",VLOOKUP(C11,PROPONENTES!B10:N44,2,FALSE)) -> ISAIAS VARGAS GONZALEZ | D15: =IF(VLOOKUP(C11,PROPONENTES!B10:N44,3,FALSE)=0,"",VLOOKUP(C11,PROPONENTES!B10:N44,3,FALSE)) -> 0.5 | E15: =IF(C15="","",IF($D$66="CUMPLE",IF(C15=$D$24,$D$39)+IF(C15=$D$25,$D$42)+IF(C15=$D$26,$D$45))+IF($E$66="CUMPLE",IF(C15=$E$24,$E$39)+IF(C15=$E$25,$E$42)+IF(C15=$E$26,$E$45))+IF($F$66="CUMPLE",IF(C15=$F$24,$F$39)+IF(C15=$F$25,$F$42)+IF(C15=$F$26,$F$45))+IF($G$66="CUMPLE",IF(C15=$G$24,$G$39)+IF(C15=$G$25,$G$42)+IF(C15=$G$26,$G$45))+IF($H$66="CUMPLE",IF(C15=$H$24,$H$39)+IF(C15=$H$25,$H$42)+IF(C15=$H$26,$H$45))+IF($I$66="CUMPLE",IF(C15=$I$24,$I$39)+IF(C15=$I$25,$I$42)+IF(C15=$I$26,$I$45))+IF($J$66="CUMPLE",IF(C15=$J$24,$J$39)+IF(C15=$J$25,$J$42)+IF(C15=$J$26,$J$45))) -> 6908.461 | F15: =IF(C15="","",IF(E15>=$J$15*0.5,"SI","NO")) -> SI | G15: =IF(C15="","",IF(E15>=$J$15*0.05,"SI",IF(E15=0,"NO APORTA EXPERIENCIA",))) -> SI | H15: =IF(C15="","",IF(AND(G15="NO APORTA EXPERIENCIA",D15<=10%),"SI",IF(G15="SI","NO APLICA","NO - PORCENTAJE MAYOR AL 10%"))) -> NO APLICA | I15: 2 | J15: =IF(AND(I15>=1,I15<=2),L8,IF(AND(I15>=3,I15<=4),L9,IF(AND(I15>=5,I15<=7),L10))) -> 11824.948 | K15: =+E20 -> 13816.922 | L15: =IF(K15>=J15,"CUMPLE","NO CUMPLE") -> CUMPLE
C16: =IF(VLOOKUP(C11,PROPONENTES!B10:N44,4,FALSE)=0,"",VLOOKUP(C11,PROPONENTES!B10:N44,4,FALSE)) -> V & M INGENIERIA S.A.S. | D16: =IF(VLOOKUP(C11,PROPONENTES!B10:N44,5,FALSE)=0,"",VLOOKUP(C11,PROPONENTES!B10:N44,5,FALSE)) -> 0.5 | E16: =IF(C16="","",IF($D$66="CUMPLE",IF(C16=$D$24,$D$39)+IF(C16=$D$25,$D$42)+IF(C16=$D$26,$D$45))+IF($E$66="CUMPLE",IF(C16=$E$24,$E$39)+IF(C16=$E$25,$E$42)+IF(C16=$E$26,$E$45))+IF($F$66="CUMPLE",IF(C16=$F$24,$F$39)+IF(C16=$F$25,$F$42)+IF(C16=$F$26,$F$45))+IF($G$66="CUMPLE",IF(C16=$G$24,$G$39)+IF(C16=$G$25,$G$42)+IF(C16=$G$26,$G$45))+IF($H$66="CUMPLE",IF(C16=$H$24,$H$39)+IF(C16=$H$25,$H$42)+IF(C16=$H$26,$H$45))+IF($I$66="CUMPLE",IF(C16=$I$24,$I$39)+IF(C16=$I$25,$I$42)+IF(C16=$I$26,$I$45))+IF($J$66="CUMPLE",IF(C16=$J$24,$J$39)+IF(C16=$J$25,$J$42)+IF(C16=$J$26,$J$45))) -> 6908.461 | F16: =IF(C16="","",IF(E16>=$J$15*0.5,"SI","NO")) -> SI | G16: =IF(C16="","",IF(E16>=$J$15*0.05,"SI",IF(E16=0,"NO APORTA EXPERIENCIA",))) -> SI | H16: =IF(C16="","",IF(AND(G16="NO APORTA EXPERIENCIA",D16<=10%),"SI",IF(G16="SI","NO APLICA","NO - PORCENTAJE MAYOR AL 10%"))) -> NO APLICA
C17: =IF(VLOOKUP(C11,PROPONENTES!B10:N44,6,FALSE)=0,"",VLOOKUP(C11,PROPONENTES!B10:N44,6,FALSE)) | D17: =IF(VLOOKUP(C11,PROPONENTES!B10:N44,7,FALSE)=0,"",VLOOKUP(C11,PROPONENTES!B10:N44,7,FALSE)) | E17: =IF(C17="","",IF($D$66="CUMPLE",IF(C17=$D$24,$D$39)+IF(C17=$D$25,$D$42)+IF(C17=$D$26,$D$45))+IF($E$66="CUMPLE",IF(C17=$E$24,$E$39)+IF(C17=$E$25,$E$42)+IF(C17=$E$26,$E$45))+IF($F$66="CUMPLE",IF(C17=$F$24,$F$39)+IF(C17=$F$25,$F$42)+IF(C17=$F$26,$F$45))+IF($G$66="CUMPLE",IF(C17=$G$24,$G$39)+IF(C17=$G$25,$G$42)+IF(C17=$G$26,$G$45))+IF($H$66="CUMPLE",IF(C17=$H$24,$H$39)+IF(C17=$H$25,$H$42)+IF(C17=$H$26,$H$45))+IF($I$66="CUMPLE",IF(C17=$I$24,$I$39)+IF(C17=$I$25,$I$42)+IF(C17=$I$26,$I$45))+IF($J$66="CUMPLE",IF(C17=$J$24,$J$39)+IF(C17=$J$25,$J$42)+IF(C17=$J$26,$J$45))) | F17: =IF(C17="","",IF(E17>=$J$15*0.5,"SI","NO")) | G17: =IF(C17="","",IF(E17>=$J$15*0.05,"SI",IF(E17=0,"NO APORTA EXPERIENCIA",))) | H17: =IF(C17="","",IF(AND(G17="NO APORTA EXPERIENCIA",D17<=10%),"SI",IF(G17="SI","NO APLICA","NO - PORCENTAJE MAYOR AL 10%")))
C18: =IF(VLOOKUP(C11,PROPONENTES!B10:N44,8,FALSE)=0,"",VLOOKUP(C11,PROPONENTES!B10:N44,8,FALSE)) | D18: =IF(VLOOKUP(C11,PROPONENTES!B10:N44,9,FALSE)=0,"",VLOOKUP(C11,PROPONENTES!B10:N44,9,FALSE)) | E18: =IF(C18="","",IF($D$66="CUMPLE",IF(C18=$D$24,$D$39)+IF(C18=$D$25,$D$42)+IF(C18=$D$26,$D$45))+IF($E$66="CUMPLE",IF(C18=$E$24,$E$39)+IF(C18=$E$25,$E$42)+IF(C18=$E$26,$E$45))+IF($F$66="CUMPLE",IF(C18=$F$24,$F$39)+IF(C18=$F$25,$F$42)+IF(C18=$F$26,$F$45))+IF($G$66="CUMPLE",IF(C18=$G$24,$G$39)+IF(C18=$G$25,$G$42)+IF(C18=$G$26,$G$45))+IF($H$66="CUMPLE",IF(C18=$H$24,$H$39)+IF(C18=$H$25,$H$42)+IF(C18=$H$26,$H$45))+IF($I$66="CUMPLE",IF(C18=$I$24,$I$39)+IF(C18=$I$25,$I$42)+IF(C18=$I$26,$I$45))+IF($J$66="CUMPLE",IF(C18=$J$24,$J$39)+IF(C18=$J$25,$J$42)+IF(C18=$J$26,$J$45))) | F18: =IF(C18="","",IF(E18>=$J$15*0.5,"SI","NO")) | G18: =IF(C18="","",IF(E18>=$J$15*0.05,"SI",IF(E18=0,"NO APORTA EXPERIENCIA",))) | H18: =IF(C18="","",IF(AND(G18="NO APORTA EXPERIENCIA",D18<=10%),"SI",IF(G18="SI","NO APLICA","NO - PORCENTAJE MAYOR AL 10%"))) | I18: EXP. ESPECIFICA ACREDITADA (SMMLV) | J18: EXP. ESPECIFICA SOLICITADA (SMMLV) | K18: CONCEPTO
C19: =IF(VLOOKUP(C11,PROPONENTES!B10:N44,10,FALSE)=0,"",VLOOKUP(C11,PROPONENTES!B10:N44,10,FALSE)) | D19: =IF(VLOOKUP(C11,PROPONENTES!B10:N44,11,FALSE)=0,"",VLOOKUP(C11,PROPONENTES!B10:N44,11,FALSE)) | E19: =IF(C19="","",IF($D$66="CUMPLE",IF(C19=$D$24,$D$39)+IF(C19=$D$25,$D$42)+IF(C19=$D$26,$D$45))+IF($E$66="CUMPLE",IF(C19=$E$24,$E$39)+IF(C19=$E$25,$E$42)+IF(C19=$E$26,$E$45))+IF($F$66="CUMPLE",IF(C19=$F$24,$F$39)+IF(C19=$F$25,$F$42)+IF(C19=$F$26,$F$45))+IF($G$66="CUMPLE",IF(C19=$G$24,$G$39)+IF(C19=$G$25,$G$42)+IF(C19=$G$26,$G$45))+IF($H$66="CUMPLE",IF(C19=$H$24,$H$39)+IF(C19=$H$25,$H$42)+IF(C19=$H$26,$H$45))+IF($I$66="CUMPLE",IF(C19=$I$24,$I$39)+IF(C19=$I$25,$I$42)+IF(C19=$I$26,$I$45))+IF($J$66="CUMPLE",IF(C19=$J$24,$J$39)+IF(C19=$J$25,$J$42)+IF(C19=$J$26,$J$45))) | F19: =IF(C19="","",IF(E19>=$J$15*0.5,"SI","NO")) | G19: =IF(C19="","",IF(E19>=$J$15*0.05,"SI",IF(E19=0,"NO APORTA EXPERIENCIA",))) | H19: =IF(C19="","",IF(AND(G19="NO APORTA EXPERIENCIA",D19<=10%),"SI",IF(G19="SI","NO APLICA","NO - PORCENTAJE MAYOR AL 10%"))) | I19: =SUMIF(D67:J67,"CUMPLE",D39:J39)+SUMIF(D67:J67,"CUMPLE",D42:J42)+SUMIF(D67:J67,"CUMPLE",D45:J45) -> 13816.922 | J19: =IF(I15="","",VLOOKUP(I15,$D$76:$E$82,2,FALSE)) -> 11824.948 | K19: =IF(I19>=J19,"CUMPLE","NO CUMPLE") -> CUMPLE
B20: TOTAL | C20: =+VLOOKUP(C11,PROPONENTES!B10:N44,12,FALSE) -> 2 | D20: =+VLOOKUP(C11,PROPONENTES!B10:N44,13,FALSE) -> 1 | E20: =SUM(E15:E19) -> 13816.922 | F20: =IF(F15="SI","CUMPLE",IF(F16="SI","CUMPLE",IF(F17="SI","CUMPLE",IF(F18="SI","CUMPLE",IF(F19="SI","CUMPLE","NO CUMPLE"))))) -> CUMPLE | G20: =+IF(COUNTIF(E15:E19,0)>1,"NO CUMPLE, HAY MAS DE UN (1) INTEGRANTE QUE NO APORTA EXPERIENCIA",IF(AND(OR(G15="NO APORTA EXPERIENCIA",G15="SI",G15=""),OR(G16="NO APORTA EXPERIENCIA",G16="SI",G16=""),OR(G17="NO APORTA EXPERIENCIA",G17="SI",G17=""),OR(G18="NO APORTA EXPERIENCIA",G18="SI",G18=""),OR(G19="NO APORTA EXPERIENCIA",G19="SI",G19="")),"CUMPLE","NO CUMPLE")) -> CUMPLE | H20: =IF(COUNTIF(E15:E19,0)>1,"NO CUMPLE, HAY MAS DE UN (1) INTEGRANTE QUE NO APORTA EXPERIENCIA",IF(AND(OR(H15="NO APLICA",H15="SI",H15=""),OR(H16="NO APLICA",H16="SI",H16=""),OR(H17="NO APLICA",H17="SI",H17=""),OR(H18="NO APLICA",H18="SI",H18=""),OR(H19="NO APLICA",H19="SI",H19="")),"CUMPLE","NO CUMPLE")) -> CUMPLE
B22: =CONCATENATE("ACREDITACION EXPERIENCIA ",'DATOS INICIALES'!G4) -> ACREDITACION EXPERIENCIA FDLUSA-LP-002-2024
B23: NÚMERO DE CERTIFICACIONES | C23: Máximo 5, 6 o 7 contratos | D23: CONTRATO No. 1 | E23: CONTRATO No. 2 | F23: CONTRATO No. 3 | G23: CONTRATO No. 4 | H23: CONTRATO No. 5 | I23: CONTRATO No. 6 | J23: CONTRATO No.7 | K23: OBSERVACIONES
B24: INTEGRANTE 1 DEL CONTRATO APORTADO | D24: ISAIAS VARGAS GONZALEZ | E24: ISAIAS VARGAS GONZALEZ
B25: INTEGRANTE 2 DEL CONTRATO APORTADO | D25: V & M INGENIERIA S.A.S. | E25: V & M INGENIERIA S.A.S.
B26: INTEGRANTE 3 DEL CONTRATO APORTADO
B27: DATOS DEL CONTRATO | C27: N° del contrato y año de suscripción | D27: 319 2020 | E27: 0150 DE 2018
C28: Objeto | D28: CONTRATAR A PRECIOS UNITARIOS FIJOS Y A MONTO AGOTABLE LAS OBRAS PARA LA CONSERVACION DE LA MALLA VIAL Y SU ESPACIO PUBLICO ASOCIADO EN LA LOCALIDAD DE PUENTE ARANDA | E28: REHABILITACION DE VIAS, RENOVACION DE ANDENES Y OBRAS COMPLEMENTARIAS - FASE VII, EN EL MARCO DE LA IMPLEMENTACIÓN DEL SISTEMA ESTRATEGICO DE TRANSPORTE PUBLICO DE LA CIUDAD DE NEIVA
C29: Fecha de iniciación del contrato. (dd/mm/aaaa) | D29: 44223 | E29: 43514
C30: Fecha de terminación del contrato. (dd/mm/aaaa) | D30: 44519 | E30: 43907
C31: Año de terminación para convertir en SMMLV | D31: 2021 | E31: 2020
C32: Nombre o razón social del contratante | D32: FONDO DE DESARROLLO LOCAL PUENTE ARANDA | E32: SETP TRANSFEDERAL S.A.S
C33: Nombre o razón social del contratista | D33: CONSORCIO PRATO | E33: CONSORCIO VIAS NEIVA F7
C34: No. Consecutivo RUP | D34: 272- ISAIAS VARGAS GONZALEZ 101- V & M INGENIERIA S.A.S. | E34: 219- ISAIAS VARGAS GONZALEZ 73 - V & M INGENIERIA S.A.S.
C35: Valor final del contrato en SMMLV reportado en el RUP | D35: 5479.3 | E35: 15722.47
C36: Valor final contrato en pesos | D36: =IFERROR(D35*VLOOKUP(D31,'DATOS INICIALES'!$A$12:$B$44,2,0),"0") -> 4.9780865e+09 | E36: =IFERROR(E35*VLOOKUP(E31,'DATOS INICIALES'!$A$12:$B$44,2,0),"0") -> 1.3801231e+10 | F36: =IFERROR(F35*VLOOKUP(F31,'DATOS INICIALES'!$A$12:$B$44,2,0),"0") -> 0 | G36: =IFERROR(G35*VLOOKUP(G31,'DATOS INICIALES'!$A$12:$B$44,2,0),"0") -> 0 | H36: =IFERROR(H35*VLOOKUP(H31,'DATOS INICIALES'!$A$12:$B$44,2,0),"0") -> 0 | I36: =IFERROR(I35*VLOOKUP(I31,'DATOS INICIALES'!$A$12:$B$44,2,0),"0") -> 0 | J36: =IFERROR(J35*VLOOKUP(J31,'DATOS INICIALES'!$A$12:$B$44,2,0),"0") -> 0
C37: Porcentaje de Participación INTEGRANTE 1 | D37: 0.4 | E37: 0.3
C38: Valor final según porcentaje de participación INTEGRANTE 1 EN PESOS | D38: =IF(D24="","0",D37*D36) -> 1.9912346e+09 | E38: =IF(E24="","0",E37*E36) -> 4.1403694e+09 | F38: =IF(F24="","0",F37*F36) -> 0 | G38: =IF(G24="","0",G37*G36) -> 0 | H38: =IF(H24="","0",H37*H36) -> 0 | I38: =IF(I24="","0",I37*I36) -> 0 | J38: =IF(J24="","0",J37*J36) -> 0
C39: Valor final según porcentaje de participación INTEGRANTE 1 en SMMLV | D39: =IFERROR(D35*D37,"0") -> 2191.72 | E39: =IFERROR(E35*E37,"0") -> 4716.741 | F39: =IFERROR(F35*F37,"0") -> 0 | G39: =IFERROR(G35*G37,"0") -> 0 | H39: =IFERROR(H35*H37,"0") -> 0 | I39: =IFERROR(I35*I37,"0") -> 0 | J39: =IFERROR(J35*J37,"0") -> 0
C40: Porcentaje de Participación INTEGRANTE 2 | D40: 0.4 | E40: 0.3
C41: Valor final según porcentaje de participación INTEGRANTE 2 EN PESOS | D41: =IF(D25="","0",D40*D36) -> 1.9912346e+09 | E41: =IF(E25="","0",E40*E36) -> 4.1403694e+09 | F41: =IF(F25="","0",F40*F36) -> 0 | G41: =IF(G25="","0",G40*G36) -> 0 | H41: =IF(H25="","0",H40*H36) -> 0 | I41: =IF(I25="","0",I40*I36) -> 0 | J41: =IF(J25="","0",J40*J36) -> 0
C42: Valor final según porcentaje de participación INTEGRANTE 2 en SMMLV | D42: =IF(D25="",0,D35*D40) -> 2191.72 | E42: =IF(E25="",0,E35*E40) -> 4716.741 | F42: =IF(F25="",0,F35*F40) -> 0 | G42: =IF(G25="",0,G35*G40) -> 0 | H42: =IF(H25="",0,H35*H40) -> 0 | I42: =IF(I25="",0,I35*I40) -> 0 | J42: =IF(J25="",0,J35*J40) -> 0
C43: Porcentaje de Participación INTEGRANTE 3
C44: Valor final según porcentaje de participación INTEGRANTE 3 EN PESOS | D44: =IF(D26="","0",D43*D36) -> 0 | E44: =IF(E26="","0",E43*E36) -> 0 | F44: =IF(F26="","0",F43*F36) -> 0 | G44: =IF(G26="","0",G43*G36) -> 0 | H44: =IF(H26="","0",H43*H36) -> 0 | I44: =IF(I26="","0",I43*I36) -> 0 | J44: =IF(J26="","0",J43*J36) -> 0
C45: Valor final según porcentaje de participación INTEGRANTE 3 en SMMLV | D45: =IF(D26="",0,D35*D43) -> 0 | E45: =IF(E26="",0,E35*E43) -> 0 | F45: =IF(F26="",0,F35*F43) -> 0 | G45: =IF(G26="",0,G35*G43) -> 0 | H45: =IF(H26="",0,H35*H43) -> 0 | I45: =IF(I26="",0,I35*I43) -> 0 | J45: =IF(J26="",0,J35*J43) -> 0
B46: REGISTRO UNICO DE PROPONENTES | C46: ¿RUP vigente y en firme antes del cierre del proceso? | D46: CUMPLE | E46: CUMPLE
B47: CODIGO CIIU | C47: =+'DATOS INICIALES'!D22 -> 721033 | D47: SI | E47: SI
C48: =+'DATOS INICIALES'!D23 -> 721410 | D48: SI | E48: SI
C49: =+'DATOS INICIALES'!D24 -> 721411 | D49: SI | E49: SI
C50: =+'DATOS INICIALES'!D25 -> 721416 | D50: SI | E50: SI
C51: =+'DATOS INICIALES'!D26 -> 721527 | D51: SI | E51: SI
C52: =+'DATOS INICIALES'!D27 -> 721539 | D52: SI | E52: SI
C53: =+'DATOS INICIALES'!D28 -> 951115 | D53: NO | E53: NO
C54: =+'DATOS INICIALES'!D29 -> 721033 | D54: SI | E54: SI
C55: ¿El contrato se encuentra clasificado en alguno de los anteriores códigos? | D55: =IF(D24="","N/A",IF(D47="SI","CUMPLE",IF(D48="SI","CUMPLE",IF(D49="SI","CUMPLE",IF(D50="SI","CUMPLE",IF(D51="SI","CUMPLE",IF(D52="SI","CUMPLE",IF(D54="SI","CUMPLE","NO CUMPLE")))))))) -> CUMPLE | E55: =IF(E24="","N/A",IF(E47="SI","CUMPLE",IF(E48="SI","CUMPLE",IF(E49="SI","CUMPLE",IF(E50="SI","CUMPLE",IF(E51="SI","CUMPLE",IF(E52="SI","CUMPLE",IF(E54="SI","CUMPLE","NO CUMPLE")))))))) -> CUMPLE | F55: =IF(F24="","N/A",IF(F47="SI","CUMPLE",IF(F48="SI","CUMPLE",IF(F49="SI","CUMPLE",IF(F50="SI","CUMPLE",IF(F51="SI","CUMPLE",IF(F52="SI","CUMPLE",IF(F54="SI","CUMPLE","NO CUMPLE")))))))) -> N/A | G55: =IF(G24="","N/A",IF(G47="SI","CUMPLE",IF(G48="SI","CUMPLE",IF(G49="SI","CUMPLE",IF(G50="SI","CUMPLE",IF(G51="SI","CUMPLE",IF(G52="SI","CUMPLE",IF(G54="SI","CUMPLE","NO CUMPLE")))))))) -> N/A | H55: =IF(H24="","N/A",IF(H47="SI","CUMPLE",IF(H48="SI","CUMPLE",IF(H49="SI","CUMPLE",IF(H50="SI","CUMPLE",IF(H51="SI","CUMPLE",IF(H52="SI","CUMPLE",IF(H54="SI","CUMPLE","NO CUMPLE")))))))) -> N/A | I55: =IF(I24="","N/A",IF(I47="SI","CUMPLE",IF(I48="SI","CUMPLE",IF(I49="SI","CUMPLE",IF(I50="SI","CUMPLE",IF(I51="SI","CUMPLE",IF(I52="SI","CUMPLE",IF(I54="SI","CUMPLE","NO CUMPLE")))))))) -> N/A | J55: =IF(J24="","N/A",IF(J47="SI","CUMPLE",IF(J48="SI","CUMPLE",IF(J49="SI","CUMPLE",IF(J50="SI","CUMPLE",IF(J51="SI","CUMPLE",IF(J52="SI","CUMPLE",IF(J54="SI","CUMPLE","NO CUMPLE")))))))) -> N/A
B56: los requisitos de experiencia son: PROYECTOS DE CONSERVACIÓN DE VÍAS URBANAS EXPERIENCIA GENERAL: CONSTRUCCIÓN O REHABILITACIÓN O ADECUACIÓN O AMPLIACIÓN O MEJORAMIENTO O MANTENIMIENTO O RECONSTRUCCIÓN O REPAVIMENTACIÓN O PAVIMENTACIÓN O CONSERVACIÓN DE INFRAESTRUCTURA VIAL PARA TRÁFICO VEHICULAR DE VÍAS URBANAS O DE VÍAS PRIMARIAS O SECUNDARIAS Nota 1: No se aceptará experiencia en contratos cuyo objeto o alcance sea exclusivamente en cualquiera de las siguientes actividades de obra: componentes de seguridad vial o semaforización o puentes. Nota 2: En todo caso la obra civil en infraestructura vial que se pretenda acreditar como experiencia,debe demostrar la intervención en la estructura del pavimento. | D56: CUMPLE | E56: CUMPLE
B57: Los contratos para acreditar la experiencia exigida deberán cumplir las siguientes características: A. Que hayan contenido la ejecución de: proyectos de conservación de vías urbanas, que a nivel general en su objeto o actividades contengan construcción o rehabilitación o adecuación o ampliación o mejoramiento o mantenimiento o reconstrucción o repavimentación o pavimentación o conservación de infraestructura vial para tráfico vehicular de vías urbanas o de vías primarias o secundarias y que por lo menos uno (1) de los contratos válidos aportados como experiencia general donde haya realizado actividades de diagnóstico y/o estudios y diseños, para actividades de conservación de vías. | D57: CUMPLE | E57: CUMPLE
B58: B. Estar relacionados en el Formato 3 – Experiencia con el número consecutivo del contrato en el RUP. Los Proponentes Plurales deben indicar qué integrante aporta cada uno de los contratos señalados en el Formato 3 – Experiencia. Este documento debe presentarlo el Proponente Plural y no sus integrantes. | D58: CUMPLE | E58: CUMPLE
B59: C. El Proponente podrá acreditar la experiencia solicitada con mínimo uno (1) y máximo cinco (5) contratos, los cuales serán evaluados teniendo en cuenta la tabla del numeral 3.5.8 del Pliego de Condiciones, así como el contenido de la Matriz 1 – Experiencia. | D59: CUMPLE | E59: CUMPLE
B60: D. Deben haber terminado antes de la fecha de cierre del presente proceso de contratación. | D60: CUMPLE | E60: CUMPLE
B61: E. Para los contratos que sean aportados por personas jurídicas que no cuentan con más de tres (3) años de constituidas, que pretendan acreditar la experiencia de sus socios, accionistas o constituyentes, de conformidad con la posibilidad establecida en el numeral 2.5 del artículo 2.2.1.1.1.5.2. del Decreto 1082 de 2015, además del RUP deben adjuntar un documento suscrito por el representante legal y el revisor fiscal o contador público (según corresponda) donde se indique la conformación de la persona jurídica. La Entidad tendrá en cuenta la experiencia de los accionistas, socios o constituyentes de las sociedades con menos de tres (3) años de constituidas. Pasado este tiempo, la sociedad conservará esta experiencia, tal y como haya quedado registrada en el RUP. De acuerdo con el inciso anterior, en los casos en que se presente un Proponente Plural conformado por una persona jurídica, en conjunto con sus socios, accionistas o constituyentes y se alleguen contratos en los que estos le hayan transferido experiencia a aquella, solo podrán ser acreditados como experiencia en el Proceso de Contratación por uno de los integrantes, de manera tal que al Proponente Plural solo podrá avalársele una misma experiencia una sola vez. | D61: CUMPLE | E61: CUMPLE
B62: 3.5.3 DOCUMENTOS VÁLIDOS PARA LA ACREDITACIÓN DE LA EXPERIENCIA REQUERIDA En el Clasificador de Bienes y Servicios, el segmento correspondiente para la clasificación de la experiencia es el segmento 72. B. La entidad contratante únicamente podrá exigir para la verificación de la experiencia los contratos celebrados por el interesado, identificados con el Clasificador de Bienes y Servicios hasta el tercer nivel. C. Si el Proponente relaciona o anexa más de cinco (5) contratos en el Formato 3 - Experiencia, para efectos de evaluar la experiencia se tendrá en cuenta como máximo los cinco (5) contratos aportados de mayor valor. Tratándose de Proponentes que acrediten la calidad de Mipyme o emprendimiento y empresa de mujer con domicilio en el territorio nacional, se tendrá en cuenta como máximo los seis (6) contratos aportados de mayor valor. En caso de que el Proponente pruebe la calidad de Mipyme y de emprendimiento y empresa de mujer con domicilio en el territorio nacional de manera conjunta, se valdrán como máximo los siete (7) contratos allegados de mayor valor. D. Tratándose de Proponentes Plurales se tendrá en cuenta lo siguiente: i) uno de los integrantes debe aportar como mínimo el cincuenta por ciento (50 %) de la experiencia solicitada; ii) los demás integrantes deben acreditar al menos el cinco por ciento (5 %) de la experiencia solicitada; y iii) sin perjuicio de lo anterior, solo uno (1) de los integrantes, si así lo considera pertinente, podrá no acreditar experiencia. En este último caso, el porcentaje de participación del integrante que no aporta experiencia en la estructura plural no podrá superar el diez por ciento (10 %). Estos porcentajes que acreditarán los integrantes del Proponente Plural se podrán cumplir con contratos válidos que acrediten cualquier requisito de experiencia solicitada en el pliego de condiciones, y se calcularán sobre el “valor mínimo a certificar (como % del Presupuesto Oficial de obra expresado en SMMLV)” de conformidad con el numeral 3.5.8. Independientemente de él o los integrantes del Proponente Plural que aporten contratos para acreditar la experiencia, estos se tendrán en cuenta para calcular el “número de contratos con los cuales el Proponente cumple la experiencia acreditada" de que trata el numeral citado. En armonía con lo anterior, para cumplir el requisito previsto en este literal no se solicitará la acreditación de longitudes, magnitudes, volúmenes o porcentajes requeridos en la experiencia específica, sino que bastará con acreditar los SMMLV. | D62: CUMPLE | E62: CUMPLE
B63: E. Cuando el contrato que se pretende acreditar como experiencia haya sido ejecutado en consorcio o unión temporal, el porcentaje de participación del integrante será el registrado en el RUP de este o en alguno de los documentos válidos para la acreditación de experiencia en caso de que el integrante no esté obligado a tener RUP. F. Cuando el contrato que se pretende acreditar como experiencia haya sido ejecutado en consorcio o unión temporal, el valor a considerar será el registrado en el RUP, o documento válido en caso de que el integrante no esté obligado a RUP, para la acreditación de experiencia multiplicada por el porcentaje de participación que tuvo el integrante o los integrantes. G. Cuando el contrato que se pretende acreditar como experiencia haya sido ejecutado en consorcio, el “% de dimensionamiento (según la longitud o magnitud requerida en el proceso de contratación)” exigido en la Matriz 1 – Experiencia se afectará por el porcentaje de participación que tuvo el integrante o los integrantes. Por su parte, si el contrato fue ejecutado como unión temporal la acreditación del “% de dimensionamiento” se afectará de acuerdo con la distribución de actividades y lo materialmente ejecutado, para lo cual se deberá allegar el documento de conformación de proponente plural que discrimine las actividades a cargo de cada uno de los integrantes o que de los documentos aportados para acreditar la experiencia se pueda determinar qué actividades ejecutó cada uno de los integrantes. En caso de que lo anterior no se logre determinar, la evaluación se realizará de conformidad con lo señalado en el párrafo precedente, respecto a los consorcios. | D63: CUMPLE | E63: CUMPLE
B64: 3.5.7 PARA SUBCONTRATOS Para acreditar la experiencia de subcontratos, cuyo contrato principal fue suscrito con particulares, se aplicarán las disposiciones establecidas en el numeral anterior. Para acreditar la experiencia de contratos derivados de contratos suscritos con Entidades Estatales, el Proponente deberá aportar los documentos que se enlistan a continuación: A. Certificación del subcontrato. Certificación expedida con posterioridad a la fecha de terminación del subcontrato, la cual deberá estar suscrita por el representante legal del contratista del contrato principal, del Concesionario, o del EPC o Consorcio Constructor. Así mismo, debe contener la información requerida en el Pliego de Condiciones para efectos de la acreditación de la experiencia. B. Certificación expedida por la Entidad Estatal del contrato principal del cual se derivó el subcontrato. Esta certificación debe contener la información básica del contrato principal la siguiente: I. Alcance de las obras ejecutadas en el contrato principal. II. Información en la cual se evidencie que la figura de la subcontratación es permitida en el marco del contrato principal. En caso de que no requiera autorización para subcontratar, el Proponente podrá aportar con su propuesta alguno de los siguientes documentos que den cuenta de esa circunstancia: i) copia del contrato o ii) certificación emitida por la Entidad Estatal, donde acredite que para subcontratar no se requería autorización. La información solicitada en el literal B únicamente se exige en relación con el contrato principal suscrito con la Entidad Estatal. | D64: CUMPLE | E64: CUMPLE
B65: 3.5.4 ACREDITACIÓN DE LA EXPERIENCIA REQUERIDA Los proponentes acreditarán para cada uno de los contratos aportados la siguiente información mediante: A. Acta de liquidación B. Acta de entrega, terminación, final o de recibo definitivo. C. Certificación de experiencia. Expedida con posterioridad a la fecha de terminación del contrato en la que conste el recibo a satisfacción de la obra contratada debidamente suscrita por quien esté en capacidad u obligación de hacerlo. D. Acta de inicio o la orden de inicio. La misma sólo será válida para efectos de acreditar la fecha de inicio. E. Para los contratos que hayan sido objeto de cesión, el contrato deberá encontrarse debidamente inscrito y clasificado en el RUP o en uno o alguno de los documentos considerados como válidos para la acreditación de experiencia de la empresa cesionaria, según aplique. La experiencia se admitirá para el cesionario y no se reconocerá experiencia alguna al cedente. Para efectos de acreditación de experiencia entre particulares, el Proponente deberá aportar adicionalmente alguno de los documentos que se describen a continuación: A. Certificación de facturación expedida con posterioridad a la fecha de terminación del contrato emitida por el revisor fiscal o contador público del Proponente que acredita la experiencia, según corresponda, con la copia de la tarjeta profesional y certificado de antecedentes disciplinarios vigente, expedido por la Junta Central de Contadores, o los documentos equivalentes que hagan sus veces en el país donde se expide el documento del profesional. | D65: CUMPLE | E65: CUMPLE
B66: CONCEPTO POR CONTRATO | D66: =IF(D24="","N/A",IF(AND(D46="CUMPLE",D55="CUMPLE",D56="CUMPLE",D57="CUMPLE",D58="CUMPLE",D59="CUMPLE",OR(D61="CUMPLE",D61="N/A"),D62="CUMPLE",OR(D63="CUMPLE",D63="N/A"),D65="CUMPLE",OR(D64="CUMPLE",D64="N/A")),"CUMPLE","NO CUMPLE")) -> CUMPLE | E66: =IF(E24="","N/A",IF(AND(E46="CUMPLE",E55="CUMPLE",E56="CUMPLE",E57="CUMPLE",E58="CUMPLE",E59="CUMPLE",OR(E61="CUMPLE",E61="N/A"),E62="CUMPLE",OR(E63="CUMPLE",E63="N/A"),E65="CUMPLE",OR(E64="CUMPLE",E64="N/A")),"CUMPLE","NO CUMPLE")) -> CUMPLE | F66: =IF(F24="","N/A",IF(AND(F46="CUMPLE",F55="CUMPLE",F56="CUMPLE",F57="CUMPLE",F58="CUMPLE",F59="CUMPLE",OR(F61="CUMPLE",F61="N/A"),F62="CUMPLE",OR(F63="CUMPLE",F63="N/A"),F65="CUMPLE",OR(F64="CUMPLE",F64="N/A")),"CUMPLE","NO CUMPLE")) -> N/A | G66: =IF(G24="","N/A",IF(AND(G46="CUMPLE",G55="CUMPLE",G56="CUMPLE",G57="CUMPLE",G58="CUMPLE",G59="CUMPLE",OR(G61="CUMPLE",G61="N/A"),G62="CUMPLE",OR(G63="CUMPLE",G63="N/A"),G65="CUMPLE",OR(G64="CUMPLE",G64="N/A")),"CUMPLE","NO CUMPLE")) -> N/A | H66: =IF(H24="","N/A",IF(AND(H46="CUMPLE",H55="CUMPLE",H56="CUMPLE",H57="CUMPLE",H58="CUMPLE",H59="CUMPLE",OR(H61="CUMPLE",H61="N/A"),H62="CUMPLE",OR(H63="CUMPLE",H63="N/A"),H65="CUMPLE",OR(H64="CUMPLE",H64="N/A")),"CUMPLE","NO CUMPLE")) -> N/A | I66: =IF(I24="","N/A",IF(AND(I46="CUMPLE",I55="CUMPLE",I56="CUMPLE",I57="CUMPLE",I58="CUMPLE",I59="CUMPLE",OR(I61="CUMPLE",I61="N/A"),I62="CUMPLE",OR(I63="CUMPLE",I63="N/A"),I65="CUMPLE",OR(I64="CUMPLE",I64="N/A")),"CUMPLE","NO CUMPLE")) -> N/A | J66: =IF(J24="","N/A",IF(AND(J46="CUMPLE",J55="CUMPLE",J56="CUMPLE",J57="CUMPLE",J58="CUMPLE",J59="CUMPLE",OR(J61="CUMPLE",J61="N/A"),J62="CUMPLE",OR(J63="CUMPLE",J63="N/A"),J65="CUMPLE",OR(J64="CUMPLE",J64="N/A")),"CUMPLE","NO CUMPLE")) -> N/A
B67: EXPERIENCIA ESPECIFICA: Por lo menos uno (1) de los contratos válidos aportados como experiencia general donde haya realizado actividades de diagnóstico y/o estudios y diseños, para actividades de conservación de vías. | D67: CUMPLE | E67: CUMPLE
D75: Número de Contratos con los cuales el proponente cumple la experiencia acreditada. | E75: Valor mínimo a certificar (como % del Presupuesto Oficial de Obra, expresado en SMMLV) | F75: Valor mínimo a certificar (como % del Presupuesto Oficial de Obra, expresado en SMMLV)
D76: 1 | E76: =+L8 -> 11824.948 | F76: 0.75
D77: 2 | E77: =+L8 -> 11824.948 | F77: 0.75
D78: 3 | E78: =+L9 -> 18919.918 | F78: 1.2
D79: 4 | E79: =+L9 -> 18919.918 | F79: 1.2
D80: 5 | E80: =+L10 -> 23649.897 | F80: 1.5
D81: 6 | E81: =+L10 -> 23649.897 | F81: 1.5
D82: 7 | E82: =+L10 -> 23649.897 | F82: 1.5

Sheet K RESIDUAL DOCUMENTOS
A2: FONDO DE DESARROLLO LOCAL DE KENNEDY
A4: ='DATOS INICIALES'!G4 -> FDLUSA-LP-002-2024
A6: Ciudad | C6: BOGOTÁ D.C | D6: Fecha de Evaluación | G6: 44498
A7: DATOS GENERALES
A8: OBJETO DE LA CONVOCATORIA | C8: ='DATOS INICIALES'!D2 -> CONTRATAR POR EL SISTEMA DE PRECIOS UNITARIOS FIJOS Y A MONTO AGOTABLE LA INTERVENCIÓN DE LOS ELEMENTOS DE LA MALLA VIAL LOCAL E INTERMEDIA, ESPACIO PÚBLICO Y CICLOINFRAESTRUCTURA DE LA LOCALIDAD DE USAQUÉN EN BOGOTÁ CON OBRAS Y ACTIVIDADES DE CONSERVACIÓN
A9: VALOR DEL PROCESO EN PESOS | C9: =+'DATOS INICIALES'!C6 -> 0 | F9: PLAZO DEL CONTRATO (MESES) | G9: 4
A10: VALOR DEL PROCESO EN SMMLV | C10: =C9/'DATOS INICIALES'!B44 -> 0 | F10: ANTICIPO | G10: 0
A12: No. | B12: PROPONENTE | C12: INTEGRANTE | D12: % | E12: RUP VIGENTE Y EN FIRME | F12: BALANCE GENERAL Y CERTIFICACION DE ESTADOS FINANCIEROS | G12: ESTADO DE RESULTADOS | H12: INFORME DE AUDITORIA | I12: TARJETA PROFESIONAL Y CERTIFICADO DE ANTECEDENTES DEL CONTADOR, REVISOR FISCAL Y AUDITOR | J12: FORMATO 4 - CAPACIDAD FINANCIERA Y ORGANIZACIONAL PARA EXTRANJEROS | K12: FORMATO 5 - CAPACIDAD RESIDUAL EN EL SEGMENTO 72 | L12: FORMATO 5 - CAPACIDAD TECNICA | M12: FORMATO 5 - SALDO DE CONTRATOS EN EJECUCIÓN | N12: K RESIDUAL DOCUMENTOS | O12: K RESIDUAL ACREDITADO | P12: K RESIDUAL REQUERIDO | Q12: CONCEPTO FINAL K RESIDUAL | R12: OBSERVACIONES
A13: 1 | B13: =+PROPONENTES!B10 -> CONSORCIO EL TAMBILLO | C13: =IF(VLOOKUP(B13,PROPONENTES!$B$10:$N$16,2,FALSE)="","",VLOOKUP(B13,PROPONENTES!$B$10:$N$16,2,FALSE)) -> ISAIAS VARGAS GONZALEZ | D13: =VLOOKUP(B13,PROPONENTES!$B$10:$N$16,3,FALSE) -> 0.5 | E13: CUMPLE | F13: NO CUMPLE | G13: CUMPLE | H13: CUMPLE | I13: CUMPLE | J13: N/A | K13: CUMPLE | L13: CUMPLE | M13: CUMPLE | N13: =IF(C13="","N/A",IF(AND(OR(E13="CUMPLE",E13="N/A"),OR(F13="CUMPLE",F13="N/A"),OR(G13="CUMPLE",G13="N/A"),OR(H13="CUMPLE",H13="N/A"),OR(I13="CUMPLE",I13="N/A"),OR(J13="CUMPLE",J13="N/A"),OR(K13="CUMPLE",K13="N/A"),OR(L13="CUMPLE",L13="N/A"),OR(M13="CUMPLE",M13="N/A")),"CUMPLE","NO CUMPLE")) -> NO CUMPLE | O13: =+'K RESIDUAL CALCULO'!N13 -> #DIV/0! | P13: =IF($G$9<=12,$C$9-$G$10*$C$9,(($C$9-$G$10)/$G$9)*12) -> 0 | Q13: =IF(AND(O13>=P13,OR(N13="CUMPLE",N13="N/A"),OR(N14="CUMPLE",N14="N/A"),OR(N15="CUMPLE",N15="N/A"),OR(N16="CUMPLE",N16="N/A")*OR(N17="CUMPLE",N17="N/A")),"CUMPLE","NO CUMPLE") -> #DIV/0!
C14: =IF(VLOOKUP(B13,PROPONENTES!$B$10:$N$16,4,FALSE)="","",VLOOKUP(B13,PROPONENTES!$B$10:$N$16,4,FALSE)) -> V & M INGENIERIA S.A.S. | D14: =VLOOKUP(B13,PROPONENTES!$B$10:$N$16,5,FALSE) -> 0.5 | E14: CUMPLE | F14: NO CUMPLE | G14: CUMPLE | H14: CUMPLE | I14: CUMPLE | J14: N/A | K14: CUMPLE | L14: CUMPLE | M14: CUMPLE | N14: =IF(C14="","N/A",IF(AND(OR(E14="CUMPLE",E14="N/A"),OR(F14="CUMPLE",F14="N/A"),OR(G14="CUMPLE",G14="N/A"),OR(H14="CUMPLE",H14="N/A"),OR(I14="CUMPLE",I14="N/A"),OR(J14="CUMPLE",J14="N/A"),OR(K14="CUMPLE",K14="N/A"),OR(L14="CUMPLE",L14="N/A"),OR(M14="CUMPLE",M14="N/A")),"CUMPLE","NO CUMPLE")) -> NO CUMPLE
C15: =IF(VLOOKUP(B13,PROPONENTES!$B$10:$N$16,6,FALSE)="","",VLOOKUP(B13,PROPONENTES!$B$10:$N$16,6,FALSE)) | D15: =VLOOKUP(B13,PROPONENTES!$B$10:$N$16,7,FALSE) -> 0 | N15: =IF(C15="","N/A",IF(AND(OR(E15="CUMPLE",E15="N/A"),OR(F15="CUMPLE",F15="N/A"),OR(G15="CUMPLE",G15="N/A"),OR(H15="CUMPLE",H15="N/A"),OR(I15="CUMPLE",I15="N/A"),OR(J15="CUMPLE",J15="N/A"),OR(K15="CUMPLE",K15="N/A"),OR(L15="CUMPLE",L15="N/A"),OR(M15="CUMPLE",M15="N/A")),"CUMPLE","NO CUMPLE")) -> N/A
C16: =IF(VLOOKUP(B13,PROPONENTES!$B$10:$N$16,8,FALSE)="","",VLOOKUP(B13,PROPONENTES!$B$10:$N$16,8,FALSE)) | D16: =VLOOKUP(B13,PROPONENTES!$B$10:$N$16,9,FALSE) -> 0 | N16: =IF(C16="","N/A",IF(AND(OR(E16="CUMPLE",E16="N/A"),OR(F16="CUMPLE",F16="N/A"),OR(G16="CUMPLE",G16="N/A"),OR(H16="CUMPLE",H16="N/A"),OR(I16="CUMPLE",I16="N/A"),OR(J16="CUMPLE",J16="N/A"),OR(K16="CUMPLE",K16="N/A"),OR(L16="CUMPLE",L16="N/A"),OR(M16="CUMPLE",M16="N/A")),"CUMPLE","NO CUMPLE")) -> N/A
C17: =IF(VLOOKUP(B13,PROPONENTES!$B$10:$N$16,8,FALSE)="","",VLOOKUP(B13,PROPONENTES!$B$10:$N$16,10,FALSE)) | D17: =VLOOKUP(B13,PROPONENTES!$B$10:$N$16,11,FALSE) -> 0 | N17: =IF(C17="","N/A",IF(AND(OR(E17="CUMPLE",E17="N/A"),OR(F17="CUMPLE",F17="N/A"),OR(G17="CUMPLE",G17="N/A"),OR(H17="CUMPLE",H17="N/A"),OR(I17="CUMPLE",I17="N/A"),OR(J17="CUMPLE",J17="N/A"),OR(K17="CUMPLE",K17="N/A"),OR(L17="CUMPLE",L17="N/A"),OR(M17="CUMPLE",M17="N/A")),"CUMPLE","NO CUMPLE")) -> N/A
A18: 2 | B18: =+PROPONENTES!B11 -> UNION TEMPORAL VIAL USAQUN 2024 | C18: =IF(VLOOKUP(B18,PROPONENTES!$B$10:$N$16,2,FALSE)="","",VLOOKUP(B18,PROPONENTES!$B$10:$N$16,2,FALSE)) -> ASFALTEMOS SAS | D18: =VLOOKUP(B18,PROPONENTES!$B$10:$N$16,3,FALSE) -> 0.9 | E18: CUMPLE | F18: N/A | G18: NO CUMPLE | H18: NO CUMPLE | I18: NO CUMPLE | J18: N/A | K18: CUMPLE | L18: CUMPLE | M18: NO CUMPLE | N18: =IF(C18="","N/A",IF(AND(OR(E18="CUMPLE",E18="N/A"),OR(F18="CUMPLE",F18="N/A"),OR(G18="CUMPLE",G18="N/A"),OR(H18="CUMPLE",H18="N/A"),OR(I18="CUMPLE",I18="N/A"),OR(J18="CUMPLE",J18="N/A"),OR(K18="CUMPLE",K18="N/A"),OR(L18="CUMPLE",L18="N/A"),OR(M18="CUMPLE",M18="N/A")),"CUMPLE","NO CUMPLE")) -> NO CUMPLE | O18: =+'K RESIDUAL CALCULO'!N18 -> #DIV/0! | P18: =IF($G$9<=12,$C$9-$G$10*$C$9,(($C$9-$G$10)/$G$9)*12) -> 0 | Q18: =IF(AND(O18>=P18,OR(N18="CUMPLE",N18="N/A"),OR(N19="CUMPLE",N19="N/A"),OR(N20="CUMPLE",N20="N/A"),OR(N21="CUMPLE",N21="N/A")*OR(N22="CUMPLE",N22="N/A")),"CUMPLE","NO CUMPLE") -> #DIV/0! | R18: - El estado de resultados aportado no cuenta con la firma del revisor fiscal según lo solicitado en el pliego de condiciones en el numeral 3.10.2 CALCULO DE LA CAPACIDAD RESIDUAL DEL PROPONENTE (CRP), literal A. CAPACIDAD DE ORGANIZACIÓN, subliteral i. Estado de resultados integral (estado de resultado o pérdida o ganancias), del año en que hayan obtenido el mayor ingreso operacional en los últimos cinco (5) años, debidamente firmado por el representante legal, contador y revisor fiscal y/o contador independiente (externo), si están obligados a tenerlos -- Se debe aportar el informe del revisor fiscal - Se deben aportar los documentos del revisor fiscal (TP y certificado de antecedentes) - Debe corregir el Formato 5 - Saldo de contratos en ejecución, toda vez que la fecha de cierre reportada en el formato no coincide con la fecha del cierre del proceso de selección.
C19: =IF(VLOOKUP(B18,PROPONENTES!$B$10:$N$16,4,FALSE)="","",VLOOKUP(B18,PROPONENTES!$B$10:$N$16,4,FALSE)) -> AGREGADOS MARTÍNEZ SAS | D19: =VLOOKUP(B18,PROPONENTES!$B$10:$N$16,5,FALSE) -> 0.1 | N19: =IF(C19="","N/A",IF(AND(OR(E19="CUMPLE",E19="N/A"),OR(F19="CUMPLE",F19="N/A"),OR(G19="CUMPLE",G19="N/A"),OR(H19="CUMPLE",H19="N/A"),OR(I19="CUMPLE",I19="N/A"),OR(J19="CUMPLE",J19="N/A"),OR(K19="CUMPLE",K19="N/A"),OR(L19="CUMPLE",L19="N/A"),OR(M19="CUMPLE",M19="N/A")),"CUMPLE","NO CUMPLE")) -> NO CUMPLE
C20: =IF(VLOOKUP(B18,PROPONENTES!$B$10:$N$16,6,FALSE)="","",VLOOKUP(B18,PROPONENTES!$B$10:$N$16,6,FALSE)) | D20: =VLOOKUP(B18,PROPONENTES!$B$10:$N$16,7,FALSE) -> 0 | N20: =IF(C20="","N/A",IF(AND(OR(E20="CUMPLE",E20="N/A"),OR(F20="CUMPLE",F20="N/A"),OR(G20="CUMPLE",G20="N/A"),OR(H20="CUMPLE",H20="N/A"),OR(I20="CUMPLE",I20="N/A"),OR(J20="CUMPLE",J20="N/A"),OR(K20="CUMPLE",K20="N/A"),OR(L20="CUMPLE",L20="N/A"),OR(M20="CUMPLE",M20="N/A")),"CUMPLE","NO CUMPLE")) -> N/A
C21: =IF(VLOOKUP(B18,PROPONENTES!$B$10:$N$16,8,FALSE)="","",VLOOKUP(B18,PROPONENTES!$B$10:$N$16,8,FALSE)) | D21: =VLOOKUP(B18,PROPONENTES!$B$10:$N$16,9,FALSE) -> 0 | N21: =IF(C21="","N/A",IF(AND(OR(E21="CUMPLE",E21="N/A"),OR(F21="CUMPLE",F21="N/A"),OR(G21="CUMPLE",G21="N/A"),OR(H21="CUMPLE",H21="N/A"),OR(I21="CUMPLE",I21="N/A"),OR(J21="CUMPLE",J21="N/A"),OR(K21="CUMPLE",K21="N/A"),OR(L21="CUMPLE",L21="N/A"),OR(M21="CUMPLE",M21="N/A")),"CUMPLE","NO CUMPLE")) -> N/A
C22: =IF(VLOOKUP(B18,PROPONENTES!$B$10:$N$16,8,FALSE)="","",VLOOKUP(B18,PROPONENTES!$B$10:$N$16,10,FALSE)) | D22: =VLOOKUP(B18,PROPONENTES!$B$10:$N$16,11,FALSE) -> 0 | N22: =IF(C22="","N/A",IF(AND(OR(E22="CUMPLE",E22="N/A"),OR(F22="CUMPLE",F22="N/A"),OR(G22="CUMPLE",G22="N/A"),OR(H22="CUMPLE",H22="N/A"),OR(I22="CUMPLE",I22="N/A"),OR(J22="CUMPLE",J22="N/A"),OR(K22="CUMPLE",K22="N/A"),OR(L22="CUMPLE",L22="N/A"),OR(M22="CUMPLE",M22="N/A")),"CUMPLE","NO CUMPLE")) -> N/A
A23: 3 | B23: =+PROPONENTES!B12 -> CONSORCIO CCU | C23: =IF(VLOOKUP(B23,PROPONENTES!$B$10:$N$16,2,FALSE)="","",VLOOKUP(B23,PROPONENTES!$B$10:$N$16,2,FALSE)) -> CLAUDIA STELLA CARVAJAL PINEDA | D23: =VLOOKUP(B23,PROPONENTES!$B$10:$N$16,3,FALSE) -> 0.4 | E23: CUMPLE | F23: N/A | G23: NO CUMPLE | H23: NO CUMPLE | I23: NO CUMPLE | J23: N/A | K23: CUMPLE | L23: CUMPLE | M23: CUMPLE | N23: =IF(C23="","N/A",IF(AND(OR(E23="CUMPLE",E23="N/A"),OR(F23="CUMPLE",F23="N/A"),OR(G23="CUMPLE",G23="N/A"),OR(H23="CUMPLE",H23="N/A"),OR(I23="CUMPLE",I23="N/A"),OR(J23="CUMPLE",J23="N/A"),OR(K23="CUMPLE",K23="N/A"),OR(L23="CUMPLE",L23="N/A"),OR(M23="CUMPLE",M23="N/A")),"CUMPLE","NO CUMPLE")) -> NO CUMPLE | O23: =+'K RESIDUAL CALCULO'!N23 -> #DIV/0! | P23: =IF($G$9<=12,$C$9-$G$10*$C$9,(($C$9-$G$10)/$G$9)*12) -> 0 | Q23: =IF(AND(O23>=P23,OR(N23="CUMPLE",N23="N/A"),OR(N24="CUMPLE",N24="N/A"),OR(N25="CUMPLE",N25="N/A"),OR(N26="CUMPLE",N26="N/A")*OR(N27="CUMPLE",N27="N/A")),"CUMPLE","NO CUMPLE") -> #DIV/0! | R23: - El estado de resultados aportado no cuenta con la firma del revisor fiscal según lo solicitado en el pliego de condiciones en el numeral 3.10.2 CALCULO DE LA CAPACIDAD RESIDUAL DEL PROPONENTE (CRP), literal A. CAPACIDAD DE ORGANIZACIÓN, subliteral i. Estado de resultados integral (estado de resultado o pérdida o ganancias), del año en que hayan obtenido el mayor ingreso operacional en los últimos cinco (5) años, debidamente firmado por el representante legal, contador y revisor fiscal y/o contador independiente (externo), si están obligados a tenerlos -- Se debe aportar el informe del revisor fiscal - Se deben aportar los documentos del revisor fiscal (TP y certificado de antecedentes)
C24: =IF(VLOOKUP(B23,PROPONENTES!$B$10:$N$16,4,FALSE)="","",VLOOKUP(B23,PROPONENTES!$B$10:$N$16,4,FALSE)) -> C.C.P INGENIEROS S.A.S | D24: =VLOOKUP(B23,PROPONENTES!$B$10:$N$16,5,FALSE) -> 0.6 | N24: =IF(C24="","N/A",IF(AND(OR(E24="CUMPLE",E24="N/A"),OR(F24="CUMPLE",F24="N/A"),OR(G24="CUMPLE",G24="N/A"),OR(H24="CUMPLE",H24="N/A"),OR(I24="CUMPLE",I24="N/A"),OR(J24="CUMPLE",J24="N/A"),OR(K24="CUMPLE",K24="N/A"),OR(L24="CUMPLE",L24="N/A"),OR(M24="CUMPLE",M24="N/A")),"CUMPLE","NO CUMPLE")) -> NO CUMPLE
C25: =IF(VLOOKUP(B23,PROPONENTES!$B$10:$N$16,6,FALSE)="","",VLOOKUP(B23,PROPONENTES!$B$10:$N$16,6,FALSE)) | D25: =VLOOKUP(B23,PROPONENTES!$B$10:$N$16,7,FALSE) -> 0 | N25: =IF(C25="","N/A",IF(AND(OR(E25="CUMPLE",E25="N/A"),OR(F25="CUMPLE",F25="N/A"),OR(G25="CUMPLE",G25="N/A"),OR(H25="CUMPLE",H25="N/A"),OR(I25="CUMPLE",I25="N/A"),OR(J25="CUMPLE",J25="N/A"),OR(K25="CUMPLE",K25="N/A"),OR(L25="CUMPLE",L25="N/A"),OR(M25="CUMPLE",M25="N/A")),"CUMPLE","NO CUMPLE")) -> N/A
C26: =IF(VLOOKUP(B23,PROPONENTES!$B$10:$N$16,8,FALSE)="","",VLOOKUP(B23,PROPONENTES!$B$10:$N$16,8,FALSE)) | D26: =VLOOKUP(B23,PROPONENTES!$B$10:$N$16,9,FALSE) -> 0 | N26: =IF(C26="","N/A",IF(AND(OR(E26="CUMPLE",E26="N/A"),OR(F26="CUMPLE",F26="N/A"),OR(G26="CUMPLE",G26="N/A"),OR(H26="CUMPLE",H26="N/A"),OR(I26="CUMPLE",I26="N/A"),OR(J26="CUMPLE",J26="N/A"),OR(K26="CUMPLE",K26="N/A"),OR(L26="CUMPLE",L26="N/A"),OR(M26="CUMPLE",M26="N/A")),"CUMPLE","NO CUMPLE")) -> N/A
C27: =IF(VLOOKUP(B23,PROPONENTES!$B$10:$N$16,8,FALSE)="","",VLOOKUP(B23,PROPONENTES!$B$10:$N$16,10,FALSE)) | D27: =VLOOKUP(B23,PROPONENTES!$B$10:$N$16,11,FALSE) -> 0 | N27: =IF(C27="","N/A",IF(AND(OR(E27="CUMPLE",E27="N/A"),OR(F27="CUMPLE",F27="N/A"),OR(G27="CUMPLE",G27="N/A"),OR(H27="CUMPLE",H27="N/A"),OR(I27="CUMPLE",I27="N/A"),OR(J27="CUMPLE",J27="N/A"),OR(K27="CUMPLE",K27="N/A"),OR(L27="CUMPLE",L27="N/A"),OR(M27="CUMPLE",M27="N/A")),"CUMPLE","NO CUMPLE")) -> N/A
A28: 4 | B28: =+PROPONENTES!B13 -> CONSORCIO MEB VIAL | C28: =IF(VLOOKUP(B28,PROPONENTES!$B$10:$N$16,2,FALSE)="","",VLOOKUP(B28,PROPONENTES!$B$10:$N$16,2,FALSE)) -> EMIRO CARLOS BARGUIL CUBILLOS | D28: =VLOOKUP(B28,PROPONENTES!$B$10:$N$16,3,FALSE) -> 0.1 | E28: CUMPLE | F28: CUMPLE | G28: CUMPLE | H28: CUMPLE | I28: CUMPLE | J28: N/A | K28: CUMPLE | L28: CUMPLE | M28: CUMPLE | N28: =IF(C28="","N/A",IF(AND(OR(E28="CUMPLE",E28="N/A"),OR(F28="CUMPLE",F28="N/A"),OR(G28="CUMPLE",G28="N/A"),OR(H28="CUMPLE",H28="N/A"),OR(I28="CUMPLE",I28="N/A"),OR(J28="CUMPLE",J28="N/A"),OR(K28="CUMPLE",K28="N/A"),OR(L28="CUMPLE",L28="N/A"),OR(M28="CUMPLE",M28="N/A")),"CUMPLE","NO CUMPLE")) -> CUMPLE | O28: =+'K RESIDUAL CALCULO'!N28 -> #DIV/0! | P28: =IF($G$9<=12,$C$9-$G$10*$C$9,(($C$9-$G$10)/$G$9)*12) -> 0 | Q28: =IF(AND(O28>=P28,OR(N28="CUMPLE",N28="N/A"),OR(N29="CUMPLE",N29="N/A"),OR(N30="CUMPLE",N30="N/A"),OR(N31="CUMPLE",N31="N/A")*OR(N32="CUMPLE",N32="N/A")),"CUMPLE","NO CUMPLE") -> #DIV/0! | R28: El CIVIL CONSTRUCTOR SAS, no presenta el informe de auditoria correspondiente.
C29: =IF(VLOOKUP(B28,PROPONENTES!$B$10:$N$16,4,FALSE)="","",VLOOKUP(B28,PROPONENTES!$B$10:$N$16,4,FALSE)) -> ARMAR CONSTRUCCIONES S.A.S | D29: =VLOOKUP(B28,PROPONENTES!$B$10:$N$16,5,FALSE) -> 0.4 | E29: CUMPLE | F29: CUMPLE | G29: CUMPLE | H29: NO CUMPLE | I29: CUMPLE | J29: N/A | K29: CUMPLE | L29: CUMPLE | M29: CUMPLE | N29: =IF(C29="","N/A",IF(AND(OR(E29="CUMPLE",E29="N/A"),OR(F29="CUMPLE",F29="N/A"),OR(G29="CUMPLE",G29="N/A"),OR(H29="CUMPLE",H29="N/A"),OR(I29="CUMPLE",I29="N/A"),OR(J29="CUMPLE",J29="N/A"),OR(K29="CUMPLE",K29="N/A"),OR(L29="CUMPLE",L29="N/A"),OR(M29="CUMPLE",M29="N/A")),"CUMPLE","NO CUMPLE")) -> NO CUMPLE
C30: =IF(VLOOKUP(B28,PROPONENTES!$B$10:$N$16,6,FALSE)="","",VLOOKUP(B28,PROPONENTES!$B$10:$N$16,6,FALSE)) -> MINATORE S.A.S | D30: =VLOOKUP(B28,PROPONENTES!$B$10:$N$16,7,FALSE) -> 0.5 | N30: =IF(C30="","N/A",IF(AND(OR(E30="CUMPLE",E30="N/A"),OR(F30="CUMPLE",F30="N/A"),OR(G30="CUMPLE",G30="N/A"),OR(H30="CUMPLE",H30="N/A"),OR(I30="CUMPLE",I30="N/A"),OR(J30="CUMPLE",J30="N/A"),OR(K30="CUMPLE",K30="N/A"),OR(L30="CUMPLE",L30="N/A"),OR(M30="CUMPLE",M30="N/A")),"CUMPLE","NO CUMPLE")) -> NO CUMPLE
C31: =IF(VLOOKUP(B28,PROPONENTES!$B$10:$N$16,8,FALSE)="","",VLOOKUP(B28,PROPONENTES!$B$10:$N$16,8,FALSE)) | D31: =VLOOKUP(B28,PROPONENTES!$B$10:$N$16,9,FALSE) -> 0 | N31: =IF(C31="","N/A",IF(AND(OR(E31="CUMPLE",E31="N/A"),OR(F31="CUMPLE",F31="N/A"),OR(G31="CUMPLE",G31="N/A"),OR(H31="CUMPLE",H31="N/A"),OR(I31="CUMPLE",I31="N/A"),OR(J31="CUMPLE",J31="N/A"),OR(K31="CUMPLE",K31="N/A"),OR(L31="CUMPLE",L31="N/A"),OR(M31="CUMPLE",M31="N/A")),"CUMPLE","NO CUMPLE")) -> N/A
C32: =IF(VLOOKUP(B28,PROPONENTES!$B$10:$N$16,8,FALSE)="","",VLOOKUP(B28,PROPONENTES!$B$10:$N$16,10,FALSE)) | D32: =VLOOKUP(B28,PROPONENTES!$B$10:$N$16,11,FALSE) -> 0 | N32: =IF(C32="","N/A",IF(AND(OR(E32="CUMPLE",E32="N/A"),OR(F32="CUMPLE",F32="N/A"),OR(G32="CUMPLE",G32="N/A"),OR(H32="CUMPLE",H32="N/A"),OR(I32="CUMPLE",I32="N/A"),OR(J32="CUMPLE",J32="N/A"),OR(K32="CUMPLE",K32="N/A"),OR(L32="CUMPLE",L32="N/A"),OR(M32="CUMPLE",M32="N/A")),"CUMPLE","NO CUMPLE")) -> N/A
A33: 5 | B33: =+PROPONENTES!B14 -> CONSORCIO CONSERVACION DK | C33: =IF(VLOOKUP(B33,PROPONENTES!$B$10:$N$16,2,FALSE)="","",VLOOKUP(B33,PROPONENTES!$B$10:$N$16,2,FALSE)) -> KAP CONSTRUCCIONES SAS | D33: =VLOOKUP(B33,PROPONENTES!$B$10:$N$16,3,FALSE) -> 0.5 | E33: CUMPLE | F33: NO CUMPLE | G33: NO CUMPLE | H33: NO CUMPLE | I33: NO CUMPLE | J33: N/A | K33: NO CUMPLE | L33: NO CUMPLE | M33: NO CUMPLE | N33: =IF(C33="","N/A",IF(AND(OR(E33="CUMPLE",E33="N/A"),OR(F33="CUMPLE",F33="N/A"),OR(G33="CUMPLE",G33="N/A"),OR(H33="CUMPLE",H33="N/A"),OR(I33="CUMPLE",I33="N/A"),OR(J33="CUMPLE",J33="N/A"),OR(K33="CUMPLE",K33="N/A"),OR(L33="CUMPLE",L33="N/A"),OR(M33="CUMPLE",M33="N/A")),"CUMPLE","NO CUMPLE")) -> NO CUMPLE | O33: =+'K RESIDUAL CALCULO'!N33 -> #DIV/0! | P33: =IF($G$9<=12,$C$9-$G$10*$C$9,(($C$9-$G$10)/$G$9)*12) -> 0 | Q33: =IF(AND(O33>=P33,OR(N33="CUMPLE",N33="N/A"),OR(N34="CUMPLE",N34="N/A"),OR(N35="CUMPLE",N35="N/A"),OR(N36="CUMPLE",N36="N/A")*OR(N37="CUMPLE",N37="N/A")),"CUMPLE","NO CUMPLE") -> #DIV/0! | R33: Los integrantes del proponenete no presentan los formatos 5, ni los documentos solicitados en el numeral 3,10, motivo por el cual es imposible calcular el K residual.
C34: =IF(VLOOKUP(B33,PROPONENTES!$B$10:$N$16,4,FALSE)="","",VLOOKUP(B33,PROPONENTES!$B$10:$N$16,4,FALSE)) -> DBD INGENIERIA SAS | D34: =VLOOKUP(B33,PROPONENTES!$B$10:$N$16,5,FALSE) -> 0.5 | E34: CUMPLE | F34: NO CUMPLE | G34: NO CUMPLE | H34: NO CUMPLE | I34: NO CUMPLE | J34: N/A | K34: NO CUMPLE | L34: NO CUMPLE | M34: CUMPLE | N34: =IF(C34="","N/A",IF(AND(OR(E34="CUMPLE",E34="N/A"),OR(F34="CUMPLE",F34="N/A"),OR(G34="CUMPLE",G34="N/A"),OR(H34="CUMPLE",H34="N/A"),OR(I34="CUMPLE",I34="N/A"),OR(J34="CUMPLE",J34="N/A"),OR(K34="CUMPLE",K34="N/A"),OR(L34="CUMPLE",L34="N/A"),OR(M34="CUMPLE",M34="N/A")),"CUMPLE","NO CUMPLE")) -> NO CUMPLE
C35: =IF(VLOOKUP(B33,PROPONENTES!$B$10:$N$16,6,FALSE)="","",VLOOKUP(B33,PROPONENTES!$B$10:$N$16,6,FALSE)) | D35: =VLOOKUP(B33,PROPONENTES!$B$10:$N$16,7,FALSE) -> 0 | N35: =IF(C35="","N/A",IF(AND(OR(E35="CUMPLE",E35="N/A"),OR(F35="CUMPLE",F35="N/A"),OR(G35="CUMPLE",G35="N/A"),OR(H35="CUMPLE",H35="N/A"),OR(I35="CUMPLE",I35="N/A"),OR(J35="CUMPLE",J35="N/A"),OR(K35="CUMPLE",K35="N/A"),OR(L35="CUMPLE",L35="N/A"),OR(M35="CUMPLE",M35="N/A")),"CUMPLE","NO CUMPLE")) -> N/A
C36: =IF(VLOOKUP(B33,PROPONENTES!$B$10:$N$16,8,FALSE)="","",VLOOKUP(B33,PROPONENTES!$B$10:$N$16,8,FALSE)) | D36: =VLOOKUP(B33,PROPONENTES!$B$10:$N$16,9,FALSE) -> 0 | N36: =IF(C36="","N/A",IF(AND(OR(E36="CUMPLE",E36="N/A"),OR(F36="CUMPLE",F36="N/A"),OR(G36="CUMPLE",G36="N/A"),OR(H36="CUMPLE",H36="N/A"),OR(I36="CUMPLE",I36="N/A"),OR(J36="CUMPLE",J36="N/A"),OR(K36="CUMPLE",K36="N/A"),OR(L36="CUMPLE",L36="N/A"),OR(M36="CUMPLE",M36="N/A")),"CUMPLE","NO CUMPLE")) -> N/A
C37: =IF(VLOOKUP(B33,PROPONENTES!$B$10:$N$16,8,FALSE)="","",VLOOKUP(B33,PROPONENTES!$B$10:$N$16,10,FALSE)) | D37: =VLOOKUP(B33,PROPONENTES!$B$10:$N$16,11,FALSE) -> 0 | N37: =IF(C37="","N/A",IF(AND(OR(E37="CUMPLE",E37="N/A"),OR(F37="CUMPLE",F37="N/A"),OR(G37="CUMPLE",G37="N/A"),OR(H37="CUMPLE",H37="N/A"),OR(I37="CUMPLE",I37="N/A"),OR(J37="CUMPLE",J37="N/A"),OR(K37="CUMPLE",K37="N/A"),OR(L37="CUMPLE",L37="N/A"),OR(M37="CUMPLE",M37="N/A")),"CUMPLE","NO CUMPLE")) -> N/A
A38: 6 | B38: =+PROPONENTES!B15 -> CONSORCIO USAQUEN VIAL 2025 | C38: =IF(VLOOKUP(B38,PROPONENTES!$B$10:$N$16,2,FALSE)="","",VLOOKUP(B38,PROPONENTES!$B$10:$N$16,2,FALSE)) -> CONSTRUCCIONES CORPOVIAL S.A.S | D38: =VLOOKUP(B38,PROPONENTES!$B$10:$N$16,3,FALSE) -> 0.5 | E38: CUMPLE | F38: CUMPLE | G38: CUMPLE | H38: CUMPLE | I38: NO CUMPLE | J38: N/A | K38: CUMPLE | L38: CUMPLE | M38: CUMPLE | N38: =IF(C38="","N/A",IF(AND(OR(E38="CUMPLE",E38="N/A"),OR(F38="CUMPLE",F38="N/A"),OR(G38="CUMPLE",G38="N/A"),OR(H38="CUMPLE",H38="N/A"),OR(I38="CUMPLE",I38="N/A"),OR(J38="CUMPLE",J38="N/A"),OR(K38="CUMPLE",K38="N/A"),OR(L38="CUMPLE",L38="N/A"),OR(M38="CUMPLE",M38="N/A")),"CUMPLE","NO CUMPLE")) -> NO CUMPLE | O38: =+'K RESIDUAL CALCULO'!N38 -> #DIV/0! | P38: =IF($G$9<=12,$C$9-$G$10*$C$9,(($C$9-$G$10)/$G$9)*12) -> 0 | Q38: =IF(AND(O38>=P38,OR(N38="CUMPLE",N38="N/A"),OR(N39="CUMPLE",N39="N/A"),OR(N40="CUMPLE",N40="N/A"),OR(N41="CUMPLE",N41="N/A")*OR(N42="CUMPLE",N42="N/A")),"CUMPLE","NO CUMPLE") -> #DIV/0! | R38: El contador Neil Constantino Zarate identificado con C.C. 79.055.708 no aporta un certificado de antecedentes de contador vigente, ya que el certificado que se adjunta a la oferta tiene fecha de expedición del 9 de agosto 2021 y estos certificados solamente tienen tres (3) meses de vigencia. Por lo tanto, el certificado aportado por el contador Neil Constantino Zarate, no está vigente a la fecha de la presentación de las ofertas cuya fecha de cierre fue el 26 de noviembre de 2021. Lo anterior, se hace necesario indicar para dar cumplimiento a lo establecido en el pliego de condiciones y los demás documentos contractuales de la licitación pública FDLK-LP-12-2021.
C39: =IF(VLOOKUP(B38,PROPONENTES!$B$10:$N$16,4,FALSE)="","",VLOOKUP(B38,PROPONENTES!$B$10:$N$16,4,FALSE)) -> LIBERTY CONSTRUCTORA DEL CARIBE S.A.S. | D39: =VLOOKUP(B38,PROPONENTES!$B$10:$N$16,5,FALSE) -> 0.5 | N39: =IF(C39="","N/A",IF(AND(OR(E39="CUMPLE",E39="N/A"),OR(F39="CUMPLE",F39="N/A"),OR(G39="CUMPLE",G39="N/A"),OR(H39="CUMPLE",H39="N/A"),OR(I39="CUMPLE",I39="N/A"),OR(J39="CUMPLE",J39="N/A"),OR(K39="CUMPLE",K39="N/A"),OR(L39="CUMPLE",L39="N/A"),OR(M39="CUMPLE",M39="N/A")),"CUMPLE","NO CUMPLE")) -> NO CUMPLE
C40: =IF(VLOOKUP(B38,PROPONENTES!$B$10:$N$16,6,FALSE)="","",VLOOKUP(B38,PROPONENTES!$B$10:$N$16,6,FALSE)) | D40: =VLOOKUP(B38,PROPONENTES!$B$10:$N$16,7,FALSE) -> 0 | N40: =IF(C40="","N/A",IF(AND(OR(E40="CUMPLE",E40="N/A"),OR(F40="CUMPLE",F40="N/A"),OR(G40="CUMPLE",G40="N/A"),OR(H40="CUMPLE",H40="N/A"),OR(I40="CUMPLE",I40="N/A"),OR(J40="CUMPLE",J40="N/A"),OR(K40="CUMPLE",K40="N/A"),OR(L40="CUMPLE",L40="N/A"),OR(M40="CUMPLE",M40="N/A")),"CUMPLE","NO CUMPLE")) -> N/A
C41: =IF(VLOOKUP(B38,PROPONENTES!$B$10:$N$16,8,FALSE)="","",VLOOKUP(B38,PROPONENTES!$B$10:$N$16,8,FALSE)) | D41: =VLOOKUP(B38,PROPONENTES!$B$10:$N$16,9,FALSE) -> 0 | N41: =IF(C41="","N/A",IF(AND(OR(E41="CUMPLE",E41="N/A"),OR(F41="CUMPLE",F41="N/A"),OR(G41="CUMPLE",G41="N/A"),OR(H41="CUMPLE",H41="N/A"),OR(I41="CUMPLE",I41="N/A"),OR(J41="CUMPLE",J41="N/A"),OR(K41="CUMPLE",K41="N/A"),OR(L41="CUMPLE",L41="N/A"),OR(M41="CUMPLE",M41="N/A")),"CUMPLE","NO CUMPLE")) -> N/A
C42: =IF(VLOOKUP(B38,PROPONENTES!$B$10:$N$16,8,FALSE)="","",VLOOKUP(B38,PROPONENTES!$B$10:$N$16,10,FALSE)) | D42: =VLOOKUP(B38,PROPONENTES!$B$10:$N$16,11,FALSE) -> 0 | N42: =IF(C42="","N/A",IF(AND(OR(E42="CUMPLE",E42="N/A"),OR(F42="CUMPLE",F42="N/A"),OR(G42="CUMPLE",G42="N/A"),OR(H42="CUMPLE",H42="N/A"),OR(I42="CUMPLE",I42="N/A"),OR(J42="CUMPLE",J42="N/A"),OR(K42="CUMPLE",K42="N/A"),OR(L42="CUMPLE",L42="N/A"),OR(M42="CUMPLE",M42="N/A")),"CUMPLE","NO CUMPLE")) -> N/A
A43: 7 | B43: =+PROPONENTES!B16 -> CONSORCIO VIAS URBANAS | C43: =IF(VLOOKUP(B43,PROPONENTES!$B$10:$N$16,2,FALSE)="","",VLOOKUP(B43,PROPONENTES!$B$10:$N$16,2,FALSE)) -> CONSTRUCCIONES, DISEÑOS Y OBRAS CIVILES S.A.S | D43: =VLOOKUP(B43,PROPONENTES!$B$10:$N$16,3,FALSE) -> 0.5 | E43: CUMPLE | F43: CUMPLE | G43: CUMPLE | H43: NO CUMPLE | I43: NO CUMPLE | J43: N/A | K43: CUMPLE | L43: CUMPLE | M43: CUMPLE | N43: =IF(C43="","N/A",IF(AND(OR(E43="CUMPLE",E43="N/A"),OR(F43="CUMPLE",F43="N/A"),OR(G43="CUMPLE",G43="N/A"),OR(H43="CUMPLE",H43="N/A"),OR(I43="CUMPLE",I43="N/A"),OR(J43="CUMPLE",J43="N/A"),OR(K43="CUMPLE",K43="N/A"),OR(L43="CUMPLE",L43="N/A"),OR(M43="CUMPLE",M43="N/A")),"CUMPLE","NO CUMPLE")) -> NO CUMPLE | O43: =+'K RESIDUAL CALCULO'!N43 -> #DIV/0! | P43: =IF($G$9<=12,$C$9-$G$10*$C$9,(($C$9-$G$10)/$G$9)*12) -> 0 | Q43: =IF(AND(O43>=P43,OR(N43="CUMPLE",N43="N/A"),OR(N44="CUMPLE",N44="N/A"),OR(N45="CUMPLE",N45="N/A"),OR(N46="CUMPLE",N46="N/A")*OR(N47="CUMPLE",N47="N/A")),"CUMPLE","NO CUMPLE") -> #DIV/0! | R43: Los proponentes que conforman la UNION TEMPORAL KENNEDY VEHICULAR, NO aportan el informe de auditoría de los estados financieros debidamente suscrito por un revisor fiscal o un contador independiente. Por otro lado, los dos proponentes que conforman al oferente UNION TEMPORAL KENNEDY VEHICULAR NO aportan la tarjeta profesional de los contadores que firman los documentos presentados en la propuesta, ni tampoco el certificado de antecedentes profesionales vigente de los contadores (certificado de la junta de contadores). Lo anterior, se hace necesario indicar para dar cumplimiento a lo establecido en el pliego de condiciones y los demás documentos contractuales de la licitación pública FDLK-LP-12-2021.
C44: =IF(VLOOKUP(B43,PROPONENTES!$B$10:$N$16,4,FALSE)="","",VLOOKUP(B43,PROPONENTES!$B$10:$N$16,4,FALSE)) -> AXECOL SAS | D44: =VLOOKUP(B43,PROPONENTES!$B$10:$N$16,5,FALSE) -> 0.5 | E44: CUMPLE | F44: CUMPLE | G44: CUMPLE | H44: NO CUMPLE | I44: NO CUMPLE | J44: N/A | K44: CUMPLE | L44: CUMPLE | M44: CUMPLE | N44: =IF(C44="","N/A",IF(AND(OR(E44="CUMPLE",E44="N/A"),OR(F44="CUMPLE",F44="N/A"),OR(G44="CUMPLE",G44="N/A"),OR(H44="CUMPLE",H44="N/A"),OR(I44="CUMPLE",I44="N/A"),OR(J44="CUMPLE",J44="N/A"),OR(K44="CUMPLE",K44="N/A"),OR(L44="CUMPLE",L44="N/A"),OR(M44="CUMPLE",M44="N/A")),"CUMPLE","NO CUMPLE")) -> NO CUMPLE
C45: =IF(VLOOKUP(B43,PROPONENTES!$B$10:$N$16,6,FALSE)="","",VLOOKUP(B43,PROPONENTES!$B$10:$N$16,6,FALSE)) | D45: =VLOOKUP(B43,PROPONENTES!$B$10:$N$16,7,FALSE) -> 0 | N45: =IF(C45="","N/A",IF(AND(OR(E45="CUMPLE",E45="N/A"),OR(F45="CUMPLE",F45="N/A"),OR(G45="CUMPLE",G45="N/A"),OR(H45="CUMPLE",H45="N/A"),OR(I45="CUMPLE",I45="N/A"),OR(J45="CUMPLE",J45="N/A"),OR(K45="CUMPLE",K45="N/A"),OR(L45="CUMPLE",L45="N/A"),OR(M45="CUMPLE",M45="N/A")),"CUMPLE","NO CUMPLE")) -> N/A
C46: =IF(VLOOKUP(B43,PROPONENTES!$B$10:$N$16,8,FALSE)="","",VLOOKUP(B43,PROPONENTES!$B$10:$N$16,8,FALSE)) | D46: =VLOOKUP(B43,PROPONENTES!$B$10:$N$16,9,FALSE) -> 0 | N46: =IF(C46="","N/A",IF(AND(OR(E46="CUMPLE",E46="N/A"),OR(F46="CUMPLE",F46="N/A"),OR(G46="CUMPLE",G46="N/A"),OR(H46="CUMPLE",H46="N/A"),OR(I46="CUMPLE",I46="N/A"),OR(J46="CUMPLE",J46="N/A"),OR(K46="CUMPLE",K46="N/A"),OR(L46="CUMPLE",L46="N/A"),OR(M46="CUMPLE",M46="N/A")),"CUMPLE","NO CUMPLE")) -> N/A
C47: =IF(VLOOKUP(B43,PROPONENTES!$B$10:$N$16,8,FALSE)="","",VLOOKUP(B43,PROPONENTES!$B$10:$N$16,10,FALSE)) | D47: =VLOOKUP(B43,PROPONENTES!$B$10:$N$16,11,FALSE) -> 0 | N47: =IF(C47="","N/A",IF(AND(OR(E47="CUMPLE",E47="N/A"),OR(F47="CUMPLE",F47="N/A"),OR(G47="CUMPLE",G47="N/A"),OR(H47="CUMPLE",H47="N/A"),OR(I47="CUMPLE",I47="N/A"),OR(J47="CUMPLE",J47="N/A"),OR(K47="CUMPLE",K47="N/A"),OR(L47="CUMPLE",L47="N/A"),OR(M47="CUMPLE",M47="N/A")),"CUMPLE","NO CUMPLE")) -> N/A

Sheet K RESIDUAL CALCULO
A2: FONDO DE DESARROLLO LOCAL DE KENNEDY
A4: ='DATOS INICIALES'!G4 -> FDLUSA-LP-002-2024
A6: Ciudad | C6: BOGOTÁ D.C | D6: Fecha de Evaluación | G6: 44498
A7: DATOS GENERALES
A8: OBJETO DE LA CONVOCATORIA | C8: ='DATOS INICIALES'!D2 -> CONTRATAR POR EL SISTEMA DE PRECIOS UNITARIOS FIJOS Y A MONTO AGOTABLE LA INTERVENCIÓN DE LOS ELEMENTOS DE LA MALLA VIAL LOCAL E INTERMEDIA, ESPACIO PÚBLICO Y CICLOINFRAESTRUCTURA DE LA LOCALIDAD DE USAQUÉN EN BOGOTÁ CON OBRAS Y ACTIVIDADES DE CONSERVACIÓN
A9: VALOR DEL PROCESO EN PESOS | C9: =+'DATOS INICIALES'!C6 -> 0 | F9: PLAZO DEL CONTRATO (MESES) | G9: 4
A10: VALOR DEL PROCESO EN SMMLV | C10: =C9/'DATOS INICIALES'!B44 -> 0 | F10: ANTICIPO | G10: 0
A12: No. | B12: PROPONENTE | C12: INTEGRANTE | D12: % | E12: INDICE DE LIQUIDEZ | F12: MEJOR INGRESO OPERACIONAL DE LOS ULTIMOS 5 AÑOS | G12: VALOR TOTAL CONTRATOS CODIGO 72 | H12: CANTIDAD DE SOCIOS Y PROFESIONALES DE LA ARQUITECTURA, INGENIERÍA Y GEOLOGÍA VINCULADOS | I12: SALDO DE CONTRATOS EN EJECUCIÓN | J12: PUNTAJE EXPERIENCIA (E) | K12: CAPACIDAD FINANCIERA (CF) | L12: CAPACIDAD TECNICA (CT) | M12: K RESIDUAL | N12: K RESIDUAL ACREDITADO | O12: K RESIDUAL REQUERIDO | P12: CONCEPTO
A13: 1 | B13: =+PROPONENTES!B10 -> CONSORCIO EL TAMBILLO | C13: =IF(VLOOKUP(B13,PROPONENTES!$B$10:$N$16,2,FALSE)="","",VLOOKUP(B13,PROPONENTES!$B$10:$N$16,2,FALSE)) -> ISAIAS VARGAS GONZALEZ | D13: =VLOOKUP(B13,PROPONENTES!$B$10:$N$16,3,FALSE) -> 0.5 | E13: 7.69 | F13: 1143587893 | G13: 4.7581519e+10 | H13: 1 | I13: 114692409 | J13: =IF(C13="","",IF(AND((G13/($C$9*D13))>0,(G13/($C$9*D13))<=3),60,IF(AND((G13/($C$9*D13))>3,(G13/($C$9*D13))<=6),80,IF(AND((G13/($C$9*D13))>6,(G13/($C$9*D13))<=10),100,IF((G13/($C$9*D13))>10,120,))))) -> #DIV/0! | K13: =IF(C13="","",IF(AND(E13>0,E13<=0.5),20,IF(AND(E13>0.5,E13<=0.75),25,IF(AND(E13>0.75,E13<=1),30,IF(AND(E13>1,E13<=1.5),35,IF(E13>1.5,40)))))) -> 40 | L13: =IF(C13="","",IF(AND(H13>=1,H13<=5),20,IF(AND(H13>=6,H13<=10),30,IF(H13>=11,40,)))) -> 20 | M13: =+IF(C13="","",(F13*(J13+K13+L13)/100)-I13) -> #DIV/0! | N13: =SUM(M13:M17) -> #DIV/0! | O13: =IF($G$9<=12,$C$9-$G$10*$C$9,(($C$9-$G$10)/$G$9)*12) -> 0 | P13: =IF(N13>=O13,"CUMPLE","NO CUMPLE") -> #DIV/0!
C14: =IF(VLOOKUP(B13,PROPONENTES!$B$10:$N$16,4,FALSE)="","",VLOOKUP(B13,PROPONENTES!$B$10:$N$16,4,FALSE)) -> V & M INGENIERIA S.A.S. | D14: =VLOOKUP(B13,PROPONENTES!$B$10:$N$16,5,FALSE) -> 0.5 | E14: 4.93 | F14: 1.2605074e+08 | G14: 2.0725185e+10 | H14: 1 | I14: 473451635 | J14: =IF(C14="","",IF(AND((G14/($C$9*D14))>0,(G14/($C$9*D14))<=3),60,IF(AND((G14/($C$9*D14))>3,(G14/($C$9*D14))<=6),80,IF(AND((G14/($C$9*D14))>6,(G14/($C$9*D14))<=10),100,IF((G14/($C$9*D14))>10,120,))))) -> #DIV/0! | K14: =IF(C14="","",IF(AND(E14>0,E14<=0.5),20,IF(AND(E14>0.5,E14<=0.75),25,IF(AND(E14>0.75,E14<=1),30,IF(AND(E14>1,E14<=1.5),35,IF(E14>1.5,40)))))) -> 40 | L14: =IF(C14="","",IF(AND(H14>=1,H14<=5),20,IF(AND(H14>=6,H14<=10),30,IF(H14>=11,40,)))) -> 20 | M14: =+IF(C14="","",(F14*(J14+K14+L14)/100)-I14) -> #DIV/0!
C15: =IF(VLOOKUP(B13,PROPONENTES!$B$10:$N$16,6,FALSE)="","",VLOOKUP(B13,PROPONENTES!$B$10:$N$16,6,FALSE)) | D15: =VLOOKUP(B13,PROPONENTES!$B$10:$N$16,7,FALSE) -> 0 | J15: =IF(C15="","",IF(AND((G15/($C$9*D15))>0,(G15/($C$9*D15))<=3),60,IF(AND((G15/($C$9*D15))>3,(G15/($C$9*D15))<=6),80,IF(AND((G15/($C$9*D15))>6,(G15/($C$9*D15))<=10),100,IF((G15/($C$9*D15))>10,120,))))) | K15: =IF(C15="","",IF(AND(E15>0,E15<=0.5),20,IF(AND(E15>0.5,E15<=0.75),25,IF(AND(E15>0.75,E15<=1),30,IF(AND(E15>1,E15<=1.5),35,IF(E15>1.5,40)))))) | L15: =IF(C15="","",IF(AND(H15>=1,H15<=5),20,IF(AND(H15>=6,H15<=10),30,IF(H15>=11,40,)))) | M15: =+IF(C15="","",(F15*(J15+K15+L15)/100)-I15)
C16: =IF(VLOOKUP(B13,PROPONENTES!$B$10:$N$16,8,FALSE)="","",VLOOKUP(B13,PROPONENTES!$B$10:$N$16,8,FALSE)) | D16: =VLOOKUP(B13,PROPONENTES!$B$10:$N$16,9,FALSE) -> 0 | J16: =IF(C16="","",IF(AND((G16/($C$9*D16))>0,(G16/($C$9*D16))<=3),60,IF(AND((G16/($C$9*D16))>3,(G16/($C$9*D16))<=6),80,IF(AND((G16/($C$9*D16))>6,(G16/($C$9*D16))<=10),100,IF((G16/($C$9*D16))>10,120,))))) | K16: =IF(C16="","",IF(AND(E16>0,E16<=0.5),20,IF(AND(E16>0.5,E16<=0.75),25,IF(AND(E16>0.75,E16<=1),30,IF(AND(E16>1,E16<=1.5),35,IF(E16>1.5,40)))))) | L16: =IF(C16="","",IF(AND(H16>=1,H16<=5),20,IF(AND(H16>=6,H16<=10),30,IF(H16>=11,40,)))) | M16: =+IF(C16="","",(F16*(J16+K16+L16)/100)-I16)
C17: =IF(VLOOKUP(B13,PROPONENTES!$B$10:$N$16,8,FALSE)="","",VLOOKUP(B13,PROPONENTES!$B$10:$N$16,10,FALSE)) | D17: =VLOOKUP(B13,PROPONENTES!$B$10:$N$16,11,FALSE) -> 0 | J17: =IF(C17="","",IF(AND((G17/($C$9*D17))>0,(G17/($C$9*D17))<=3),60,IF(AND((G17/($C$9*D17))>3,(G17/($C$9*D17))<=6),80,IF(AND((G17/($C$9*D17))>6,(G17/($C$9*D17))<=10),100,IF((G17/($C$9*D17))>10,120,))))) | K17: =IF(C17="","",IF(AND(E17>0,E17<=0.5),20,IF(AND(E17>0.5,E17<=0.75),25,IF(AND(E17>0.75,E17<=1),30,IF(AND(E17>1,E17<=1.5),35,IF(E17>1.5,40)))))) | L17: =IF(C17="","",IF(AND(H17>=1,H17<=5),20,IF(AND(H17>=6,H17<=10),30,IF(H17>=11,40,)))) | M17: =+IF(C17="","",(F17*(J17+K17+L17)/100)-I17)
A18: 2 | B18: =+PROPONENTES!B11 -> UNION TEMPORAL VIAL USAQUN 2024 | C18: =IF(VLOOKUP(B18,PROPONENTES!$B$10:$N$16,2,FALSE)="","",VLOOKUP(B18,PROPONENTES!$B$10:$N$16,2,FALSE)) -> ASFALTEMOS SAS | D18: =VLOOKUP(B18,PROPONENTES!$B$10:$N$16,3,FALSE) -> 0.9 | E18: 9.36 | F18: 3939642522 | G18: 2.2662094e+10 | H18: 9 | I18: 0 | J18: =IF(C18="","",IF(AND((G18/($C$9*D18))>0,(G18/($C$9*D18))<=3),60,IF(AND((G18/($C$9*D18))>3,(G18/($C$9*D18))<=6),80,IF(AND((G18/($C$9*D18))>6,(G18/($C$9*D18))<=10),100,IF((G18/($C$9*D18))>10,120,))))) -> #DIV/0! | K18: =IF(C18="","",IF(AND(E18>0,E18<=0.5),20,IF(AND(E18>0.5,E18<=0.75),25,IF(AND(E18>0.75,E18<=1),30,IF(AND(E18>1,E18<=1.5),35,IF(E18>1.5,40)))))) -> 40 | L18: =IF(C18="","",IF(AND(H18>=1,H18<=5),20,IF(AND(H18>=6,H18<=10),30,IF(H18>=11,40,)))) -> 30 | M18: =+IF(C18="","",(F18*(J18+K18+L18)/100)-I18) -> #DIV/0! | N18: =SUM(M18:M22) -> #DIV/0! | O18: =IF($G$9<=12,$C$9-$G$10*$C$9,(($C$9-$G$10)/$G$9)*12) -> 0 | P18: =IF(B18="","",IF(N18>=O18,"CUMPLE","NO CUMPLE")) -> #DIV/0!
C19: =IF(VLOOKUP(B18,PROPONENTES!$B$10:$N$16,4,FALSE)="","",VLOOKUP(B18,PROPONENTES!$B$10:$N$16,4,FALSE)) -> AGREGADOS MARTÍNEZ SAS | D19: =VLOOKUP(B18,PROPONENTES!$B$10:$N$16,5,FALSE) -> 0.1 | J19: =IF(C19="","",IF(AND((G19/($C$9*D19))>0,(G19/($C$9*D19))<=3),60,IF(AND((G19/($C$9*D19))>3,(G19/($C$9*D19))<=6),80,IF(AND((G19/($C$9*D19))>6,(G19/($C$9*D19))<=10),100,IF((G19/($C$9*D19))>10,120,))))) -> #DIV/0! | K19: =IF(C19="","",IF(AND(E19>0,E19<=0.5),20,IF(AND(E19>0.5,E19<=0.75),25,IF(AND(E19>0.75,E19<=1),30,IF(AND(E19>1,E19<=1.5),35,IF(E19>1.5,40)))))) -> FALSE | L19: =IF(C19="","",IF(AND(H19>=1,H19<=5),20,IF(AND(H19>=6,H19<=10),30,IF(H19>=11,40,)))) -> 0 | M19: =+IF(C19="","",(F19*(J19+K19+L19)/100)-I19) -> #DIV/0!
C20: =IF(VLOOKUP(B18,PROPONENTES!$B$10:$N$16,6,FALSE)="","",VLOOKUP(B18,PROPONENTES!$B$10:$N$16,6,FALSE)) | D20: =VLOOKUP(B18,PROPONENTES!$B$10:$N$16,7,FALSE) -> 0 | J20: =IF(C20="","",IF(AND((G20/($C$9*D20))>0,(G20/($C$9*D20))<=3),60,IF(AND((G20/($C$9*D20))>3,(G20/($C$9*D20))<=6),80,IF(AND((G20/($C$9*D20))>6,(G20/($C$9*D20))<=10),100,IF((G20/($C$9*D20))>10,120,))))) | K20: =IF(C20="","",IF(AND(E20>0,E20<=0.5),20,IF(AND(E20>0.5,E20<=0.75),25,IF(AND(E20>0.75,E20<=1),30,IF(AND(E20>1,E20<=1.5),35,IF(E20>1.5,40)))))) | L20: =IF(C20="","",IF(AND(H20>=1,H20<=5),20,IF(AND(H20>=6,H20<=10),30,IF(H20>=11,40,)))) | M20: =+IF(C20="","",(F20*(J20+K20+L20)/100)-I20)
C21: =IF(VLOOKUP(B18,PROPONENTES!$B$10:$N$16,8,FALSE)="","",VLOOKUP(B18,PROPONENTES!$B$10:$N$16,8,FALSE)) | D21: =VLOOKUP(B18,PROPONENTES!$B$10:$N$16,9,FALSE) -> 0 | J21: =IF(C21="","",IF(AND((G21/($C$9*D21))>0,(G21/($C$9*D21))<=3),60,IF(AND((G21/($C$9*D21))>3,(G21/($C$9*D21))<=6),80,IF(AND((G21/($C$9*D21))>6,(G21/($C$9*D21))<=10),100,IF((G21/($C$9*D21))>10,120,))))) | K21: =IF(C21="","",IF(AND(E21>0,E21<=0.5),20,IF(AND(E21>0.5,E21<=0.75),25,IF(AND(E21>0.75,E21<=1),30,IF(AND(E21>1,E21<=1.5),35,IF(E21>1.5,40)))))) | L21: =IF(C21="","",IF(AND(H21>=1,H21<=5),20,IF(AND(H21>=6,H21<=10),30,IF(H21>=11,40,)))) | M21: =+IF(C21="","",(F21*(J21+K21+L21)/100)-I21)
C22: =IF(VLOOKUP(B18,PROPONENTES!$B$10:$N$16,8,FALSE)="","",VLOOKUP(B18,PROPONENTES!$B$10:$N$16,10,FALSE)) | D22: =VLOOKUP(B18,PROPONENTES!$B$10:$N$16,11,FALSE) -> 0 | J22: =IF(C22="","",IF(AND((G22/($C$9*D22))>0,(G22/($C$9*D22))<=3),60,IF(AND((G22/($C$9*D22))>3,(G22/($C$9*D22))<=6),80,IF(AND((G22/($C$9*D22))>6,(G22/($C$9*D22))<=10),100,IF((G22/($C$9*D22))>10,120,))))) | K22: =IF(C22="","",IF(AND(E22>0,E22<=0.5),20,IF(AND(E22>0.5,E22<=0.75),25,IF(AND(E22>0.75,E22<=1),30,IF(AND(E22>1,E22<=1.5),35,IF(E22>1.5,40)))))) | L22: =IF(C22="","",IF(AND(H22>=1,H22<=5),20,IF(AND(H22>=6,H22<=10),30,IF(H22>=11,40,)))) | M22: =+IF(C22="","",(F22*(J22+K22+L22)/100)-I22)
A23: 3 | B23: =+PROPONENTES!B12 -> CONSORCIO CCU | C23: =IF(VLOOKUP(B23,PROPONENTES!$B$10:$N$16,2,FALSE)="","",VLOOKUP(B23,PROPONENTES!$B$10:$N$16,2,FALSE)) -> CLAUDIA STELLA CARVAJAL PINEDA | D23: =VLOOKUP(B23,PROPONENTES!$B$10:$N$16,3,FALSE) -> 0.4 | E23: 61.61 | F23: 2950600000 | G23: 1.8288205e+10 | H23: 1 | I23: 3.7016722e+08 | J23: =IF(C23="","",IF(AND((G23/($C$9*D23))>0,(G23/($C$9*D23))<=3),60,IF(AND((G23/($C$9*D23))>3,(G23/($C$9*D23))<=6),80,IF(AND((G23/($C$9*D23))>6,(G23/($C$9*D23))<=10),100,IF((G23/($C$9*D23))>10,120,))))) -> #DIV/0! | K23: =IF(C23="","",IF(AND(E23>0,E23<=0.5),20,IF(AND(E23>0.5,E23<=0.75),25,IF(AND(E23>0.75,E23<=1),30,IF(AND(E23>1,E23<=1.5),35,IF(E23>1.5,40)))))) -> 40 | L23: =IF(C23="","",IF(AND(H23>=1,H23<=5),20,IF(AND(H23>=6,H23<=10),30,IF(H23>=11,40,)))) -> 20 | M23: =+IF(C23="","",(F23*(J23+K23+L23)/100)-I23) -> #DIV/0! | N23: =SUM(M23:M27) -> #DIV/0! | O23: =IF($G$9<=12,$C$9-$G$10*$C$9,(($C$9-$G$10)/$G$9)*12) -> 0 | P23: =IF(N23>=O23,"CUMPLE","NO CUMPLE") -> #DIV/0!
C24: =IF(VLOOKUP(B23,PROPONENTES!$B$10:$N$16,4,FALSE)="","",VLOOKUP(B23,PROPONENTES!$B$10:$N$16,4,FALSE)) -> C.C.P INGENIEROS S.A.S | D24: =VLOOKUP(B23,PROPONENTES!$B$10:$N$16,5,FALSE) -> 0.6 | J24: =IF(C24="","",IF(AND((G24/($C$9*D24))>0,(G24/($C$9*D24))<=3),60,IF(AND((G24/($C$9*D24))>3,(G24/($C$9*D24))<=6),80,IF(AND((G24/($C$9*D24))>6,(G24/($C$9*D24))<=10),100,IF((G24/($C$9*D24))>10,120,))))) -> #DIV/0! | K24: =IF(C24="","",IF(AND(E24>0,E24<=0.5),20,IF(AND(E24>0.5,E24<=0.75),25,IF(AND(E24>0.75,E24<=1),30,IF(AND(E24>1,E24<=1.5),35,IF(E24>1.5,40)))))) -> FALSE | L24: =IF(C24="","",IF(AND(H24>=1,H24<=5),20,IF(AND(H24>=6,H24<=10),30,IF(H24>=11,40,)))) -> 0 | M24: =+IF(C24="","",(F24*(J24+K24+L24)/100)-I24) -> #DIV/0!
C25: =IF(VLOOKUP(B23,PROPONENTES!$B$10:$N$16,6,FALSE)="","",VLOOKUP(B23,PROPONENTES!$B$10:$N$16,6,FALSE)) | D25: =VLOOKUP(B23,PROPONENTES!$B$10:$N$16,7,FALSE) -> 0 | J25: =IF(C25="","",IF(AND((G25/($C$9*D25))>0,(G25/($C$9*D25))<=3),60,IF(AND((G25/($C$9*D25))>3,(G25/($C$9*D25))<=6),80,IF(AND((G25/($C$9*D25))>6,(G25/($C$9*D25))<=10),100,IF((G25/($C$9*D25))>10,120,))))) | K25: =IF(C25="","",IF(AND(E25>0,E25<=0.5),20,IF(AND(E25>0.5,E25<=0.75),25,IF(AND(E25>0.75,E25<=1),30,IF(AND(E25>1,E25<=1.5),35,IF(E25>1.5,40)))))) | L25: =IF(C25="","",IF(AND(H25>=1,H25<=5),20,IF(AND(H25>=6,H25<=10),30,IF(H25>=11,40,)))) | M25: =+IF(C25="","",(F25*(J25+K25+L25)/100)-I25)
C26: =IF(VLOOKUP(B23,PROPONENTES!$B$10:$N$16,8,FALSE)="","",VLOOKUP(B23,PROPONENTES!$B$10:$N$16,8,FALSE)) | D26: =VLOOKUP(B23,PROPONENTES!$B$10:$N$16,9,FALSE) -> 0 | J26: =IF(C26="","",IF(AND((G26/($C$9*D26))>0,(G26/($C$9*D26))<=3),60,IF(AND((G26/($C$9*D26))>3,(G26/($C$9*D26))<=6),80,IF(AND((G26/($C$9*D26))>6,(G26/($C$9*D26))<=10),100,IF((G26/($C$9*D26))>10,120,))))) | K26: =IF(C26="","",IF(AND(E26>0,E26<=0.5),20,IF(AND(E26>0.5,E26<=0.75),25,IF(AND(E26>0.75,E26<=1),30,IF(AND(E26>1,E26<=1.5),35,IF(E26>1.5,40)))))) | L26: =IF(C26="","",IF(AND(H26>=1,H26<=5),20,IF(AND(H26>=6,H26<=10),30,IF(H26>=11,40,)))) | M26: =+IF(C26="","",(F26*(J26+K26+L26)/100)-I26)
C27: =IF(VLOOKUP(B23,PROPONENTES!$B$10:$N$16,8,FALSE)="","",VLOOKUP(B23,PROPONENTES!$B$10:$N$16,10,FALSE)) | D27: =VLOOKUP(B23,PROPONENTES!$B$10:$N$16,11,FALSE) -> 0 | J27: =IF(C27="","",IF(AND((G27/($C$9*D27))>0,(G27/($C$9*D27))<=3),60,IF(AND((G27/($C$9*D27))>3,(G27/($C$9*D27))<=6),80,IF(AND((G27/($C$9*D27))>6,(G27/($C$9*D27))<=10),100,IF((G27/($C$9*D27))>10,120,))))) | K27: =IF(C27="","",IF(AND(E27>0,E27<=0.5),20,IF(AND(E27>0.5,E27<=0.75),25,IF(AND(E27>0.75,E27<=1),30,IF(AND(E27>1,E27<=1.5),35,IF(E27>1.5,40)))))) | L27: =IF(C27="","",IF(AND(H27>=1,H27<=5),20,IF(AND(H27>=6,H27<=10),30,IF(H27>=11,40,)))) | M27: =+IF(C27="","",(F27*(J27+K27+L27)/100)-I27)
A28: 4 | B28: =+PROPONENTES!B13 -> CONSORCIO MEB VIAL | C28: =IF(VLOOKUP(B28,PROPONENTES!$B$10:$N$16,2,FALSE)="","",VLOOKUP(B28,PROPONENTES!$B$10:$N$16,2,FALSE)) -> EMIRO CARLOS BARGUIL CUBILLOS | D28: =VLOOKUP(B28,PROPONENTES!$B$10:$N$16,3,FALSE) -> 0.1 | E28: 64.51 | F28: 626253000 | G28: 6.722154e+08 | H28: 1 | I28: 0 | J28: =IF(C28="","",IF(AND((G28/($C$9*D28))>0,(G28/($C$9*D28))<=3),60,IF(AND((G28/($C$9*D28))>3,(G28/($C$9*D28))<=6),80,IF(AND((G28/($C$9*D28))>6,(G28/($C$9*D28))<=10),100,IF((G28/($C$9*D28))>10,120,))))) -> #DIV/0! | K28: =IF(C28="","",IF(AND(E28>0,E28<=0.5),20,IF(AND(E28>0.5,E28<=0.75),25,IF(AND(E28>0.75,E28<=1),30,IF(AND(E28>1,E28<=1.5),35,IF(E28>1.5,40)))))) -> 40 | L28: =IF(C28="","",IF(AND(H28>=1,H28<=5),20,IF(AND(H28>=6,H28<=10),30,IF(H28>=11,40,)))) -> 20 | M28: =+IF(C28="","",(F28*(J28+K28+L28)/100)-I28) -> #DIV/0! | N28: =SUM(M28:M32) -> #DIV/0! | O28: =IF($G$9<=12,$C$9-$G$10*$C$9,(($C$9-$G$10)/$G$9)*12) -> 0 | P28: =IF(N28>=O28,"CUMPLE","NO CUMPLE") -> #DIV/0!
C29: =IF(VLOOKUP(B28,PROPONENTES!$B$10:$N$16,4,FALSE)="","",VLOOKUP(B28,PROPONENTES!$B$10:$N$16,4,FALSE)) -> ARMAR CONSTRUCCIONES S.A.S | D29: =VLOOKUP(B28,PROPONENTES!$B$10:$N$16,5,FALSE) -> 0.4 | E29: 0 | F29: 12710667 | G29: 50115776593 | H29: 11 | I29: 0 | J29: =IF(C29="","",IF(AND((G29/($C$9*D29))>0,(G29/($C$9*D29))<=3),60,IF(AND((G29/($C$9*D29))>3,(G29/($C$9*D29))<=6),80,IF(AND((G29/($C$9*D29))>6,(G29/($C$9*D29))<=10),100,IF((G29/($C$9*D29))>10,120,))))) -> #DIV/0! | K29: =IF(C29="","",IF(AND(E29>0,E29<=0.5),20,IF(AND(E29>0.5,E29<=0.75),25,IF(AND(E29>0.75,E29<=1),30,IF(AND(E29>1,E29<=1.5),35,IF(E29>1.5,40)))))) -> FALSE | L29: =IF(C29="","",IF(AND(H29>=1,H29<=5),20,IF(AND(H29>=6,H29<=10),30,IF(H29>=11,40,)))) -> 40 | M29: =+IF(C29="","",(F29*(J29+K29+L29)/100)-I29) -> #DIV/0!
C30: =IF(VLOOKUP(B28,PROPONENTES!$B$10:$N$16,6,FALSE)="","",VLOOKUP(B28,PROPONENTES!$B$10:$N$16,6,FALSE)) -> MINATORE S.A.S | D30: =VLOOKUP(B28,PROPONENTES!$B$10:$N$16,7,FALSE) -> 0.5 | J30: =IF(C30="","",IF(AND((G30/($C$9*D30))>0,(G30/($C$9*D30))<=3),60,IF(AND((G30/($C$9*D30))>3,(G30/($C$9*D30))<=6),80,IF(AND((G30/($C$9*D30))>6,(G30/($C$9*D30))<=10),100,IF((G30/($C$9*D30))>10,120,))))) -> #DIV/0! | K30: =IF(C30="","",IF(AND(E30>0,E30<=0.5),20,IF(AND(E30>0.5,E30<=0.75),25,IF(AND(E30>0.75,E30<=1),30,IF(AND(E30>1,E30<=1.5),35,IF(E30>1.5,40)))))) -> FALSE | L30: =IF(C30="","",IF(AND(H30>=1,H30<=5),20,IF(AND(H30>=6,H30<=10),30,IF(H30>=11,40,)))) -> 0 | M30: =+IF(C30="","",(F30*(J30+K30+L30)/100)-I30) -> #DIV/0!
C31: =IF(VLOOKUP(B28,PROPONENTES!$B$10:$N$16,8,FALSE)="","",VLOOKUP(B28,PROPONENTES!$B$10:$N$16,8,FALSE)) | D31: =VLOOKUP(B28,PROPONENTES!$B$10:$N$16,9,FALSE) -> 0 | J31: =IF(C31="","",IF(AND((G31/($C$9*D31))>0,(G31/($C$9*D31))<=3),60,IF(AND((G31/($C$9*D31))>3,(G31/($C$9*D31))<=6),80,IF(AND((G31/($C$9*D31))>6,(G31/($C$9*D31))<=10),100,IF((G31/($C$9*D31))>10,120,))))) | K31: =IF(C31="","",IF(AND(E31>0,E31<=0.5),20,IF(AND(E31>0.5,E31<=0.75),25,IF(AND(E31>0.75,E31<=1),30,IF(AND(E31>1,E31<=1.5),35,IF(E31>1.5,40)))))) | L31: =IF(C31="","",IF(AND(H31>=1,H31<=5),20,IF(AND(H31>=6,H31<=10),30,IF(H31>=11,40,)))) | M31: =+IF(C31="","",(F31*(J31+K31+L31)/100)-I31)
C32: =IF(VLOOKUP(B28,PROPONENTES!$B$10:$N$16,8,FALSE)="","",VLOOKUP(B28,PROPONENTES!$B$10:$N$16,10,FALSE)) | D32: =VLOOKUP(B28,PROPONENTES!$B$10:$N$16,11,FALSE) -> 0 | J32: =IF(C32="","",IF(AND((G32/($C$9*D32))>0,(G32/($C$9*D32))<=3),60,IF(AND((G32/($C$9*D32))>3,(G32/($C$9*D32))<=6),80,IF(AND((G32/($C$9*D32))>6,(G32/($C$9*D32))<=10),100,IF((G32/($C$9*D32))>10,120,))))) | K32: =IF(C32="","",IF(AND(E32>0,E32<=0.5),20,IF(AND(E32>0.5,E32<=0.75),25,IF(AND(E32>0.75,E32<=1),30,IF(AND(E32>1,E32<=1.5),35,IF(E32>1.5,40)))))) | L32: =IF(C32="","",IF(AND(H32>=1,H32<=5),20,IF(AND(H32>=6,H32<=10),30,IF(H32>=11,40,)))) | M32: =+IF(C32="","",(F32*(J32+K32+L32)/100)-I32)
A33: 5 | B33: =+PROPONENTES!B14 -> CONSORCIO CONSERVACION DK | C33: =IF(VLOOKUP(B33,PROPONENTES!$B$10:$N$16,2,FALSE)="","",VLOOKUP(B33,PROPONENTES!$B$10:$N$16,2,FALSE)) -> KAP CONSTRUCCIONES SAS | D33: =VLOOKUP(B33,PROPONENTES!$B$10:$N$16,3,FALSE) -> 0.5 | J33: =IF(C33="","",IF(AND((G33/($C$9*D33))>0,(G33/($C$9*D33))<=3),60,IF(AND((G33/($C$9*D33))>3,(G33/($C$9*D33))<=6),80,IF(AND((G33/($C$9*D33))>6,(G33/($C$9*D33))<=10),100,IF((G33/($C$9*D33))>10,120,))))) -> #DIV/0! | K33: =IF(C33="","",IF(AND(E33>0,E33<=0.5),20,IF(AND(E33>0.5,E33<=0.75),25,IF(AND(E33>0.75,E33<=1),30,IF(AND(E33>1,E33<=1.5),35,IF(E33>1.5,40)))))) -> FALSE | L33: =IF(C33="","",IF(AND(H33>=1,H33<=5),20,IF(AND(H33>=6,H33<=10),30,IF(H33>=11,40,)))) -> 0 | M33: =+IF(C33="","",(F33*(J33+K33+L33)/100)-I33) -> #DIV/0! | N33: =SUM(M33:M37) -> #DIV/0! | O33: =IF($G$9<=12,$C$9-$G$10*$C$9,(($C$9-$G$10)/$G$9)*12) -> 0 | P33: =IF(N33>=O33,"CUMPLE","NO CUMPLE") -> #DIV/0!
C34: =IF(VLOOKUP(B33,PROPONENTES!$B$10:$N$16,4,FALSE)="","",VLOOKUP(B33,PROPONENTES!$B$10:$N$16,4,FALSE)) -> DBD INGENIERIA SAS | D34: =VLOOKUP(B33,PROPONENTES!$B$10:$N$16,5,FALSE) -> 0.5 | J34: =IF(C34="","",IF(AND((G34/($C$9*D34))>0,(G34/($C$9*D34))<=3),60,IF(AND((G34/($C$9*D34))>3,(G34/($C$9*D34))<=6),80,IF(AND((G34/($C$9*D34))>6,(G34/($C$9*D34))<=10),100,IF((G34/($C$9*D34))>10,120,))))) -> #DIV/0! | K34: =IF(C34="","",IF(AND(E34>0,E34<=0.5),20,IF(AND(E34>0.5,E34<=0.75),25,IF(AND(E34>0.75,E34<=1),30,IF(AND(E34>1,E34<=1.5),35,IF(E34>1.5,40)))))) -> FALSE | L34: =IF(C34="","",IF(AND(H34>=1,H34<=5),20,IF(AND(H34>=6,H34<=10),30,IF(H34>=11,40,)))) -> 0 | M34: =+IF(C34="","",(F34*(J34+K34+L34)/100)-I34) -> #DIV/0!
C35: =IF(VLOOKUP(B33,PROPONENTES!$B$10:$N$16,6,FALSE)="","",VLOOKUP(B33,PROPONENTES!$B$10:$N$16,6,FALSE)) | D35: =VLOOKUP(B33,PROPONENTES!$B$10:$N$16,7,FALSE) -> 0 | J35: =IF(C35="","",IF(AND((G35/($C$9*D35))>0,(G35/($C$9*D35))<=3),60,IF(AND((G35/($C$9*D35))>3,(G35/($C$9*D35))<=6),80,IF(AND((G35/($C$9*D35))>6,(G35/($C$9*D35))<=10),100,IF((G35/($C$9*D35))>10,120,))))) | K35: =IF(C35="","",IF(AND(E35>0,E35<=0.5),20,IF(AND(E35>0.5,E35<=0.75),25,IF(AND(E35>0.75,E35<=1),30,IF(AND(E35>1,E35<=1.5),35,IF(E35>1.5,40)))))) | L35: =IF(C35="","",IF(AND(H35>=1,H35<=5),20,IF(AND(H35>=6,H35<=10),30,IF(H35>=11,40,)))) | M35: =+IF(C35="","",(F35*(J35+K35+L35)/100)-I35)
C36: =IF(VLOOKUP(B33,PROPONENTES!$B$10:$N$16,8,FALSE)="","",VLOOKUP(B33,PROPONENTES!$B$10:$N$16,8,FALSE)) | D36: =VLOOKUP(B33,PROPONENTES!$B$10:$N$16,9,FALSE) -> 0 | J36: =IF(C36="","",IF(AND((G36/($C$9*D36))>0,(G36/($C$9*D36))<=3),60,IF(AND((G36/($C$9*D36))>3,(G36/($C$9*D36))<=6),80,IF(AND((G36/($C$9*D36))>6,(G36/($C$9*D36))<=10),100,IF((G36/($C$9*D36))>10,120,))))) | K36: =IF(C36="","",IF(AND(E36>0,E36<=0.5),20,IF(AND(E36>0.5,E36<=0.75),25,IF(AND(E36>0.75,E36<=1),30,IF(AND(E36>1,E36<=1.5),35,IF(E36>1.5,40)))))) | L36: =IF(C36="","",IF(AND(H36>=1,H36<=5),20,IF(AND(H36>=6,H36<=10),30,IF(H36>=11,40,)))) | M36: =+IF(C36="","",(F36*(J36+K36+L36)/100)-I36)
C37: =IF(VLOOKUP(B33,PROPONENTES!$B$10:$N$16,8,FALSE)="","",VLOOKUP(B33,PROPONENTES!$B$10:$N$16,10,FALSE)) | D37: =VLOOKUP(B33,PROPONENTES!$B$10:$N$16,11,FALSE) -> 0 | J37: =IF(C37="","",IF(AND((G37/($C$9*D37))>0,(G37/($C$9*D37))<=3),60,IF(AND((G37/($C$9*D37))>3,(G37/($C$9*D37))<=6),80,IF(AND((G37/($C$9*D37))>6,(G37/($C$9*D37))<=10),100,IF((G37/($C$9*D37))>10,120,))))) | K37: =IF(C37="","",IF(AND(E37>0,E37<=0.5),20,IF(AND(E37>0.5,E37<=0.75),25,IF(AND(E37>0.75,E37<=1),30,IF(AND(E37>1,E37<=1.5),35,IF(E37>1.5,40)))))) | L37: =IF(C37="","",IF(AND(H37>=1,H37<=5),20,IF(AND(H37>=6,H37<=10),30,IF(H37>=11,40,)))) | M37: =+IF(C37="","",(F37*(J37+K37+L37)/100)-I37)
A38: 6 | B38: =+PROPONENTES!B15 -> CONSORCIO USAQUEN VIAL 2025 | C38: =IF(VLOOKUP(B38,PROPONENTES!$B$10:$N$16,2,FALSE)="","",VLOOKUP(B38,PROPONENTES!$B$10:$N$16,2,FALSE)) -> CONSTRUCCIONES CORPOVIAL S.A.S | D38: =VLOOKUP(B38,PROPONENTES!$B$10:$N$16,3,FALSE) -> 0.5 | E38: 4.04 | F38: 4188826509 | G38: 4.0534858e+10 | H38: 3 | I38: 0 | J38: =IF(C38="","",IF(AND((G38/($C$9*D38))>0,(G38/($C$9*D38))<=3),60,IF(AND((G38/($C$9*D38))>3,(G38/($C$9*D38))<=6),80,IF(AND((G38/($C$9*D38))>6,(G38/($C$9*D38))<=10),100,IF((G38/($C$9*D38))>10,120,))))) -> #DIV/0! | K38: =IF(C38="","",IF(AND(E38>0,E38<=0.5),20,IF(AND(E38>0.5,E38<=0.75),25,IF(AND(E38>0.75,E38<=1),30,IF(AND(E38>1,E38<=1.5),35,IF(E38>1.5,40)))))) -> 40 | L38: =IF(C38="","",IF(AND(H38>=1,H38<=5),20,IF(AND(H38>=6,H38<=10),30,IF(H38>=11,40,)))) -> 20 | M38: =+IF(C38="","",(F38*(J38+K38+L38)/100)-I38) -> #DIV/0! | N38: =SUM(M38:M42) -> #DIV/0! | O38: =IF($G$9<=12,$C$9-$G$10*$C$9,(($C$9-$G$10)/$G$9)*12) -> 0 | P38: =IF(N38>=O38,"CUMPLE","NO CUMPLE") -> #DIV/0!
C39: =IF(VLOOKUP(B38,PROPONENTES!$B$10:$N$16,4,FALSE)="","",VLOOKUP(B38,PROPONENTES!$B$10:$N$16,4,FALSE)) -> LIBERTY CONSTRUCTORA DEL CARIBE S.A.S. | D39: =VLOOKUP(B38,PROPONENTES!$B$10:$N$16,5,FALSE) -> 0.5 | J39: =IF(C39="","",IF(AND((G39/($C$9*D39))>0,(G39/($C$9*D39))<=3),60,IF(AND((G39/($C$9*D39))>3,(G39/($C$9*D39))<=6),80,IF(AND((G39/($C$9*D39))>6,(G39/($C$9*D39))<=10),100,IF((G39/($C$9*D39))>10,120,))))) -> #DIV/0! | K39: =IF(C39="","",IF(AND(E39>0,E39<=0.5),20,IF(AND(E39>0.5,E39<=0.75),25,IF(AND(E39>0.75,E39<=1),30,IF(AND(E39>1,E39<=1.5),35,IF(E39>1.5,40)))))) -> FALSE | L39: =IF(C39="","",IF(AND(H39>=1,H39<=5),20,IF(AND(H39>=6,H39<=10),30,IF(H39>=11,40,)))) -> 0 | M39: =+IF(C39="","",(F39*(J39+K39+L39)/100)-I39) -> #DIV/0!
C40: =IF(VLOOKUP(B38,PROPONENTES!$B$10:$N$16,6,FALSE)="","",VLOOKUP(B38,PROPONENTES!$B$10:$N$16,6,FALSE)) | D40: =VLOOKUP(B38,PROPONENTES!$B$10:$N$16,7,FALSE) -> 0 | J40: =IF(C40="","",IF(AND((G40/($C$9*D40))>0,(G40/($C$9*D40))<=3),60,IF(AND((G40/($C$9*D40))>3,(G40/($C$9*D40))<=6),80,IF(AND((G40/($C$9*D40))>6,(G40/($C$9*D40))<=10),100,IF((G40/($C$9*D40))>10,120,))))) | K40: =IF(C40="","",IF(AND(E40>0,E40<=0.5),20,IF(AND(E40>0.5,E40<=0.75),25,IF(AND(E40>0.75,E40<=1),30,IF(AND(E40>1,E40<=1.5),35,IF(E40>1.5,40)))))) | L40: =IF(C40="","",IF(AND(H40>=1,H40<=5),20,IF(AND(H40>=6,H40<=10),30,IF(H40>=11,40,)))) | M40: =+IF(C40="","",(F40*(J40+K40+L40)/100)-I40)
C41: =IF(VLOOKUP(B38,PROPONENTES!$B$10:$N$16,8,FALSE)="","",VLOOKUP(B38,PROPONENTES!$B$10:$N$16,8,FALSE)) | D41: =VLOOKUP(B38,PROPONENTES!$B$10:$N$16,9,FALSE) -> 0 | J41: =IF(C41="","",IF(AND((G41/($C$9*D41))>0,(G41/($C$9*D41))<=3),60,IF(AND((G41/($C$9*D41))>3,(G41/($C$9*D41))<=6),80,IF(AND((G41/($C$9*D41))>6,(G41/($C$9*D41))<=10),100,IF((G41/($C$9*D41))>10,120,))))) | K41: =IF(C41="","",IF(AND(E41>0,E41<=0.5),20,IF(AND(E41>0.5,E41<=0.75),25,IF(AND(E41>0.75,E41<=1),30,IF(AND(E41>1,E41<=1.5),35,IF(E41>1.5,40)))))) | L41: =IF(C41="","",IF(AND(H41>=1,H41<=5),20,IF(AND(H41>=6,H41<=10),30,IF(H41>=11,40,)))) | M41: =+IF(C41="","",(F41*(J41+K41+L41)/100)-I41)
C42: =IF(VLOOKUP(B38,PROPONENTES!$B$10:$N$16,8,FALSE)="","",VLOOKUP(B38,PROPONENTES!$B$10:$N$16,10,FALSE)) | D42: =VLOOKUP(B38,PROPONENTES!$B$10:$N$16,11,FALSE) -> 0 | J42: =IF(C42="","",IF(AND((G42/($C$9*D42))>0,(G42/($C$9*D42))<=3),60,IF(AND((G42/($C$9*D42))>3,(G42/($C$9*D42))<=6),80,IF(AND((G42/($C$9*D42))>6,(G42/($C$9*D42))<=10),100,IF((G42/($C$9*D42))>10,120,))))) | K42: =IF(C42="","",IF(AND(E42>0,E42<=0.5),20,IF(AND(E42>0.5,E42<=0.75),25,IF(AND(E42>0.75,E42<=1),30,IF(AND(E42>1,E42<=1.5),35,IF(E42>1.5,40)))))) | L42: =IF(C42="","",IF(AND(H42>=1,H42<=5),20,IF(AND(H42>=6,H42<=10),30,IF(H42>=11,40,)))) | M42: =+IF(C42="","",(F42*(J42+K42+L42)/100)-I42)
A43: 7 | B43: =+PROPONENTES!B16 -> CONSORCIO VIAS URBANAS | C43: =IF(VLOOKUP(B43,PROPONENTES!$B$10:$N$16,2,FALSE)="","",VLOOKUP(B43,PROPONENTES!$B$10:$N$16,2,FALSE)) -> CONSTRUCCIONES, DISEÑOS Y OBRAS CIVILES S.A.S | D43: =VLOOKUP(B43,PROPONENTES!$B$10:$N$16,3,FALSE) -> 0.5 | E43: 4.4 | F43: 1953936784 | G43: 1.1553131e+10 | H43: 11 | I43: 0 | J43: =IF(C43="","",IF(AND((G43/($C$9*D43))>0,(G43/($C$9*D43))<=3),60,IF(AND((G43/($C$9*D43))>3,(G43/($C$9*D43))<=6),80,IF(AND((G43/($C$9*D43))>6,(G43/($C$9*D43))<=10),100,IF((G43/($C$9*D43))>10,120,))))) -> #DIV/0! | K43: =IF(C43="","",IF(AND(E43>0,E43<=0.5),20,IF(AND(E43>0.5,E43<=0.75),25,IF(AND(E43>0.75,E43<=1),30,IF(AND(E43>1,E43<=1.5),35,IF(E43>1.5,40)))))) -> 40 | L43: =IF(C43="","",IF(AND(H43>=1,H43<=5),20,IF(AND(H43>=6,H43<=10),30,IF(H43>=11,40,)))) -> 40 | M43: =+IF(C43="","",(F43*(J43+K43+L43)/100)-I43) -> #DIV/0! | N43: =SUM(M43:M47) -> #DIV/0! | O43: =IF($G$9<=12,$C$9-$G$10*$C$9,(($C$9-$G$10)/$G$9)*12) -> 0 | P43: =IF(N43>=O43,"CUMPLE","NO CUMPLE") -> #DIV/0!
C44: =IF(VLOOKUP(B43,PROPONENTES!$B$10:$N$16,4,FALSE)="","",VLOOKUP(B43,PROPONENTES!$B$10:$N$16,4,FALSE)) -> AXECOL SAS | D44: =VLOOKUP(B43,PROPONENTES!$B$10:$N$16,5,FALSE) -> 0.5 | E44: 2.81 | F44: 1742165766 | G44: 1.3727012e+11 | H44: 11 | I44: 0 | J44: =IF(C44="","",IF(AND((G44/($C$9*D44))>0,(G44/($C$9*D44))<=3),60,IF(AND((G44/($C$9*D44))>3,(G44/($C$9*D44))<=6),80,IF(AND((G44/($C$9*D44))>6,(G44/($C$9*D44))<=10),100,IF((G44/($C$9*D44))>10,120,))))) -> #DIV/0! | K44: =IF(C44="","",IF(AND(E44>0,E44<=0.5),20,IF(AND(E44>0.5,E44<=0.75),25,IF(AND(E44>0.75,E44<=1),30,IF(AND(E44>1,E44<=1.5),35,IF(E44>1.5,40)))))) -> 40 | L44: =IF(C44="","",IF(AND(H44>=1,H44<=5),20,IF(AND(H44>=6,H44<=10),30,IF(H44>=11,40,)))) -> 40 | M44: =+IF(C44="","",(F44*(J44+K44+L44)/100)-I44) -> #DIV/0!
C45: =IF(VLOOKUP(B43,PROPONENTES!$B$10:$N$16,6,FALSE)="","",VLOOKUP(B43,PROPONENTES!$B$10:$N$16,6,FALSE)) | D45: =VLOOKUP(B43,PROPONENTES!$B$10:$N$16,7,FALSE) -> 0 | J45: =IF(C45="","",IF(AND((G45/($C$9*D45))>0,(G45/($C$9*D45))<=3),60,IF(AND((G45/($C$9*D45))>3,(G45/($C$9*D45))<=6),80,IF(AND((G45/($C$9*D45))>6,(G45/($C$9*D45))<=10),100,IF((G45/($C$9*D45))>10,120,))))) | K45: =IF(C45="","",IF(AND(E45>0,E45<=0.5),20,IF(AND(E45>0.5,E45<=0.75),25,IF(AND(E45>0.75,E45<=1),30,IF(AND(E45>1,E45<=1.5),35,IF(E45>1.5,40)))))) | L45: =IF(C45="","",IF(AND(H45>=1,H45<=5),20,IF(AND(H45>=6,H45<=10),30,IF(H45>=11,40,)))) | M45: =+IF(C45="","",(F45*(J45+K45+L45)/100)-I45)
C46: =IF(VLOOKUP(B43,PROPONENTES!$B$10:$N$16,8,FALSE)="","",VLOOKUP(B43,PROPONENTES!$B$10:$N$16,8,FALSE)) | D46: =VLOOKUP(B43,PROPONENTES!$B$10:$N$16,9,FALSE) -> 0 | J46: =IF(C46="","",IF(AND((G46/($C$9*D46))>0,(G46/($C$9*D46))<=3),60,IF(AND((G46/($C$9*D46))>3,(G46/($C$9*D46))<=6),80,IF(AND((G46/($C$9*D46))>6,(G46/($C$9*D46))<=10),100,IF((G46/($C$9*D46))>10,120,))))) | K46: =IF(C46="","",IF(AND(E46>0,E46<=0.5),20,IF(AND(E46>0.5,E46<=0.75),25,IF(AND(E46>0.75,E46<=1),30,IF(AND(E46>1,E46<=1.5),35,IF(E46>1.5,40)))))) | L46: =IF(C46="","",IF(AND(H46>=1,H46<=5),20,IF(AND(H46>=6,H46<=10),30,IF(H46>=11,40,)))) | M46: =+IF(C46="","",(F46*(J46+K46+L46)/100)-I46)
C47: =IF(VLOOKUP(B43,PROPONENTES!$B$10:$N$16,8,FALSE)="","",VLOOKUP(B43,PROPONENTES!$B$10:$N$16,10,FALSE)) | D47: =VLOOKUP(B43,PROPONENTES!$B$10:$N$16,11,FALSE) -> 0 | J47: =IF(C47="","",IF(AND((G47/($C$9*D47))>0,(G47/($C$9*D47))<=3),60,IF(AND((G47/($C$9*D47))>3,(G47/($C$9*D47))<=6),80,IF(AND((G47/($C$9*D47))>6,(G47/($C$9*D47))<=10),100,IF((G47/($C$9*D47))>10,120,))))) | K47: =IF(C47="","",IF(AND(E47>0,E47<=0.5),20,IF(AND(E47>0.5,E47<=0.75),25,IF(AND(E47>0.75,E47<=1),30,IF(AND(E47>1,E47<=1.5),35,IF(E47>1.5,40)))))) | L47: =IF(C47="","",IF(AND(H47>=1,H47<=5),20,IF(AND(H47>=6,H47<=10),30,IF(H47>=11,40,)))) | M47: =+IF(C47="","",(F47*(J47+K47+L47)/100)-I47)
F51: activo corriemte | G51: 102730148
F52: pasivo corriente | G52: 0 | H52: =G51/G52 -> #DIV/0!

Sheet 2
B2: ALCALDIA LOCAL DE USAQUEN
B4: ='DATOS INICIALES'!G4 -> FDLUSA-LP-002-2024
B6: Ciudad | C6: BOGOTÁ D.C | D6: Fecha de Evaluación | E6: 45592 | G6: Fecha de Cierre | H6: 45590
B7: DATOS GENERALES | J7: VALOR MINIMO A CERTIFICAR
B8: OBJETO DE LA CONVOCATORIA | C8: ='DATOS INICIALES'!D2 -> CONTRATAR POR EL SISTEMA DE PRECIOS UNITARIOS FIJOS Y A MONTO AGOTABLE LA INTERVENCIÓN DE LOS ELEMENTOS DE LA MALLA VIAL LOCAL E INTERMEDIA, ESPACIO PÚBLICO Y CICLOINFRAESTRUCTURA DE LA LOCALIDAD DE USAQUÉN EN BOGOTÁ CON OBRAS Y ACTIVIDADES DE CONSERVACIÓN | J8: DE 1 HASTA 2 | K8: 0.75 | L8: =K8*$C$10 -> 11824.948
B9: VALOR DEL PROCESO EN PESOS | C9: =+'DATOS INICIALES'!C5 -> 20496577313 | J9: DE 3 HASTA 4 | K9: 1.2 | L9: =K9*$C$10 -> 18919.918
B10: VALOR DEL PROCESO EN SMMLV | C10: =C9/'DATOS INICIALES'!B44 -> 15766.598 | J10: HASTA 5, 6 o 7 | K10: 1.5 | L10: =K10*$C$10 -> 23649.897
B11: PROPONENTE | C11: =+PROPONENTES!B11 -> UNION TEMPORAL VIAL USAQUN 2024 | H11: CONCEPTO FINAL | I11: =IF(AND(F20="CUMPLE",G20="CUMPLE",H20="CUMPLE",L15="CUMPLE",K19="CUMPLE"),"CUMPLE","NO CUMPLE") -> NO CUMPLE
B13: ACREDITACIÓN DE EXPERIENCIA FIGURA ASOCIATIVA
B14: MIEMBRO UNICO O INTEGRANTES DEL CONSORCIO O UNION TEMPORAL. | C14: INTEGRANTE | D14: % PARTICIPACIÓN | E14: EXPERIENCIA TOTAL APORTADA | F14: ¿AL MENOS UNO APORTA EL 50% DE EXPERIENCIA? | G14: ¿APORTA MÍNIMO EL 5% DE EXPERIENCIA? | H14: SI NO APORTA ¿TIENE COMO MAXIMO EL 10% DE PARTICIPACIÓN? | I14: TOTAL CONTRATOS VÁLIDOS | J14: VALOR TOTAL A ACREDITAR (SMMLV) | K14: VALOR TOTAL ACREDITADO (SMMLV) | L14: CONCEPTO
C15: =IF(VLOOKUP(C11,PROPONENTES!B10:N44,2,FALSE)=0,"",VLOOKUP(C11,PROPONENTES!B10:N44,2,FALSE)) -> ASFALTEMOS SAS | D15: =IF(VLOOKUP(C11,PROPONENTES!B10:N44,3,FALSE)=0,"",VLOOKUP(C11,PROPONENTES!B10:N44,3,FALSE)) -> 0.9 | E15: =IF(C15="","",IF($D$66="CUMPLE",IF(C15=$D$24,$D$39)+IF(C15=$D$25,$D$42)+IF(C15=$D$26,$D$45))+IF($E$66="CUMPLE",IF(C15=$E$24,$E$39)+IF(C15=$E$25,$E$42)+IF(C15=$E$26,$E$45))+IF($F$66="CUMPLE",IF(C15=$F$24,$F$39)+IF(C15=$F$25,$F$42)+IF(C15=$F$26,$F$45))+IF($G$66="CUMPLE",IF(C15=$G$24,$G$39)+IF(C15=$G$25,$G$42)+IF(C15=$G$26,$G$45))+IF($H$66="CUMPLE",IF(C15=$H$24,$H$39)+IF(C15=$H$25,$H$42)+IF(C15=$H$26,$H$45))+IF($I$66="CUMPLE",IF(C15=$I$24,$I$39)+IF(C15=$I$25,$I$42)+IF(C15=$I$26,$I$45))+IF($J$66="CUMPLE",IF(C15=$J$24,$J$39)+IF(C15=$J$25,$J$42)+IF(C15=$J$26,$J$45))) -> 11280.09 | F15: =IF(C15="","",IF(E15>=$J$15*0.5,"SI","NO")) -> SI | G15: =IF(C15="","",IF(E15>=$J$15*0.05,"SI",IF(E15=0,"NO APORTA EXPERIENCIA",))) -> SI | H15: =IF(C15="","",IF(AND(G15="NO APORTA EXPERIENCIA",D15<=10%),"SI",IF(G15="SI","NO APLICA","NO - PORCENTAJE MAYOR AL 10%"))) -> NO APLICA | I15: 2 | J15: =IF(AND(I15>=1,I15<=2),L8,IF(AND(I15>=3,I15<=4),L9,IF(AND(I15>=5,I15<=7),L10))) -> 11824.948 | K15: =+E20 -> 11280.09 | L15: =IF(K15>=J15,"CUMPLE","NO CUMPLE") -> NO CUMPLE
C16: =IF(VLOOKUP(C11,PROPONENTES!B10:N44,4,FALSE)=0,"",VLOOKUP(C11,PROPONENTES!B10:N44,4,FALSE)) -> AGREGADOS MARTÍNEZ SAS | D16: =IF(VLOOKUP(C11,PROPONENTES!B10:N44,5,FALSE)=0,"",VLOOKUP(C11,PROPONENTES!B10:N44,5,FALSE)) -> 0.1 | E16: =IF(C16="","",IF($D$66="CUMPLE",IF(C16=$D$24,$D$39)+IF(C16=$D$25,$D$42)+IF(C16=$D$26,$D$45))+IF($E$66="CUMPLE",IF(C16=$E$24,$E$39)+IF(C16=$E$25,$E$42)+IF(C16=$E$26,$E$45))+IF($F$66="CUMPLE",IF(C16=$F$24,$F$39)+IF(C16=$F$25,$F$42)+IF(C16=$F$26,$F$45))+IF($G$66="CUMPLE",IF(C16=$G$24,$G$39)+IF(C16=$G$25,$G$42)+IF(C16=$G$26,$G$45))+IF($H$66="CUMPLE",IF(C16=$H$24,$H$39)+IF(C16=$H$25,$H$42)+IF(C16=$H$26,$H$45))+IF($I$66="CUMPLE",IF(C16=$I$24,$I$39)+IF(C16=$I$25,$I$42)+IF(C16=$I$26,$I$45))+IF($J$66="CUMPLE",IF(C16=$J$24,$J$39)+IF(C16=$J$25,$J$42)+IF(C16=$J$26,$J$45))) -> 0 | F16: =IF(C16="","",IF(E16>=$J$15*0.5,"SI","NO")) -> NO | G16: =IF(C16="","",IF(E16>=$J$15*0.05,"SI",IF(E16=0,"NO APORTA EXPERIENCIA",))) -> NO APORTA EXPERIENCIA | H16: =IF(C16="","",IF(AND(G16="NO APORTA EXPERIENCIA",D16<=10%),"SI",IF(G16="SI","NO APLICA","NO - PORCENTAJE MAYOR AL 10%"))) -> SI
C17: =IF(VLOOKUP(C11,PROPONENTES!B10:N44,6,FALSE)=0,"",VLOOKUP(C11,PROPONENTES!B10:N44,6,FALSE)) | D17: =IF(VLOOKUP(C11,PROPONENTES!B10:N44,7,FALSE)=0,"",VLOOKUP(C11,PROPONENTES!B10:N44,7,FALSE)) | E17: =IF(C17="","",IF($D$66="CUMPLE",IF(C17=$D$24,$D$39)+IF(C17=$D$25,$D$42)+IF(C17=$D$26,$D$45))+IF($E$66="CUMPLE",IF(C17=$E$24,$E$39)+IF(C17=$E$25,$E$42)+IF(C17=$E$26,$E$45))+IF($F$66="CUMPLE",IF(C17=$F$24,$F$39)+IF(C17=$F$25,$F$42)+IF(C17=$F$26,$F$45))+IF($G$66="CUMPLE",IF(C17=$G$24,$G$39)+IF(C17=$G$25,$G$42)+IF(C17=$G$26,$G$45))+IF($H$66="CUMPLE",IF(C17=$H$24,$H$39)+IF(C17=$H$25,$H$42)+IF(C17=$H$26,$H$45))+IF($I$66="CUMPLE",IF(C17=$I$24,$I$39)+IF(C17=$I$25,$I$42)+IF(C17=$I$26,$I$45))+IF($J$66="CUMPLE",IF(C17=$J$24,$J$39)+IF(C17=$J$25,$J$42)+IF(C17=$J$26,$J$45))) | F17: =IF(C17="","",IF(E17>=$J$15*0.5,"SI","NO")) | G17: =IF(C17="","",IF(E17>=$J$15*0.05,"SI",IF(E17=0,"NO APORTA EXPERIENCIA",))) | H17: =IF(C17="","",IF(AND(G17="NO APORTA EXPERIENCIA",D17<=10%),"SI",IF(G17="SI","NO APLICA","NO - PORCENTAJE MAYOR AL 10%")))
C18: =IF(VLOOKUP(C11,PROPONENTES!B10:N44,8,FALSE)=0,"",VLOOKUP(C11,PROPONENTES!B10:N44,8,FALSE)) | D18: =IF(VLOOKUP(C11,PROPONENTES!B10:N44,9,FALSE)=0,"",VLOOKUP(C11,PROPONENTES!B10:N44,9,FALSE)) | E18: =IF(C18="","",IF($D$66="CUMPLE",IF(C18=$D$24,$D$39)+IF(C18=$D$25,$D$42)+IF(C18=$D$26,$D$45))+IF($E$66="CUMPLE",IF(C18=$E$24,$E$39)+IF(C18=$E$25,$E$42)+IF(C18=$E$26,$E$45))+IF($F$66="CUMPLE",IF(C18=$F$24,$F$39)+IF(C18=$F$25,$F$42)+IF(C18=$F$26,$F$45))+IF($G$66="CUMPLE",IF(C18=$G$24,$G$39)+IF(C18=$G$25,$G$42)+IF(C18=$G$26,$G$45))+IF($H$66="CUMPLE",IF(C18=$H$24,$H$39)+IF(C18=$H$25,$H$42)+IF(C18=$H$26,$H$45))+IF($I$66="CUMPLE",IF(C18=$I$24,$I$39)+IF(C18=$I$25,$I$42)+IF(C18=$I$26,$I$45))+IF($J$66="CUMPLE",IF(C18=$J$24,$J$39)+IF(C18=$J$25,$J$42)+IF(C18=$J$26,$J$45))) | F18: =IF(C18="","",IF(E18>=$J$15*0.5,"SI","NO")) | G18: =IF(C18="","",IF(E18>=$J$15*0.05,"SI",IF(E18=0,"NO APORTA EXPERIENCIA",))) | H18: =IF(C18="","",IF(AND(G18="NO APORTA EXPERIENCIA",D18<=10%),"SI",IF(G18="SI","NO APLICA","NO - PORCENTAJE MAYOR AL 10%"))) | I18: EXP. ESPECIFICA ACREDITADA (SMMLV) | J18: EXP. ESPECIFICA SOLICITADA (SMMLV) | K18: CONCEPTO
C19: =IF(VLOOKUP(C11,PROPONENTES!B10:N44,10,FALSE)=0,"",VLOOKUP(C11,PROPONENTES!B10:N44,10,FALSE)) | D19: =IF(VLOOKUP(C11,PROPONENTES!B10:N44,11,FALSE)=0,"",VLOOKUP(C11,PROPONENTES!B10:N44,11,FALSE)) | E19: =IF(C19="","",IF($D$66="CUMPLE",IF(C19=$D$24,$D$39)+IF(C19=$D$25,$D$42)+IF(C19=$D$26,$D$45))+IF($E$66="CUMPLE",IF(C19=$E$24,$E$39)+IF(C19=$E$25,$E$42)+IF(C19=$E$26,$E$45))+IF($F$66="CUMPLE",IF(C19=$F$24,$F$39)+IF(C19=$F$25,$F$42)+IF(C19=$F$26,$F$45))+IF($G$66="CUMPLE",IF(C19=$G$24,$G$39)+IF(C19=$G$25,$G$42)+IF(C19=$G$26,$G$45))+IF($H$66="CUMPLE",IF(C19=$H$24,$H$39)+IF(C19=$H$25,$H$42)+IF(C19=$H$26,$H$45))+IF($I$66="CUMPLE",IF(C19=$I$24,$I$39)+IF(C19=$I$25,$I$42)+IF(C19=$I$26,$I$45))+IF($J$66="CUMPLE",IF(C19=$J$24,$J$39)+IF(C19=$J$25,$J$42)+IF(C19=$J$26,$J$45))) | F19: =IF(C19="","",IF(E19>=$J$15*0.5,"SI","NO")) | G19: =IF(C19="","",IF(E19>=$J$15*0.05,"SI",IF(E19=0,"NO APORTA EXPERIENCIA",))) | H19: =IF(C19="","",IF(AND(G19="NO APORTA EXPERIENCIA",D19<=10%),"SI",IF(G19="SI","NO APLICA","NO - PORCENTAJE MAYOR AL 10%"))) | I19: =SUMIF(D67:J67,"CUMPLE",D39:J39)+SUMIF(D67:J67,"CUMPLE",D42:J42)+SUMIF(D67:J67,"CUMPLE",D45:J45) -> 31144.71 | J19: =IF(I15="","",VLOOKUP(I15,$D$76:$E$82,2,FALSE)) -> 11824.948 | K19: =IF(I19>=J19,"CUMPLE","NO CUMPLE") -> CUMPLE
B20: TOTAL | C20: =+VLOOKUP(C11,PROPONENTES!B10:N44,12,FALSE) -> 2 | D20: =+VLOOKUP(C11,PROPONENTES!B10:N44,13,FALSE) -> 1 | E20: =SUM(E15:E19) -> 11280.09 | F20: =IF(F15="SI","CUMPLE",IF(F16="SI","CUMPLE",IF(F17="SI","CUMPLE",IF(F18="SI","CUMPLE",IF(F19="SI","CUMPLE","NO CUMPLE"))))) -> CUMPLE | G20: =+IF(COUNTIF(E15:E19,0)>1,"NO CUMPLE, HAY MAS DE UN (1) INTEGRANTE QUE NO APORTA EXPERIENCIA",IF(AND(OR(G15="NO APORTA EXPERIENCIA",G15="SI",G15=""),OR(G16="NO APORTA EXPERIENCIA",G16="SI",G16=""),OR(G17="NO APORTA EXPERIENCIA",G17="SI",G17=""),OR(G18="NO APORTA EXPERIENCIA",G18="SI",G18=""),OR(G19="NO APORTA EXPERIENCIA",G19="SI",G19="")),"CUMPLE","NO CUMPLE")) -> CUMPLE | H20: =IF(COUNTIF(E15:E19,0)>1,"NO CUMPLE, HAY MAS DE UN (1) INTEGRANTE QUE NO APORTA EXPERIENCIA",IF(AND(OR(H15="NO APLICA",H15="SI",H15=""),OR(H16="NO APLICA",H16="SI",H16=""),OR(H17="NO APLICA",H17="SI",H17=""),OR(H18="NO APLICA",H18="SI",H18=""),OR(H19="NO APLICA",H19="SI",H19="")),"CUMPLE","NO CUMPLE")) -> CUMPLE
B22: =CONCATENATE("ACREDITACION EXPERIENCIA ",'DATOS INICIALES'!G4) -> ACREDITACION EXPERIENCIA FDLUSA-LP-002-2024
B23: NÚMERO DE CERTIFICACIONES | C23: Máximo 5, 6 o 7 contratos | D23: CONTRATO No. 1 | E23: CONTRATO No. 2 | F23: CONTRATO No. 3 | G23: CONTRATO No. 4 | H23: CONTRATO No. 5 | I23: CONTRATO No. 6 | J23: CONTRATO No.7 | K23: OBSERVACIONES
B24: INTEGRANTE 1 DEL CONTRATO APORTADO | D24: ASFALTEMOS SAS | E24: ASFALTEMOS SAS
B25: INTEGRANTE 2 DEL CONTRATO APORTADO
B26: INTEGRANTE 3 DEL CONTRATO APORTADO
B27: DATOS DEL CONTRATO | C27: N° del contrato y año de suscripción | D27: 1950-2019 | E27: 66-2022
C28: Objeto | D28: MEJORAMIENTO, MANTENIMIENTO Y REHABILITACION DE LA CARRETERA SOGAMOSO – EL CRUCERO – AGUAZUL, RUTA 6211 Y 62BY05 DEL PR13+0000 PR14+1300, EN LOS DEPARTAMENTOS DE BOYACÁ Y CASANARE A CARGO INVIAS | E28: CONTRATAR EL MEJORAMIENTO Y REHABILITACIÓN DE LA MALLA VIAL PARA LA OPTIMIZACIÓN DE LA INFRAESTRUCTURA VIAL DEL SISTEMA ESTRATÉGICO DE TRANSPORTE DE IBAGUÉ – SETP DE IBAGUÉ S.A.S, LA CUAL INCLUYE OBRA COMPLEMENTARIAS, DIAGNOSTICO Y/O ESTUDIO Y DISEÑOS
C29: Fecha de iniciación del contrato. (dd/mm/aaaa) | D29: 43808 | E29: 44907
C30: Fecha de terminación del contrato. (dd/mm/aaaa) | D30: 44269 | E30: 45253
C31: Año de terminación para convertir en SMMLV | D31: 2021 | E31: 2023
C32: Nombre o razón social del contratante | D32: INVIAS | E32: SETP DE IBAGUÉ SAS
C33: Nombre o razón social del contratista | D33: UNIÓN TEMPORAL MULTIVIAL SOGAMOSO | E33: ASFALTEMOS SAS
C34: No. Consecutivo RUP | D34: 46 | E34: 56
C35: Valor final del contrato en SMMLV reportado en el RUP | D35: 36117.49 | E35: 11280.09
C36: Valor final contrato en pesos | D36: =IFERROR(D35*VLOOKUP(D31,'DATOS INICIALES'!$A$12:$B$44,2,0),"0") -> 3.2813679e+10 | E36: =IFERROR(E35*VLOOKUP(E31,'DATOS INICIALES'!$A$12:$B$44,2,0),"0") -> 13084904400 | F36: =IFERROR(F35*VLOOKUP(F31,'DATOS INICIALES'!$A$12:$B$44,2,0),"0") -> 0 | G36: =IFERROR(G35*VLOOKUP(G31,'DATOS INICIALES'!$A$12:$B$44,2,0),"0") -> 0 | H36: =IFERROR(H35*VLOOKUP(H31,'DATOS INICIALES'!$A$12:$B$44,2,0),"0") -> 0 | I36: =IFERROR(I35*VLOOKUP(I31,'DATOS INICIALES'!$A$12:$B$44,2,0),"0") -> 0 | J36: =IFERROR(J35*VLOOKUP(J31,'DATOS INICIALES'!$A$12:$B$44,2,0),"0") -> 0
C37: Porcentaje de Participación INTEGRANTE 1 | D37: 0.55 | E37: 1
C38: Valor final según porcentaje de participación INTEGRANTE 1 EN PESOS | D38: =IF(D24="","0",D37*D36) -> 1.8047523e+10 | E38: =IF(E24="","0",E37*E36) -> 13084904400 | F38: =IF(F24="","0",F37*F36) -> 0 | G38: =IF(G24="","0",G37*G36) -> 0 | H38: =IF(H24="","0",H37*H36) -> 0 | I38: =IF(I24="","0",I37*I36) -> 0 | J38: =IF(J24="","0",J37*J36) -> 0
C39: Valor final según porcentaje de participación INTEGRANTE 1 en SMMLV | D39: =IFERROR(D35*D37,"0") -> 19864.62 | E39: =IFERROR(E35*E37,"0") -> 11280.09 | F39: =IFERROR(F35*F37,"0") -> 0 | G39: =IFERROR(G35*G37,"0") -> 0 | H39: =IFERROR(H35*H37,"0") -> 0 | I39: =IFERROR(I35*I37,"0") -> 0 | J39: =IFERROR(J35*J37,"0") -> 0
C40: Porcentaje de Participación INTEGRANTE 2
C41: Valor final según porcentaje de participación INTEGRANTE 2 EN PESOS | D41: =IF(D25="","0",D40*D36) -> 0 | E41: =IF(E25="","0",E40*E36) -> 0 | F41: =IF(F25="","0",F40*F36) -> 0 | G41: =IF(G25="","0",G40*G36) -> 0 | H41: =IF(H25="","0",H40*H36) -> 0 | I41: =IF(I25="","0",I40*I36) -> 0 | J41: =IF(J25="","0",J40*J36) -> 0
C42: Valor final según porcentaje de participación INTEGRANTE 2 en SMMLV | D42: =IF(D25="",0,D35*D40) -> 0 | E42: =IF(E25="",0,E35*E40) -> 0 | F42: =IF(F25="",0,F35*F40) -> 0 | G42: =IF(G25="",0,G35*G40) -> 0 | H42: =IF(H25="",0,H35*H40) -> 0 | I42: =IF(I25="",0,I35*I40) -> 0 | J42: =IF(J25="",0,J35*J40) -> 0
C43: Porcentaje de Participación INTEGRANTE 3
C44: Valor final según porcentaje de participación INTEGRANTE 3 EN PESOS | D44: =IF(D26="","0",D43*D36) -> 0 | E44: =IF(E26="","0",E43*E36) -> 0 | F44: =IF(F26="","0",F43*F36) -> 0 | G44: =IF(G26="","0",G43*G36) -> 0 | H44: =IF(H26="","0",H43*H36) -> 0 | I44: =IF(I26="","0",I43*I36) -> 0 | J44: =IF(J26="","0",J43*J36) -> 0
C45: Valor final según porcentaje de participación INTEGRANTE 3 en SMMLV | D45: =IF(D26="",0,D35*D43) -> 0 | E45: =IF(E26="",0,E35*E43) -> 0 | F45: =IF(F26="",0,F35*F43) -> 0 | G45: =IF(G26="",0,G35*G43) -> 0 | H45: =IF(H26="",0,H35*H43) -> 0 | I45: =IF(I26="",0,I35*I43) -> 0 | J45: =IF(J26="",0,J35*J43) -> 0
B46: REGISTRO UNICO DE PROPONENTES | C46: ¿RUP vigente y en firme antes del cierre del proceso? | D46: CUMPLE | E46: CUMPLE
B47: CODIGO CIIU | C47: =+'DATOS INICIALES'!D22 -> 721033 | D47: SI | E47: SI
C48: =+'DATOS INICIALES'!D23 -> 721410 | D48: SI | E48: SI
C49: =+'DATOS INICIALES'!D24 -> 721411 | D49: SI | E49: SI
C50: =+'DATOS INICIALES'!D25 -> 721416 | D50: SI | E50: SI
C51: =+'DATOS INICIALES'!D26 -> 721527 | D51: SI | E51: SI
C52: =+'DATOS INICIALES'!D27 -> 721539 | D52: SI | E52: SI
C53: =+'DATOS INICIALES'!D28 -> 951115 | D53: NO | E53: NO
C54: =+'DATOS INICIALES'!D29 -> 721033 | D54: SI | E54: SI
C55: ¿El contrato se encuentra clasificado en alguno de los anteriores códigos? | D55: =IF(D24="","N/A",IF(D47="SI","CUMPLE",IF(D48="SI","CUMPLE",IF(D49="SI","CUMPLE",IF(D50="SI","CUMPLE",IF(D51="SI","CUMPLE",IF(D52="SI","CUMPLE",IF(D54="SI","CUMPLE","NO CUMPLE")))))))) -> CUMPLE | E55: =IF(E24="","N/A",IF(E47="SI","CUMPLE",IF(E48="SI","CUMPLE",IF(E49="SI","CUMPLE",IF(E50="SI","CUMPLE",IF(E51="SI","CUMPLE",IF(E52="SI","CUMPLE",IF(E54="SI","CUMPLE","NO CUMPLE")))))))) -> CUMPLE | F55: =IF(F24="","N/A",IF(F47="SI","CUMPLE",IF(F48="SI","CUMPLE",IF(F49="SI","CUMPLE",IF(F50="SI","CUMPLE",IF(F51="SI","CUMPLE",IF(F52="SI","CUMPLE",IF(F54="SI","CUMPLE","NO CUMPLE")))))))) -> N/A | G55: =IF(G24="","N/A",IF(G47="SI","CUMPLE",IF(G48="SI","CUMPLE",IF(G49="SI","CUMPLE",IF(G50="SI","CUMPLE",IF(G51="SI","CUMPLE",IF(G52="SI","CUMPLE",IF(G54="SI","CUMPLE","NO CUMPLE")))))))) -> N/A | H55: =IF(H24="","N/A",IF(H47="SI","CUMPLE",IF(H48="SI","CUMPLE",IF(H49="SI","CUMPLE",IF(H50="SI","CUMPLE",IF(H51="SI","CUMPLE",IF(H52="SI","CUMPLE",IF(H54="SI","CUMPLE","NO CUMPLE")))))))) -> N/A | I55: =IF(I24="","N/A",IF(I47="SI","CUMPLE",IF(I48="SI","CUMPLE",IF(I49="SI","CUMPLE",IF(I50="SI","CUMPLE",IF(I51="SI","CUMPLE",IF(I52="SI","CUMPLE",IF(I54="SI","CUMPLE","NO CUMPLE")))))))) -> N/A | J55: =IF(J24="","N/A",IF(J47="SI","CUMPLE",IF(J48="SI","CUMPLE",IF(J49="SI","CUMPLE",IF(J50="SI","CUMPLE",IF(J51="SI","CUMPLE",IF(J52="SI","CUMPLE",IF(J54="SI","CUMPLE","NO CUMPLE")))))))) -> N/A
B56: los requisitos de experiencia son: PROYECTOS DE CONSERVACIÓN DE VÍAS URBANAS EXPERIENCIA GENERAL: CONSTRUCCIÓN O REHABILITACIÓN O ADECUACIÓN O AMPLIACIÓN O MEJORAMIENTO O MANTENIMIENTO O RECONSTRUCCIÓN O REPAVIMENTACIÓN O PAVIMENTACIÓN O CONSERVACIÓN DE INFRAESTRUCTURA VIAL PARA TRÁFICO VEHICULAR DE VÍAS URBANAS O DE VÍAS PRIMARIAS O SECUNDARIAS Nota 1: No se aceptará experiencia en contratos cuyo objeto o alcance sea exclusivamente en cualquiera de las siguientes actividades de obra: componentes de seguridad vial o semaforización o puentes. Nota 2: En todo caso la obra civil en infraestructura vial que se pretenda acreditar como experiencia,debe demostrar la intervención en la estructura del pavimento. | D56: CUMPLE | E56: CUMPLE
B57: Los contratos para acreditar la experiencia exigida deberán cumplir las siguientes características: A. Que hayan contenido la ejecución de: proyectos de conservación de vías urbanas, que a nivel general en su objeto o actividades contengan construcción o rehabilitación o adecuación o ampliación o mejoramiento o mantenimiento o reconstrucción o repavimentación o pavimentación o conservación de infraestructura vial para tráfico vehicular de vías urbanas o de vías primarias o secundarias y que por lo menos uno (1) de los contratos válidos aportados como experiencia general donde haya realizado actividades de diagnóstico y/o estudios y diseños, para actividades de conservación de vías. | D57: CUMPLE | E57: CUMPLE
B58: B. Estar relacionados en el Formato 3 – Experiencia con el número consecutivo del contrato en el RUP. Los Proponentes Plurales deben indicar qué integrante aporta cada uno de los contratos señalados en el Formato 3 – Experiencia. Este documento debe presentarlo el Proponente Plural y no sus integrantes. | D58: CUMPLE | E58: CUMPLE
B59: C. El Proponente podrá acreditar la experiencia solicitada con mínimo uno (1) y máximo cinco (5) contratos, los cuales serán evaluados teniendo en cuenta la tabla del numeral 3.5.8 del Pliego de Condiciones, así como el contenido de la Matriz 1 – Experiencia. | D59: CUMPLE | E59: CUMPLE
B60: D. Deben haber terminado antes de la fecha de cierre del presente proceso de contratación. | D60: CUMPLE | E60: CUMPLE
B61: E. Para los contratos que sean aportados por personas jurídicas que no cuentan con más de tres (3) años de constituidas, que pretendan acreditar la experiencia de sus socios, accionistas o constituyentes, de conformidad con la posibilidad establecida en el numeral 2.5 del artículo 2.2.1.1.1.5.2. del Decreto 1082 de 2015, además del RUP deben adjuntar un documento suscrito por el representante legal y el revisor fiscal o contador público (según corresponda) donde se indique la conformación de la persona jurídica. La Entidad tendrá en cuenta la experiencia de los accionistas, socios o constituyentes de las sociedades con menos de tres (3) años de constituidas. Pasado este tiempo, la sociedad conservará esta experiencia, tal y como haya quedado registrada en el RUP. De acuerdo con el inciso anterior, en los casos en que se presente un Proponente Plural conformado por una persona jurídica, en conjunto con sus socios, accionistas o constituyentes y se alleguen contratos en los que estos le hayan transferido experiencia a aquella, solo podrán ser acreditados como experiencia en el Proceso de Contratación por uno de los integrantes, de manera tal que al Proponente Plural solo podrá avalársele una misma experiencia una sola vez. | D61: CUMPLE | E61: CUMPLE
B62: 3.5.3 DOCUMENTOS VÁLIDOS PARA LA ACREDITACIÓN DE LA EXPERIENCIA REQUERIDA En el Clasificador de Bienes y Servicios, el segmento correspondiente para la clasificación de la experiencia es el segmento 72. B. La entidad contratante únicamente podrá exigir para la verificación de la experiencia los contratos celebrados por el interesado, identificados con el Clasificador de Bienes y Servicios hasta el tercer nivel. C. Si el Proponente relaciona o anexa más de cinco (5) contratos en el Formato 3 - Experiencia, para efectos de evaluar la experiencia se tendrá en cuenta como máximo los cinco (5) contratos aportados de mayor valor. Tratándose de Proponentes que acrediten la calidad de Mipyme o emprendimiento y empresa de mujer con domicilio en el territorio nacional, se tendrá en cuenta como máximo los seis (6) contratos aportados de mayor valor. En caso de que el Proponente pruebe la calidad de Mipyme y de emprendimiento y empresa de mujer con domicilio en el territorio nacional de manera conjunta, se valdrán como máximo los siete (7) contratos allegados de mayor valor. D. Tratándose de Proponentes Plurales se tendrá en cuenta lo siguiente: i) uno de los integrantes debe aportar como mínimo el cincuenta por ciento (50 %) de la experiencia solicitada; ii) los demás integrantes deben acreditar al menos el cinco por ciento (5 %) de la experiencia solicitada; y iii) sin perjuicio de lo anterior, solo uno (1) de los integrantes, si así lo considera pertinente, podrá no acreditar experiencia. En este último caso, el porcentaje de participación del integrante que no aporta experiencia en la estructura plural no podrá superar el diez por ciento (10 %). Estos porcentajes que acreditarán los integrantes del Proponente Plural se podrán cumplir con contratos válidos que acrediten cualquier requisito de experiencia solicitada en el pliego de condiciones, y se calcularán sobre el “valor mínimo a certificar (como % del Presupuesto Oficial de obra expresado en SMMLV)” de conformidad con el numeral 3.5.8. Independientemente de él o los integrantes del Proponente Plural que aporten contratos para acreditar la experiencia, estos se tendrán en cuenta para calcular el “número de contratos con los cuales el Proponente cumple la experiencia acreditada" de que trata el numeral citado. En armonía con lo anterior, para cumplir el requisito previsto en este literal no se solicitará la acreditación de longitudes, magnitudes, volúmenes o porcentajes requeridos en la experiencia específica, sino que bastará con acreditar los SMMLV. | D62: CUMPLE | E62: CUMPLE
B63: E. Cuando el contrato que se pretende acreditar como experiencia haya sido ejecutado en consorcio o unión temporal, el porcentaje de participación del integrante será el registrado en el RUP de este o en alguno de los documentos válidos para la acreditación de experiencia en caso de que el integrante no esté obligado a tener RUP. F. Cuando el contrato que se pretende acreditar como experiencia haya sido ejecutado en consorcio o unión temporal, el valor a considerar será el registrado en el RUP, o documento válido en caso de que el integrante no esté obligado a RUP, para la acreditación de experiencia multiplicada por el porcentaje de participación que tuvo el integrante o los integrantes. G. Cuando el contrato que se pretende acreditar como experiencia haya sido ejecutado en consorcio, el “% de dimensionamiento (según la longitud o magnitud requerida en el proceso de contratación)” exigido en la Matriz 1 – Experiencia se afectará por el porcentaje de participación que tuvo el integrante o los integrantes. Por su parte, si el contrato fue ejecutado como unión temporal la acreditación del “% de dimensionamiento” se afectará de acuerdo con la distribución de actividades y lo materialmente ejecutado, para lo cual se deberá allegar el documento de conformación de proponente plural que discrimine las actividades a cargo de cada uno de los integrantes o que de los documentos aportados para acreditar la experiencia se pueda determinar qué actividades ejecutó cada uno de los integrantes. En caso de que lo anterior no se logre determinar, la evaluación se realizará de conformidad con lo señalado en el párrafo precedente, respecto a los consorcios. | D63: CUMPLE | E63: CUMPLE
B64: 3.5.7 PARA SUBCONTRATOS Para acreditar la experiencia de subcontratos, cuyo contrato principal fue suscrito con particulares, se aplicarán las disposiciones establecidas en el numeral anterior. Para acreditar la experiencia de contratos derivados de contratos suscritos con Entidades Estatales, el Proponente deberá aportar los documentos que se enlistan a continuación: A. Certificación del subcontrato. Certificación expedida con posterioridad a la fecha de terminación del subcontrato, la cual deberá estar suscrita por el representante legal del contratista del contrato principal, del Concesionario, o del EPC o Consorcio Constructor. Así mismo, debe contener la información requerida en el Pliego de Condiciones para efectos de la acreditación de la experiencia. B. Certificación expedida por la Entidad Estatal del contrato principal del cual se derivó el subcontrato. Esta certificación debe contener la información básica del contrato principal la siguiente: I. Alcance de las obras ejecutadas en el contrato principal. II. Información en la cual se evidencie que la figura de la subcontratación es permitida en el marco del contrato principal. En caso de que no requiera autorización para subcontratar, el Proponente podrá aportar con su propuesta alguno de los siguientes documentos que den cuenta de esa circunstancia: i) copia del contrato o ii) certificación emitida por la Entidad Estatal, donde acredite que para subcontratar no se requería autorización. La información solicitada en el literal B únicamente se exige en relación con el contrato principal suscrito con la Entidad Estatal. | D64: CUMPLE | E64: CUMPLE
B65: 3.5.4 ACREDITACIÓN DE LA EXPERIENCIA REQUERIDA Los proponentes acreditarán para cada uno de los contratos aportados la siguiente información mediante: A. Acta de liquidación B. Acta de entrega, terminación, final o de recibo definitivo. C. Certificación de experiencia. Expedida con posterioridad a la fecha de terminación del contrato en la que conste el recibo a satisfacción de la obra contratada debidamente suscrita por quien esté en capacidad u obligación de hacerlo. D. Acta de inicio o la orden de inicio. La misma sólo será válida para efectos de acreditar la fecha de inicio. E. Para los contratos que hayan sido objeto de cesión, el contrato deberá encontrarse debidamente inscrito y clasificado en el RUP o en uno o alguno de los documentos considerados como válidos para la acreditación de experiencia de la empresa cesionaria, según aplique. La experiencia se admitirá para el cesionario y no se reconocerá experiencia alguna al cedente. Para efectos de acreditación de experiencia entre particulares, el Proponente deberá aportar adicionalmente alguno de los documentos que se describen a continuación: A. Certificación de facturación expedida con posterioridad a la fecha de terminación del contrato emitida por el revisor fiscal o contador público del Proponente que acredita la experiencia, según corresponda, con la copia de la tarjeta profesional y certificado de antecedentes disciplinarios vigente, expedido por la Junta Central de Contadores, o los documentos equivalentes que hagan sus veces en el país donde se expide el documento del profesional. | D65: NO CUMPLE | E65: CUMPLE
B66: CONCEPTO POR CONTRATO | D66: =IF(D24="","N/A",IF(AND(D46="CUMPLE",D55="CUMPLE",D56="CUMPLE",D57="CUMPLE",D58="CUMPLE",D59="CUMPLE",OR(D61="CUMPLE",D61="N/A"),D62="CUMPLE",OR(D63="CUMPLE",D63="N/A"),D65="CUMPLE",OR(D64="CUMPLE",D64="N/A")),"CUMPLE","NO CUMPLE")) -> NO CUMPLE | E66: =IF(E24="","N/A",IF(AND(E46="CUMPLE",E55="CUMPLE",E56="CUMPLE",E57="CUMPLE",E58="CUMPLE",E59="CUMPLE",OR(E61="CUMPLE",E61="N/A"),E62="CUMPLE",OR(E63="CUMPLE",E63="N/A"),E65="CUMPLE",OR(E64="CUMPLE",E64="N/A")),"CUMPLE","NO CUMPLE")) -> CUMPLE | F66: =IF(F24="","N/A",IF(AND(F46="CUMPLE",F55="CUMPLE",F56="CUMPLE",F57="CUMPLE",F58="CUMPLE",F59="CUMPLE",OR(F61="CUMPLE",F61="N/A"),F62="CUMPLE",OR(F63="CUMPLE",F63="N/A"),F65="CUMPLE",OR(F64="CUMPLE",F64="N/A")),"CUMPLE","NO CUMPLE")) -> N/A | G66: =IF(G24="","N/A",IF(AND(G46="CUMPLE",G55="CUMPLE",G56="CUMPLE",G57="CUMPLE",G58="CUMPLE",G59="CUMPLE",OR(G61="CUMPLE",G61="N/A"),G62="CUMPLE",OR(G63="CUMPLE",G63="N/A"),G65="CUMPLE",OR(G64="CUMPLE",G64="N/A")),"CUMPLE","NO CUMPLE")) -> N/A | H66: =IF(H24="","N/A",IF(AND(H46="CUMPLE",H55="CUMPLE",H56="CUMPLE",H57="CUMPLE",H58="CUMPLE",H59="CUMPLE",OR(H61="CUMPLE",H61="N/A"),H62="CUMPLE",OR(H63="CUMPLE",H63="N/A"),H65="CUMPLE",OR(H64="CUMPLE",H64="N/A")),"CUMPLE","NO CUMPLE")) -> N/A | I66: =IF(I24="","N/A",IF(AND(I46="CUMPLE",I55="CUMPLE",I56="CUMPLE",I57="CUMPLE",I58="CUMPLE",I59="CUMPLE",OR(I61="CUMPLE",I61="N/A"),I62="CUMPLE",OR(I63="CUMPLE",I63="N/A"),I65="CUMPLE",OR(I64="CUMPLE",I64="N/A")),"CUMPLE","NO CUMPLE")) -> N/A | J66: =IF(J24="","N/A",IF(AND(J46="CUMPLE",J55="CUMPLE",J56="CUMPLE",J57="CUMPLE",J58="CUMPLE",J59="CUMPLE",OR(J61="CUMPLE",J61="N/A"),J62="CUMPLE",OR(J63="CUMPLE",J63="N/A"),J65="CUMPLE",OR(J64="CUMPLE",J64="N/A")),"CUMPLE","NO CUMPLE")) -> N/A
B67: EXPERIENCIA ESPECIFICA: Por lo menos uno (1) de los contratos válidos aportados como experiencia general donde haya realizado actividades de diagnóstico y/o estudios y diseños, para actividades de conservación de vías. | D67: CUMPLE | E67: CUMPLE
D75: Número de Contratos con los cuales el proponente cumple la experiencia acreditada. | E75: Valor mínimo a certificar (como % del Presupuesto Oficial de Obra, expresado en SMMLV) | F75: Valor mínimo a certificar (como % del Presupuesto Oficial de Obra, expresado en SMMLV)
D76: 1 | E76: =+L8 -> 11824.948 | F76: 0.75
D77: 2 | E77: =+L8 -> 11824.948 | F77: 0.75
D78: 3 | E78: =+L9 -> 18919.918 | F78: 1.2
D79: 4 | E79: =+L9 -> 18919.918 | F79: 1.2
D80: 5 | E80: =+L10 -> 23649.897 | F80: 1.5
D81: 6 | E81: =+L10 -> 23649.897 | F81: 1.5
D82: 7 | E82: =+L10 -> 23649.897 | F82: 1.5

Sheet 3
B2: ALCALDIA LOCAL DE USAQUEN
B4: ='DATOS INICIALES'!G4 -> FDLUSA-LP-002-2024
B6: Ciudad | C6: BOGOTÁ D.C | D6: Fecha de Evaluación | E6: 45592 | G6: Fecha de Cierre | H6: 45590
B7: DATOS GENERALES | J7: VALOR MINIMO A CERTIFICAR
B8: OBJETO DE LA CONVOCATORIA | C8: ='DATOS INICIALES'!D2 -> CONTRATAR POR EL SISTEMA DE PRECIOS UNITARIOS FIJOS Y A MONTO AGOTABLE LA INTERVENCIÓN DE LOS ELEMENTOS DE LA MALLA VIAL LOCAL E INTERMEDIA, ESPACIO PÚBLICO Y CICLOINFRAESTRUCTURA DE LA LOCALIDAD DE USAQUÉN EN BOGOTÁ CON OBRAS Y ACTIVIDADES DE CONSERVACIÓN | J8: DE 1 HASTA 2 | K8: 0.75 | L8: =K8*$C$10 -> 11824.948
B9: VALOR DEL PROCESO EN PESOS | C9: =+'DATOS INICIALES'!C5 -> 20496577313 | J9: DE 3 HASTA 4 | K9: 1.2 | L9: =K9*$C$10 -> 18919.918
B10: VALOR DEL PROCESO EN SMMLV | C10: =C9/'DATOS INICIALES'!B44 -> 15766.598 | J10: HASTA 5, 6 o 7 | K10: 1.5 | L10: =K10*$C$10 -> 23649.897
B11: PROPONENTE | C11: =+PROPONENTES!B12 -> CONSORCIO CCU | H11: CONCEPTO FINAL | I11: =IF(AND(F20="CUMPLE",G20="CUMPLE",H20="CUMPLE",L15="CUMPLE",K19="CUMPLE"),"CUMPLE","NO CUMPLE") -> CUMPLE
B13: ACREDITACIÓN DE EXPERIENCIA FIGURA ASOCIATIVA
B14: MIEMBRO UNICO O INTEGRANTES DEL CONSORCIO O UNION TEMPORAL. | C14: INTEGRANTE | D14: % PARTICIPACIÓN | E14: EXPERIENCIA TOTAL APORTADA | F14: ¿AL MENOS UNO APORTA EL 50% DE EXPERIENCIA? | G14: ¿APORTA MÍNIMO EL 5% DE EXPERIENCIA? | H14: SI NO APORTA ¿TIENE COMO MAXIMO EL 10% DE PARTICIPACIÓN? | I14: TOTAL CONTRATOS VÁLIDOS | J14: VALOR TOTAL A ACREDITAR (SMMLV) | K14: VALOR TOTAL ACREDITADO (SMMLV) | L14: CONCEPTO
C15: =IF(VLOOKUP(C11,PROPONENTES!B10:N44,2,FALSE)=0,"",VLOOKUP(C11,PROPONENTES!B10:N44,2,FALSE)) -> CLAUDIA STELLA CARVAJAL PINEDA | D15: =IF(VLOOKUP(C11,PROPONENTES!B10:N44,3,FALSE)=0,"",VLOOKUP(C11,PROPONENTES!B10:N44,3,FALSE)) -> 0.4 | E15: =IF(C15="","",IF($D$66="CUMPLE",IF(C15=$D$24,$D$39)+IF(C15=$D$25,$D$42)+IF(C15=$D$26,$D$45))+IF($E$66="CUMPLE",IF(C15=$E$24,$E$39)+IF(C15=$E$25,$E$42)+IF(C15=$E$26,$E$45))+IF($F$66="CUMPLE",IF(C15=$F$24,$F$39)+IF(C15=$F$25,$F$42)+IF(C15=$F$26,$F$45))+IF($G$66="CUMPLE",IF(C15=$G$24,$G$39)+IF(C15=$G$25,$G$42)+IF(C15=$G$26,$G$45))+IF($H$66="CUMPLE",IF(C15=$H$24,$H$39)+IF(C15=$H$25,$H$42)+IF(C15=$H$26,$H$45))+IF($I$66="CUMPLE",IF(C15=$I$24,$I$39)+IF(C15=$I$25,$I$42)+IF(C15=$I$26,$I$45))+IF($J$66="CUMPLE",IF(C15=$J$24,$J$39)+IF(C15=$J$25,$J$42)+IF(C15=$J$26,$J$45))) -> 1588.959 | F15: =IF(C15="","",IF(E15>=$J$15*0.5,"SI","NO")) -> NO | G15: =IF(C15="","",IF(E15>=$J$15*0.05,"SI",IF(E15=0,"NO APORTA EXPERIENCIA",))) -> SI | H15: =IF(C15="","",IF(AND(G15="NO APORTA EXPERIENCIA",D15<=10%),"SI",IF(G15="SI","NO APLICA","NO - PORCENTAJE MAYOR AL 10%"))) -> NO APLICA | I15: 3 | J15: =IF(AND(I15>=1,I15<=2),L8,IF(AND(I15>=3,I15<=4),L9,IF(AND(I15>=5,I15<=7),L10))) -> 18919.918 | K15: =+E20 -> 26365.83 | L15: =IF(K15>=J15,"CUMPLE","NO CUMPLE") -> CUMPLE
C16: =IF(VLOOKUP(C11,PROPONENTES!B10:N44,4,FALSE)=0,"",VLOOKUP(C11,PROPONENTES!B10:N44,4,FALSE)) -> C.C.P INGENIEROS S.A.S | D16: =IF(VLOOKUP(C11,PROPONENTES!B10:N44,5,FALSE)=0,"",VLOOKUP(C11,PROPONENTES!B10:N44,5,FALSE)) -> 0.6 | E16: =IF(C16="","",IF($D$66="CUMPLE",IF(C16=$D$24,$D$39)+IF(C16=$D$25,$D$42)+IF(C16=$D$26,$D$45))+IF($E$66="CUMPLE",IF(C16=$E$24,$E$39)+IF(C16=$E$25,$E$42)+IF(C16=$E$26,$E$45))+IF($F$66="CUMPLE",IF(C16=$F$24,$F$39)+IF(C16=$F$25,$F$42)+IF(C16=$F$26,$F$45))+IF($G$66="CUMPLE",IF(C16=$G$24,$G$39)+IF(C16=$G$25,$G$42)+IF(C16=$G$26,$G$45))+IF($H$66="CUMPLE",IF(C16=$H$24,$H$39)+IF(C16=$H$25,$H$42)+IF(C16=$H$26,$H$45))+IF($I$66="CUMPLE",IF(C16=$I$24,$I$39)+IF(C16=$I$25,$I$42)+IF(C16=$I$26,$I$45))+IF($J$66="CUMPLE",IF(C16=$J$24,$J$39)+IF(C16=$J$25,$J$42)+IF(C16=$J$26,$J$45))) -> 24776.871 | F16: =IF(C16="","",IF(E16>=$J$15*0.5,"SI","NO")) -> SI | G16: =IF(C16="","",IF(E16>=$J$15*0.05,"SI",IF(E16=0,"NO APORTA EXPERIENCIA",))) -> SI | H16: =IF(C16="","",IF(AND(G16="NO APORTA EXPERIENCIA",D16<=10%),"SI",IF(G16="SI","NO APLICA","NO - PORCENTAJE MAYOR AL 10%"))) -> NO APLICA
C17: =IF(VLOOKUP(C11,PROPONENTES!B10:N44,6,FALSE)=0,"",VLOOKUP(C11,PROPONENTES!B10:N44,6,FALSE)) | D17: =IF(VLOOKUP(C11,PROPONENTES!B10:N44,7,FALSE)=0,"",VLOOKUP(C11,PROPONENTES!B10:N44,7,FALSE)) | E17: =IF(C17="","",IF($D$66="CUMPLE",IF(C17=$D$24,$D$39)+IF(C17=$D$25,$D$42)+IF(C17=$D$26,$D$45))+IF($E$66="CUMPLE",IF(C17=$E$24,$E$39)+IF(C17=$E$25,$E$42)+IF(C17=$E$26,$E$45))+IF($F$66="CUMPLE",IF(C17=$F$24,$F$39)+IF(C17=$F$25,$F$42)+IF(C17=$F$26,$F$45))+IF($G$66="CUMPLE",IF(C17=$G$24,$G$39)+IF(C17=$G$25,$G$42)+IF(C17=$G$26,$G$45))+IF($H$66="CUMPLE",IF(C17=$H$24,$H$39)+IF(C17=$H$25,$H$42)+IF(C17=$H$26,$H$45))+IF($I$66="CUMPLE",IF(C17=$I$24,$I$39)+IF(C17=$I$25,$I$42)+IF(C17=$I$26,$I$45))+IF($J$66="CUMPLE",IF(C17=$J$24,$J$39)+IF(C17=$J$25,$J$42)+IF(C17=$J$26,$J$45))) | F17: =IF(C17="","",IF(E17>=$J$15*0.5,"SI","NO")) | G17: =IF(C17="","",IF(E17>=$J$15*0.05,"SI",IF(E17=0,"NO APORTA EXPERIENCIA",))) | H17: =IF(C17="","",IF(AND(G17="NO APORTA EXPERIENCIA",D17<=10%),"SI",IF(G17="SI","NO APLICA","NO - PORCENTAJE MAYOR AL 10%")))
C18: =IF(VLOOKUP(C11,PROPONENTES!B10:N44,8,FALSE)=0,"",VLOOKUP(C11,PROPONENTES!B10:N44,8,FALSE)) | D18: =IF(VLOOKUP(C11,PROPONENTES!B10:N44,9,FALSE)=0,"",VLOOKUP(C11,PROPONENTES!B10:N44,9,FALSE)) | E18: =IF(C18="","",IF($D$66="CUMPLE",IF(C18=$D$24,$D$39)+IF(C18=$D$25,$D$42)+IF(C18=$D$26,$D$45))+IF($E$66="CUMPLE",IF(C18=$E$24,$E$39)+IF(C18=$E$25,$E$42)+IF(C18=$E$26,$E$45))+IF($F$66="CUMPLE",IF(C18=$F$24,$F$39)+IF(C18=$F$25,$F$42)+IF(C18=$F$26,$F$45))+IF($G$66="CUMPLE",IF(C18=$G$24,$G$39)+IF(C18=$G$25,$G$42)+IF(C18=$G$26,$G$45))+IF($H$66="CUMPLE",IF(C18=$H$24,$H$39)+IF(C18=$H$25,$H$42)+IF(C18=$H$26,$H$45))+IF($I$66="CUMPLE",IF(C18=$I$24,$I$39)+IF(C18=$I$25,$I$42)+IF(C18=$I$26,$I$45))+IF($J$66="CUMPLE",IF(C18=$J$24,$J$39)+IF(C18=$J$25,$J$42)+IF(C18=$J$26,$J$45))) | F18: =IF(C18="","",IF(E18>=$J$15*0.5,"SI","NO")) | G18: =IF(C18="","",IF(E18>=$J$15*0.05,"SI",IF(E18=0,"NO APORTA EXPERIENCIA",))) | H18: =IF(C18="","",IF(AND(G18="NO APORTA EXPERIENCIA",D18<=10%),"SI",IF(G18="SI","NO APLICA","NO - PORCENTAJE MAYOR AL 10%"))) | I18: EXP. ESPECIFICA ACREDITADA (SMMLV) | J18: EXP. ESPECIFICA SOLICITADA (SMMLV) | K18: CONCEPTO
C19: =IF(VLOOKUP(C11,PROPONENTES!B10:N44,10,FALSE)=0,"",VLOOKUP(C11,PROPONENTES!B10:N44,10,FALSE)) | D19: =IF(VLOOKUP(C11,PROPONENTES!B10:N44,11,FALSE)=0,"",VLOOKUP(C11,PROPONENTES!B10:N44,11,FALSE)) | E19: =IF(C19="","",IF($D$66="CUMPLE",IF(C19=$D$24,$D$39)+IF(C19=$D$25,$D$42)+IF(C19=$D$26,$D$45))+IF($E$66="CUMPLE",IF(C19=$E$24,$E$39)+IF(C19=$E$25,$E$42)+IF(C19=$E$26,$E$45))+IF($F$66="CUMPLE",IF(C19=$F$24,$F$39)+IF(C19=$F$25,$F$42)+IF(C19=$F$26,$F$45))+IF($G$66="CUMPLE",IF(C19=$G$24,$G$39)+IF(C19=$G$25,$G$42)+IF(C19=$G$26,$G$45))+IF($H$66="CUMPLE",IF(C19=$H$24,$H$39)+IF(C19=$H$25,$H$42)+IF(C19=$H$26,$H$45))+IF($I$66="CUMPLE",IF(C19=$I$24,$I$39)+IF(C19=$I$25,$I$42)+IF(C19=$I$26,$I$45))+IF($J$66="CUMPLE",IF(C19=$J$24,$J$39)+IF(C19=$J$25,$J$42)+IF(C19=$J$26,$J$45))) | F19: =IF(C19="","",IF(E19>=$J$15*0.5,"SI","NO")) | G19: =IF(C19="","",IF(E19>=$J$15*0.05,"SI",IF(E19=0,"NO APORTA EXPERIENCIA",))) | H19: =IF(C19="","",IF(AND(G19="NO APORTA EXPERIENCIA",D19<=10%),"SI",IF(G19="SI","NO APLICA","NO - PORCENTAJE MAYOR AL 10%"))) | I19: =SUMIF(D67:J67,"CUMPLE",D39:J39)+SUMIF(D67:J67,"CUMPLE",D42:J42)+SUMIF(D67:J67,"CUMPLE",D45:J45) -> 26365.83 | J19: =IF(I15="","",VLOOKUP(I15,$D$76:$E$82,2,FALSE)) -> 18919.918 | K19: =IF(I19>=J19,"CUMPLE","NO CUMPLE") -> CUMPLE
B20: TOTAL | C20: =+VLOOKUP(C11,PROPONENTES!B10:N44,12,FALSE) -> 2 | D20: =+VLOOKUP(C11,PROPONENTES!B10:N44,13,FALSE) -> 1 | E20: =SUM(E15:E19) -> 26365.83 | F20: =IF(F15="SI","CUMPLE",IF(F16="SI","CUMPLE",IF(F17="SI","CUMPLE",IF(F18="SI","CUMPLE",IF(F19="SI","CUMPLE","NO CUMPLE"))))) -> CUMPLE | G20: =+IF(COUNTIF(E15:E19,0)>1,"NO CUMPLE, HAY MAS DE UN (1) INTEGRANTE QUE NO APORTA EXPERIENCIA",IF(AND(OR(G15="NO APORTA EXPERIENCIA",G15="SI",G15=""),OR(G16="NO APORTA EXPERIENCIA",G16="SI",G16=""),OR(G17="NO APORTA EXPERIENCIA",G17="SI",G17=""),OR(G18="NO APORTA EXPERIENCIA",G18="SI",G18=""),OR(G19="NO APORTA EXPERIENCIA",G19="SI",G19="")),"CUMPLE","NO CUMPLE")) -> CUMPLE | H20: =IF(COUNTIF(E15:E19,0)>1,"NO CUMPLE, HAY MAS DE UN (1) INTEGRANTE QUE NO APORTA EXPERIENCIA",IF(AND(OR(H15="NO APLICA",H15="SI",H15=""),OR(H16="NO APLICA",H16="SI",H16=""),OR(H17="NO APLICA",H17="SI",H17=""),OR(H18="NO APLICA",H18="SI",H18=""),OR(H19="NO APLICA",H19="SI",H19="")),"CUMPLE","NO CUMPLE")) -> CUMPLE
B22: =CONCATENATE("ACREDITACION EXPERIENCIA ",'DATOS INICIALES'!G4) -> ACREDITACION EXPERIENCIA FDLUSA-LP-002-2024
B23: NÚMERO DE CERTIFICACIONES | C23: Máximo 5, 6 o 7 contratos | D23: CONTRATO No. 1 | E23: CONTRATO No. 2 | F23: CONTRATO No. 3 | G23: CONTRATO No. 4 | H23: CONTRATO No. 5 | I23: CONTRATO No. 6 | J23: CONTRATO No.7 | K23: OBSERVACIONES
B24: INTEGRANTE 1 DEL CONTRATO APORTADO | D24: C.C.P INGENIEROS S.A.S | E24: CLAUDIA STELLA CARVAJAL PINEDA | F24: C.C.P INGENIEROS S.A.S
B25: INTEGRANTE 2 DEL CONTRATO APORTADO
B26: INTEGRANTE 3 DEL CONTRATO APORTADO
B27: DATOS DEL CONTRATO | C27: N° del contrato y año de suscripción | D27: 1192-2019 | E27: 496-2015 | F27: 755-2018
C28: Objeto | D28: “REHABILITACIÓN DE LA ESTRUCTURA DE PAVIMENTO DE LA VIA LA CEIBA (CRUCE VÍA MONTERÍA-PUERTOREY)-CANALETE EN EL DEPARTAMENTO DE CÓRDOBA” | E28: ESTUDIOS, DISEÑOS Y CONSTRUCCIÓN DE PAVIMENTOS DE CONCRETO RÍGIDO EN LOS BARRIOS: LAGRANJA, DIAGONAL 15 ENTRE TRANSVERSAL 3 Y 5 K0 +00 HASTA K0+368.4 Y BARRIO P5 TRANSVERSAL 0 ENTRE DIAGONAL 6 Y DIAGONAL 11 EN LA CIUDAD DE MONTERÍA - DEPARTAMENTO DE CÓRDOBA | F28: CONSTRUCCIÓN DE PAVIMENTO DE CONCRETOS RIGIDOS EN LOS BARRIOS LOS ABETOS, GUARAMAL Y URBANIZACIÓN SAN JOSÉ EN EL MUNICIPIO DE SAN CARLOS– DEPARTAMENTO DE CÓRDOBA.
C29: Fecha de iniciación del contrato. (dd/mm/aaaa) | D29: 43906 | E29: 42552 | F29: 43312
C30: Fecha de terminación del contrato. (dd/mm/aaaa) | D30: 44426 | E30: 42906 | F30: 43465
C31: Año de terminación para convertir en SMMLV | D31: 2021 | E31: 2017 | F31: 2018
C32: Nombre o razón social del contratante | D32: SECRETARIA DE INFRAESTRUCTURA DEPARTAMENTAL DEL DEPARTAMENTO DE CORDOBA | E32: MUNICIPIO DE MONTERÍA | F32: SECRETARIA DE INFRAESTRUCTURA DEPARTAMENTAL DEL DEPARTAMENTO DE CORDOBA
C33: Nombre o razón social del contratista | D33: CONSORCIO PAVIMENTAR 2019 | E33: CONSORCIO PAVIMENTO LA GRANJA | F33: CONSORCIO VÍAS SAN CARLOS
C34: No. Consecutivo RUP | D34: 8 | E34: 11 | F34: 13
C35: Valor final del contrato en SMMLV reportado en el RUP | D35: 37670.76 | E35: 5296.53 | F35: 4348.83
C36: Valor final contrato en pesos | D36: =IFERROR(D35*VLOOKUP(D31,'DATOS INICIALES'!$A$12:$B$44,2,0),"0") -> 3.4224865e+10 | E36: =IFERROR(E35*VLOOKUP(E31,'DATOS INICIALES'!$A$12:$B$44,2,0),"0") -> 3.9073402e+09 | F36: =IFERROR(F35*VLOOKUP(F31,'DATOS INICIALES'!$A$12:$B$44,2,0),"0") -> 3.3974886e+09 | G36: =IFERROR(G35*VLOOKUP(G31,'DATOS INICIALES'!$A$12:$B$44,2,0),"0") -> 0 | H36: =IFERROR(H35*VLOOKUP(H31,'DATOS INICIALES'!$A$12:$B$44,2,0),"0") -> 0 | I36: =IFERROR(I35*VLOOKUP(I31,'DATOS INICIALES'!$A$12:$B$44,2,0),"0") -> 0 | J36: =IFERROR(J35*VLOOKUP(J31,'DATOS INICIALES'!$A$12:$B$44,2,0),"0") -> 0
C37: Porcentaje de Participación INTEGRANTE 1 | D37: 0.6 | E37: 0.3 | F37: 0.5
C38: Valor final según porcentaje de participación INTEGRANTE 1 EN PESOS | D38: =IF(D24="","0",D37*D36) -> 2.0534919e+10 | E38: =IF(E24="","0",E37*E36) -> 1.1722021e+09 | F38: =IF(F24="","0",F37*F36) -> 1.6987443e+09 | G38: =IF(G24="","0",G37*G36) -> 0 | H38: =IF(H24="","0",H37*H36) -> 0 | I38: =IF(I24="","0",I37*I36) -> 0 | J38: =IF(J24="","0",J37*J36) -> 0
C39: Valor final según porcentaje de participación INTEGRANTE 1 en SMMLV | D39: =IFERROR(D35*D37,"0") -> 22602.456 | E39: =IFERROR(E35*E37,"0") -> 1588.959 | F39: =IFERROR(F35*F37,"0") -> 2174.415 | G39: =IFERROR(G35*G37,"0") -> 0 | H39: =IFERROR(H35*H37,"0") -> 0 | I39: =IFERROR(I35*I37,"0") -> 0 | J39: =IFERROR(J35*J37,"0") -> 0
C40: Porcentaje de Participación INTEGRANTE 2
C41: Valor final según porcentaje de participación INTEGRANTE 2 EN PESOS | D41: =IF(D25="","0",D40*D36) -> 0 | E41: =IF(E25="","0",E40*E36) -> 0 | F41: =IF(F25="","0",F40*F36) -> 0 | G41: =IF(G25="","0",G40*G36) -> 0 | H41: =IF(H25="","0",H40*H36) -> 0 | I41: =IF(I25="","0",I40*I36) -> 0 | J41: =IF(J25="","0",J40*J36) -> 0
C42: Valor final según porcentaje de participación INTEGRANTE 2 en SMMLV | D42: =IF(D25="",0,D35*D40) -> 0 | E42: =IF(E25="",0,E35*E40) -> 0 | F42: =IF(F25="",0,F35*F40) -> 0 | G42: =IF(G25="",0,G35*G40) -> 0 | H42: =IF(H25="",0,H35*H40) -> 0 | I42: =IF(I25="",0,I35*I40) -> 0 | J42: =IF(J25="",0,J35*J40) -> 0
C43: Porcentaje de Participación INTEGRANTE 3
C44: Valor final según porcentaje de participación INTEGRANTE 3 EN PESOS | D44: =IF(D26="","0",D43*D36) -> 0 | E44: =IF(E26="","0",E43*E36) -> 0 | F44: =IF(F26="","0",F43*F36) -> 0 | G44: =IF(G26="","0",G43*G36) -> 0 | H44: =IF(H26="","0",H43*H36) -> 0 | I44: =IF(I26="","0",I43*I36) -> 0 | J44: =IF(J26="","0",J43*J36) -> 0
C45: Valor final según porcentaje de participación INTEGRANTE 3 en SMMLV | D45: =IF(D26="",0,D35*D43) -> 0 | E45: =IF(E26="",0,E35*E43) -> 0 | F45: =IF(F26="",0,F35*F43) -> 0 | G45: =IF(G26="",0,G35*G43) -> 0 | H45: =IF(H26="",0,H35*H43) -> 0 | I45: =IF(I26="",0,I35*I43) -> 0 | J45: =IF(J26="",0,J35*J43) -> 0
B46: REGISTRO UNICO DE PROPONENTES | C46: ¿RUP vigente y en firme antes del cierre del proceso? | D46: CUMPLE | E46: CUMPLE | F46: CUMPLE
B47: CODIGO CIIU | C47: =+'DATOS INICIALES'!D22 -> 721033 | D47: SI | E47: SI | F47: SI
C48: =+'DATOS INICIALES'!D23 -> 721410 | D48: SI | E48: SI | F48: SI
C49: =+'DATOS INICIALES'!D24 -> 721411 | D49: SI | E49: SI | F49: SI
C50: =+'DATOS INICIALES'!D25 -> 721416 | D50: SI | E50: SI | F50: SI
C51: =+'DATOS INICIALES'!D26 -> 721527 | D51: SI | E51: SI | F51: SI
C52: =+'DATOS INICIALES'!D27 -> 721539 | D52: SI | E52: SI | F52: SI
C53: =+'DATOS INICIALES'!D28 -> 951115 | D53: SI | E53: SI | F53: SI
C54: =+'DATOS INICIALES'!D29 -> 721033 | D54: SI | E54: SI | F54: SI
C55: ¿El contrato se encuentra clasificado en alguno de los anteriores códigos? | D55: =IF(D24="","N/A",IF(D47="SI","CUMPLE",IF(D48="SI","CUMPLE",IF(D49="SI","CUMPLE",IF(D50="SI","CUMPLE",IF(D51="SI","CUMPLE",IF(D52="SI","CUMPLE",IF(D54="SI","CUMPLE","NO CUMPLE")))))))) -> CUMPLE | E55: =IF(E24="","N/A",IF(E47="SI","CUMPLE",IF(E48="SI","CUMPLE",IF(E49="SI","CUMPLE",IF(E50="SI","CUMPLE",IF(E51="SI","CUMPLE",IF(E52="SI","CUMPLE",IF(E54="SI","CUMPLE","NO CUMPLE")))))))) -> CUMPLE | F55: =IF(F24="","N/A",IF(F47="SI","CUMPLE",IF(F48="SI","CUMPLE",IF(F49="SI","CUMPLE",IF(F50="SI","CUMPLE",IF(F51="SI","CUMPLE",IF(F52="SI","CUMPLE",IF(F54="SI","CUMPLE","NO CUMPLE")))))))) -> CUMPLE | G55: =IF(G24="","N/A",IF(G47="SI","CUMPLE",IF(G48="SI","CUMPLE",IF(G49="SI","CUMPLE",IF(G50="SI","CUMPLE",IF(G51="SI","CUMPLE",IF(G52="SI","CUMPLE",IF(G54="SI","CUMPLE","NO CUMPLE")))))))) -> N/A | H55: =IF(H24="","N/A",IF(H47="SI","CUMPLE",IF(H48="SI","CUMPLE",IF(H49="SI","CUMPLE",IF(H50="SI","CUMPLE",IF(H51="SI","CUMPLE",IF(H52="SI","CUMPLE",IF(H54="SI","CUMPLE","NO CUMPLE")))))))) -> N/A | I55: =IF(I24="","N/A",IF(I47="SI","CUMPLE",IF(I48="SI","CUMPLE",IF(I49="SI","CUMPLE",IF(I50="SI","CUMPLE",IF(I51="SI","CUMPLE",IF(I52="SI","CUMPLE",IF(I54="SI","CUMPLE","NO CUMPLE")))))))) -> N/A | J55: =IF(J24="","N/A",IF(J47="SI","CUMPLE",IF(J48="SI","CUMPLE",IF(J49="SI","CUMPLE",IF(J50="SI","CUMPLE",IF(J51="SI","CUMPLE",IF(J52="SI","CUMPLE",IF(J54="SI","CUMPLE","NO CUMPLE")))))))) -> N/A
B56: los requisitos de experiencia son: PROYECTOS DE CONSERVACIÓN DE VÍAS URBANAS EXPERIENCIA GENERAL: CONSTRUCCIÓN O REHABILITACIÓN O ADECUACIÓN O AMPLIACIÓN O MEJORAMIENTO O MANTENIMIENTO O RECONSTRUCCIÓN O REPAVIMENTACIÓN O PAVIMENTACIÓN O CONSERVACIÓN DE INFRAESTRUCTURA VIAL PARA TRÁFICO VEHICULAR DE VÍAS URBANAS O DE VÍAS PRIMARIAS O SECUNDARIAS Nota 1: No se aceptará experiencia en contratos cuyo objeto o alcance sea exclusivamente en cualquiera de las siguientes actividades de obra: componentes de seguridad vial o semaforización o puentes. Nota 2: En todo caso la obra civil en infraestructura vial que se pretenda acreditar como experiencia,debe demostrar la intervención en la estructura del pavimento. | D56: CUMPLE | E56: CUMPLE | F56: CUMPLE
B57: Los contratos para acreditar la experiencia exigida deberán cumplir las siguientes características: A. Que hayan contenido la ejecución de: proyectos de conservación de vías urbanas, que a nivel general en su objeto o actividades contengan construcción o rehabilitación o adecuación o ampliación o mejoramiento o mantenimiento o reconstrucción o repavimentación o pavimentación o conservación de infraestructura vial para tráfico vehicular de vías urbanas o de vías primarias o secundarias y que por lo menos uno (1) de los contratos válidos aportados como experiencia general donde haya realizado actividades de diagnóstico y/o estudios y diseños, para actividades de conservación de vías. | D57: CUMPLE | E57: CUMPLE | F57: CUMPLE
B58: B. Estar relacionados en el Formato 3 – Experiencia con el número consecutivo del contrato en el RUP. Los Proponentes Plurales deben indicar qué integrante aporta cada uno de los contratos señalados en el Formato 3 – Experiencia. Este documento debe presentarlo el Proponente Plural y no sus integrantes. | D58: CUMPLE | E58: CUMPLE | F58: CUMPLE
B59: C. El Proponente podrá acreditar la experiencia solicitada con mínimo uno (1) y máximo cinco (5) contratos, los cuales serán evaluados teniendo en cuenta la tabla del numeral 3.5.8 del Pliego de Condiciones, así como el contenido de la Matriz 1 – Experiencia. | D59: CUMPLE | E59: CUMPLE | F59: CUMPLE
B60: D. Deben haber terminado antes de la fecha de cierre del presente proceso de contratación. | D60: CUMPLE | E60: CUMPLE | F60: CUMPLE
B61: E. Para los contratos que sean aportados por personas jurídicas que no cuentan con más de tres (3) años de constituidas, que pretendan acreditar la experiencia de sus socios, accionistas o constituyentes, de conformidad con la posibilidad establecida en el numeral 2.5 del artículo 2.2.1.1.1.5.2. del Decreto 1082 de 2015, además del RUP deben adjuntar un documento suscrito por el representante legal y el revisor fiscal o contador público (según corresponda) donde se indique la conformación de la persona jurídica. La Entidad tendrá en cuenta la experiencia de los accionistas, socios o constituyentes de las sociedades con menos de tres (3) años de constituidas. Pasado este tiempo, la sociedad conservará esta experiencia, tal y como haya quedado registrada en el RUP. De acuerdo con el inciso anterior, en los casos en que se presente un Proponente Plural conformado por una persona jurídica, en conjunto con sus socios, accionistas o constituyentes y se alleguen contratos en los que estos le hayan transferido experiencia a aquella, solo podrán ser acreditados como experiencia en el Proceso de Contratación por uno de los integrantes, de manera tal que al Proponente Plural solo podrá avalársele una misma experiencia una sola vez. | D61: CUMPLE | E61: CUMPLE | F61: CUMPLE
B62: 3.5.3 DOCUMENTOS VÁLIDOS PARA LA ACREDITACIÓN DE LA EXPERIENCIA REQUERIDA En el Clasificador de Bienes y Servicios, el segmento correspondiente para la clasificación de la experiencia es el segmento 72. B. La entidad contratante únicamente podrá exigir para la verificación de la experiencia los contratos celebrados por el interesado, identificados con el Clasificador de Bienes y Servicios hasta el tercer nivel. C. Si el Proponente relaciona o anexa más de cinco (5) contratos en el Formato 3 - Experiencia, para efectos de evaluar la experiencia se tendrá en cuenta como máximo los cinco (5) contratos aportados de mayor valor. Tratándose de Proponentes que acrediten la calidad de Mipyme o emprendimiento y empresa de mujer con domicilio en el territorio nacional, se tendrá en cuenta como máximo los seis (6) contratos aportados de mayor valor. En caso de que el Proponente pruebe la calidad de Mipyme y de emprendimiento y empresa de mujer con domicilio en el territorio nacional de manera conjunta, se valdrán como máximo los siete (7) contratos allegados de mayor valor. D. Tratándose de Proponentes Plurales se tendrá en cuenta lo siguiente: i) uno de los integrantes debe aportar como mínimo el cincuenta por ciento (50 %) de la experiencia solicitada; ii) los demás integrantes deben acreditar al menos el cinco por ciento (5 %) de la experiencia solicitada; y iii) sin perjuicio de lo anterior, solo uno (1) de los integrantes, si así lo considera pertinente, podrá no acreditar experiencia. En este último caso, el porcentaje de participación del integrante que no aporta experiencia en la estructura plural no podrá superar el diez por ciento (10 %). Estos porcentajes que acreditarán los integrantes del Proponente Plural se podrán cumplir con contratos válidos que acrediten cualquier requisito de experiencia solicitada en el pliego de condiciones, y se calcularán sobre el “valor mínimo a certificar (como % del Presupuesto Oficial de obra expresado en SMMLV)” de conformidad con el numeral 3.5.8. Independientemente de él o los integrantes del Proponente Plural que aporten contratos para acreditar la experiencia, estos se tendrán en cuenta para calcular el “número de contratos con los cuales el Proponente cumple la experiencia acreditada" de que trata el numeral citado. En armonía con lo anterior, para cumplir el requisito previsto en este literal no se solicitará la acreditación de longitudes, magnitudes, volúmenes o porcentajes requeridos en la experiencia específica, sino que bastará con acreditar los SMMLV. | D62: CUMPLE | E62: CUMPLE | F62: CUMPLE
B63: E. Cuando el contrato que se pretende acreditar como experiencia haya sido ejecutado en consorcio o unión temporal, el porcentaje de participación del integrante será el registrado en el RUP de este o en alguno de los documentos válidos para la acreditación de experiencia en caso de que el integrante no esté obligado a tener RUP. F. Cuando el contrato que se pretende acreditar como experiencia haya sido ejecutado en consorcio o unión temporal, el valor a considerar será el registrado en el RUP, o documento válido en caso de que el integrante no esté obligado a RUP, para la acreditación de experiencia multiplicada por el porcentaje de participación que tuvo el integrante o los integrantes. G. Cuando el contrato que se pretende acreditar como experiencia haya sido ejecutado en consorcio, el “% de dimensionamiento (según la longitud o magnitud requerida en el proceso de contratación)” exigido en la Matriz 1 – Experiencia se afectará por el porcentaje de participación que tuvo el integrante o los integrantes. Por su parte, si el contrato fue ejecutado como unión temporal la acreditación del “% de dimensionamiento” se afectará de acuerdo con la distribución de actividades y lo materialmente ejecutado, para lo cual se deberá allegar el documento de conformación de proponente plural que discrimine las actividades a cargo de cada uno de los integrantes o que de los documentos aportados para acreditar la experiencia se pueda determinar qué actividades ejecutó cada uno de los integrantes. En caso de que lo anterior no se logre determinar, la evaluación se realizará de conformidad con lo señalado en el párrafo precedente, respecto a los consorcios. | D63: CUMPLE | E63: CUMPLE | F63: CUMPLE
B64: 3.5.7 PARA SUBCONTRATOS Para acreditar la experiencia de subcontratos, cuyo contrato principal fue suscrito con particulares, se aplicarán las disposiciones establecidas en el numeral anterior. Para acreditar la experiencia de contratos derivados de contratos suscritos con Entidades Estatales, el Proponente deberá aportar los documentos que se enlistan a continuación: A. Certificación del subcontrato. Certificación expedida con posterioridad a la fecha de terminación del subcontrato, la cual deberá estar suscrita por el representante legal del contratista del contrato principal, del Concesionario, o del EPC o Consorcio Constructor. Así mismo, debe contener la información requerida en el Pliego de Condiciones para efectos de la acreditación de la experiencia. B. Certificación expedida por la Entidad Estatal del contrato principal del cual se derivó el subcontrato. Esta certificación debe contener la información básica del contrato principal la siguiente: I. Alcance de las obras ejecutadas en el contrato principal. II. Información en la cual se evidencie que la figura de la subcontratación es permitida en el marco del contrato principal. En caso de que no requiera autorización para subcontratar, el Proponente podrá aportar con su propuesta alguno de los siguientes documentos que den cuenta de esa circunstancia: i) copia del contrato o ii) certificación emitida por la Entidad Estatal, donde acredite que para subcontratar no se requería autorización. La información solicitada en el literal B únicamente se exige en relación con el contrato principal suscrito con la Entidad Estatal. | D64: CUMPLE | E64: CUMPLE | F64: CUMPLE
B65: 3.5.4 ACREDITACIÓN DE LA EXPERIENCIA REQUERIDA Los proponentes acreditarán para cada uno de los contratos aportados la siguiente información mediante: A. Acta de liquidación B. Acta de entrega, terminación, final o de recibo definitivo. C. Certificación de experiencia. Expedida con posterioridad a la fecha de terminación del contrato en la que conste el recibo a satisfacción de la obra contratada debidamente suscrita por quien esté en capacidad u obligación de hacerlo. D. Acta de inicio o la orden de inicio. La misma sólo será válida para efectos de acreditar la fecha de inicio. E. Para los contratos que hayan sido objeto de cesión, el contrato deberá encontrarse debidamente inscrito y clasificado en el RUP o en uno o alguno de los documentos considerados como válidos para la acreditación de experiencia de la empresa cesionaria, según aplique. La experiencia se admitirá para el cesionario y no se reconocerá experiencia alguna al cedente. Para efectos de acreditación de experiencia entre particulares, el Proponente deberá aportar adicionalmente alguno de los documentos que se describen a continuación: A. Certificación de facturación expedida con posterioridad a la fecha de terminación del contrato emitida por el revisor fiscal o contador público del Proponente que acredita la experiencia, según corresponda, con la copia de la tarjeta profesional y certificado de antecedentes disciplinarios vigente, expedido por la Junta Central de Contadores, o los documentos equivalentes que hagan sus veces en el país donde se expide el documento del profesional. | D65: CUMPLE | E65: CUMPLE | F65: CUMPLE
B66: CONCEPTO POR CONTRATO | D66: =IF(D24="","N/A",IF(AND(D46="CUMPLE",D55="CUMPLE",D56="CUMPLE",D57="CUMPLE",D58="CUMPLE",D59="CUMPLE",OR(D61="CUMPLE",D61="N/A"),D62="CUMPLE",OR(D63="CUMPLE",D63="N/A"),D65="CUMPLE",OR(D64="CUMPLE",D64="N/A")),"CUMPLE","NO CUMPLE")) -> CUMPLE | E66: =IF(E24="","N/A",IF(AND(E46="CUMPLE",E55="CUMPLE",E56="CUMPLE",E57="CUMPLE",E58="CUMPLE",E59="CUMPLE",OR(E61="CUMPLE",E61="N/A"),E62="CUMPLE",OR(E63="CUMPLE",E63="N/A"),E65="CUMPLE",OR(E64="CUMPLE",E64="N/A")),"CUMPLE","NO CUMPLE")) -> CUMPLE | F66: =IF(F24="","N/A",IF(AND(F46="CUMPLE",F55="CUMPLE",F56="CUMPLE",F57="CUMPLE",F58="CUMPLE",F59="CUMPLE",OR(F61="CUMPLE",F61="N/A"),F62="CUMPLE",OR(F63="CUMPLE",F63="N/A"),F65="CUMPLE",OR(F64="CUMPLE",F64="N/A")),"CUMPLE","NO CUMPLE")) -> CUMPLE | G66: =IF(G24="","N/A",IF(AND(G46="CUMPLE",G55="CUMPLE",G56="CUMPLE",G57="CUMPLE",G58="CUMPLE",G59="CUMPLE",OR(G61="CUMPLE",G61="N/A"),G62="CUMPLE",OR(G63="CUMPLE",G63="N/A"),G65="CUMPLE",OR(G64="CUMPLE",G64="N/A")),"CUMPLE","NO CUMPLE")) -> N/A | H66: =IF(H24="","N/A",IF(AND(H46="CUMPLE",H55="CUMPLE",H56="CUMPLE",H57="CUMPLE",H58="CUMPLE",H59="CUMPLE",OR(H61="CUMPLE",H61="N/A"),H62="CUMPLE",OR(H63="CUMPLE",H63="N/A"),H65="CUMPLE",OR(H64="CUMPLE",H64="N/A")),"CUMPLE","NO CUMPLE")) -> N/A | I66: =IF(I24="","N/A",IF(AND(I46="CUMPLE",I55="CUMPLE",I56="CUMPLE",I57="CUMPLE",I58="CUMPLE",I59="CUMPLE",OR(I61="CUMPLE",I61="N/A"),I62="CUMPLE",OR(I63="CUMPLE",I63="N/A"),I65="CUMPLE",OR(I64="CUMPLE",I64="N/A")),"CUMPLE","NO CUMPLE")) -> N/A | J66: =IF(J24="","N/A",IF(AND(J46="CUMPLE",J55="CUMPLE",J56="CUMPLE",J57="CUMPLE",J58="CUMPLE",J59="CUMPLE",OR(J61="CUMPLE",J61="N/A"),J62="CUMPLE",OR(J63="CUMPLE",J63="N/A"),J65="CUMPLE",OR(J64="CUMPLE",J64="N/A")),"CUMPLE","NO CUMPLE")) -> N/A
B67: EXPERIENCIA ESPECIFICA: Por lo menos uno (1) de los contratos válidos aportados como experiencia general donde haya realizado actividades de diagnóstico y/o estudios y diseños, para actividades de conservación de vías. | D67: CUMPLE | E67: CUMPLE | F67: CUMPLE
D75: Número de Contratos con los cuales el proponente cumple la experiencia acreditada. | E75: Valor mínimo a certificar (como % del Presupuesto Oficial de Obra, expresado en SMMLV) | F75: Valor mínimo a certificar (como % del Presupuesto Oficial de Obra, expresado en SMMLV)
D76: 1 | E76: =+L8 -> 11824.948 | F76: 0.75
D77: 2 | E77: =+L8 -> 11824.948 | F77: 0.75
D78: 3 | E78: =+L9 -> 18919.918 | F78: 1.2
D79: 4 | E79: =+L9 -> 18919.918 | F79: 1.2
D80: 5 | E80: =+L10 -> 23649.897 | F80: 1.5
D81: 6 | E81: =+L10 -> 23649.897 | F81: 1.5
D82: 7 | E82: =+L10 -> 23649.897 | F82: 1.5

Sheet 4
B2: ALCALDIA LOCAL DE USAQUEN
B4: ='DATOS INICIALES'!G4 -> FDLUSA-LP-002-2024
B6: Ciudad | C6: BOGOTÁ D.C | D6: Fecha de Evaluación | E6: 45592 | G6: Fecha de Cierre | H6: 45590
B7: DATOS GENERALES | J7: VALOR MINIMO A CERTIFICAR
B8: OBJETO DE LA CONVOCATORIA | C8: ='DATOS INICIALES'!D2 -> CONTRATAR POR EL SISTEMA DE PRECIOS UNITARIOS FIJOS Y A MONTO AGOTABLE LA INTERVENCIÓN DE LOS ELEMENTOS DE LA MALLA VIAL LOCAL E INTERMEDIA, ESPACIO PÚBLICO Y CICLOINFRAESTRUCTURA DE LA LOCALIDAD DE USAQUÉN EN BOGOTÁ CON OBRAS Y ACTIVIDADES DE CONSERVACIÓN | J8: DE 1 HASTA 2 | K8: 0.75 | L8: =K8*$C$10 -> 11824.948
B9: VALOR DEL PROCESO EN PESOS | C9: =+'DATOS INICIALES'!C5 -> 20496577313 | J9: DE 3 HASTA 4 | K9: 1.2 | L9: =K9*$C$10 -> 18919.918
B10: VALOR DEL PROCESO EN SMMLV | C10: =C9/'DATOS INICIALES'!B44 -> 15766.598 | J10: HASTA 5, 6 o 7 | K10: 1.5 | L10: =K10*$C$10 -> 23649.897
B11: PROPONENTE | C11: =+PROPONENTES!B13 -> CONSORCIO MEB VIAL | H11: CONCEPTO FINAL | I11: =IF(AND(F20="CUMPLE",G20="CUMPLE",H20="CUMPLE",L15="CUMPLE",K19="CUMPLE"),"CUMPLE","NO CUMPLE") -> CUMPLE
B13: ACREDITACIÓN DE EXPERIENCIA FIGURA ASOCIATIVA
B14: MIEMBRO UNICO O INTEGRANTES DEL CONSORCIO O UNION TEMPORAL. | C14: INTEGRANTE | D14: % PARTICIPACIÓN | E14: EXPERIENCIA TOTAL APORTADA | F14: ¿AL MENOS UNO APORTA EL 50% DE EXPERIENCIA? | G14: ¿APORTA MÍNIMO EL 5% DE EXPERIENCIA? | H14: SI NO APORTA ¿TIENE COMO MAXIMO EL 10% DE PARTICIPACIÓN? | I14: TOTAL CONTRATOS VÁLIDOS | J14: VALOR TOTAL A ACREDITAR (SMMLV) | K14: VALOR TOTAL ACREDITADO (SMMLV) | L14: CONCEPTO
C15: =IF(VLOOKUP(C11,PROPONENTES!B10:N44,2,FALSE)=0,"",VLOOKUP(C11,PROPONENTES!B10:N44,2,FALSE)) -> EMIRO CARLOS BARGUIL CUBILLOS | D15: =IF(VLOOKUP(C11,PROPONENTES!B10:N44,3,FALSE)=0,"",VLOOKUP(C11,PROPONENTES!B10:N44,3,FALSE)) -> 0.1 | E15: =IF(C15="","",IF($D$66="CUMPLE",IF(C15=$D$24,$D$39)+IF(C15=$D$25,$D$42)+IF(C15=$D$26,$D$45))+IF($E$66="CUMPLE",IF(C15=$E$24,$E$39)+IF(C15=$E$25,$E$42)+IF(C15=$E$26,$E$45))+IF($F$66="CUMPLE",IF(C15=$F$24,$F$39)+IF(C15=$F$25,$F$42)+IF(C15=$F$26,$F$45))+IF($G$66="CUMPLE",IF(C15=$G$24,$G$39)+IF(C15=$G$25,$G$42)+IF(C15=$G$26,$G$45))+IF($H$66="CUMPLE",IF(C15=$H$24,$H$39)+IF(C15=$H$25,$H$42)+IF(C15=$H$26,$H$45))+IF($I$66="CUMPLE",IF(C15=$I$24,$I$39)+IF(C15=$I$25,$I$42)+IF(C15=$I$26,$I$45))+IF($J$66="CUMPLE",IF(C15=$J$24,$J$39)+IF(C15=$J$25,$J$42)+IF(C15=$J$26,$J$45))) -> 0 | F15: =IF(C15="","",IF(E15>=$J$15*0.5,"SI","NO")) -> NO | G15: =IF(C15="","",IF(E15>=$J$15*0.05,"SI",IF(E15=0,"NO APORTA EXPERIENCIA",))) -> NO APORTA EXPERIENCIA | H15: =IF(C15="","",IF(AND(G15="NO APORTA EXPERIENCIA",D15<=10%),"SI",IF(G15="SI","NO APLICA","NO - PORCENTAJE MAYOR AL 10%"))) -> SI | I15: 2 | J15: =IF(AND(I15>=1,I15<=2),L8,IF(AND(I15>=3,I15<=4),L9,IF(AND(I15>=5,I15<=7),L10))) -> 11824.948 | K15: =+E20 -> 14305.612 | L15: =IF(K15>=J15,"CUMPLE","NO CUMPLE") -> CUMPLE
C16: =IF(VLOOKUP(C11,PROPONENTES!B10:N44,4,FALSE)=0,"",VLOOKUP(C11,PROPONENTES!B10:N44,4,FALSE)) -> ARMAR CONSTRUCCIONES S.A.S | D16: =IF(VLOOKUP(C11,PROPONENTES!B10:N44,5,FALSE)=0,"",VLOOKUP(C11,PROPONENTES!B10:N44,5,FALSE)) -> 0.4 | E16: =IF(C16="","",IF($D$66="CUMPLE",IF(C16=$D$24,$D$39)+IF(C16=$D$25,$D$42)+IF(C16=$D$26,$D$45))+IF($E$66="CUMPLE",IF(C16=$E$24,$E$39)+IF(C16=$E$25,$E$42)+IF(C16=$E$26,$E$45))+IF($F$66="CUMPLE",IF(C16=$F$24,$F$39)+IF(C16=$F$25,$F$42)+IF(C16=$F$26,$F$45))+IF($G$66="CUMPLE",IF(C16=$G$24,$G$39)+IF(C16=$G$25,$G$42)+IF(C16=$G$26,$G$45))+IF($H$66="CUMPLE",IF(C16=$H$24,$H$39)+IF(C16=$H$25,$H$42)+IF(C16=$H$26,$H$45))+IF($I$66="CUMPLE",IF(C16=$I$24,$I$39)+IF(C16=$I$25,$I$42)+IF(C16=$I$26,$I$45))+IF($J$66="CUMPLE",IF(C16=$J$24,$J$39)+IF(C16=$J$25,$J$42)+IF(C16=$J$26,$J$45))) -> 9985.552 | F16: =IF(C16="","",IF(E16>=$J$15*0.5,"SI","NO")) -> SI | G16: =IF(C16="","",IF(E16>=$J$15*0.05,"SI",IF(E16=0,"NO APORTA EXPERIENCIA",))) -> SI | H16: =IF(C16="","",IF(AND(G16="NO APORTA EXPERIENCIA",D16<=10%),"SI",IF(G16="SI","NO APLICA","NO - PORCENTAJE MAYOR AL 10%"))) -> NO APLICA
C17: =IF(VLOOKUP(C11,PROPONENTES!B10:N44,6,FALSE)=0,"",VLOOKUP(C11,PROPONENTES!B10:N44,6,FALSE)) -> MINATORE S.A.S | D17: =IF(VLOOKUP(C11,PROPONENTES!B10:N44,7,FALSE)=0,"",VLOOKUP(C11,PROPONENTES!B10:N44,7,FALSE)) -> 0.5 | E17: =IF(C17="","",IF($D$66="CUMPLE",IF(C17=$D$24,$D$39)+IF(C17=$D$25,$D$42)+IF(C17=$D$26,$D$45))+IF($E$66="CUMPLE",IF(C17=$E$24,$E$39)+IF(C17=$E$25,$E$42)+IF(C17=$E$26,$E$45))+IF($F$66="CUMPLE",IF(C17=$F$24,$F$39)+IF(C17=$F$25,$F$42)+IF(C17=$F$26,$F$45))+IF($G$66="CUMPLE",IF(C17=$G$24,$G$39)+IF(C17=$G$25,$G$42)+IF(C17=$G$26,$G$45))+IF($H$66="CUMPLE",IF(C17=$H$24,$H$39)+IF(C17=$H$25,$H$42)+IF(C17=$H$26,$H$45))+IF($I$66="CUMPLE",IF(C17=$I$24,$I$39)+IF(C17=$I$25,$I$42)+IF(C17=$I$26,$I$45))+IF($J$66="CUMPLE",IF(C17=$J$24,$J$39)+IF(C17=$J$25,$J$42)+IF(C17=$J$26,$J$45))) -> 4320.06 | F17: =IF(C17="","",IF(E17>=$J$15*0.5,"SI","NO")) -> NO | G17: =IF(C17="","",IF(E17>=$J$15*0.05,"SI",IF(E17=0,"NO APORTA EXPERIENCIA",))) -> SI | H17: =IF(C17="","",IF(AND(G17="NO APORTA EXPERIENCIA",D17<=10%),"SI",IF(G17="SI","NO APLICA","NO - PORCENTAJE MAYOR AL 10%"))) -> NO APLICA
C18: =IF(VLOOKUP(C11,PROPONENTES!B10:N44,8,FALSE)=0,"",VLOOKUP(C11,PROPONENTES!B10:N44,8,FALSE)) | D18: =IF(VLOOKUP(C11,PROPONENTES!B10:N44,9,FALSE)=0,"",VLOOKUP(C11,PROPONENTES!B10:N44,9,FALSE)) | E18: =IF(C18="","",IF($D$66="CUMPLE",IF(C18=$D$24,$D$39)+IF(C18=$D$25,$D$42)+IF(C18=$D$26,$D$45))+IF($E$66="CUMPLE",IF(C18=$E$24,$E$39)+IF(C18=$E$25,$E$42)+IF(C18=$E$26,$E$45))+IF($F$66="CUMPLE",IF(C18=$F$24,$F$39)+IF(C18=$F$25,$F$42)+IF(C18=$F$26,$F$45))+IF($G$66="CUMPLE",IF(C18=$G$24,$G$39)+IF(C18=$G$25,$G$42)+IF(C18=$G$26,$G$45))+IF($H$66="CUMPLE",IF(C18=$H$24,$H$39)+IF(C18=$H$25,$H$42)+IF(C18=$H$26,$H$45))+IF($I$66="CUMPLE",IF(C18=$I$24,$I$39)+IF(C18=$I$25,$I$42)+IF(C18=$I$26,$I$45))+IF($J$66="CUMPLE",IF(C18=$J$24,$J$39)+IF(C18=$J$25,$J$42)+IF(C18=$J$26,$J$45))) | F18: =IF(C18="","",IF(E18>=$J$15*0.5,"SI","NO")) | G18: =IF(C18="","",IF(E18>=$J$15*0.05,"SI",IF(E18=0,"NO APORTA EXPERIENCIA",))) | H18: =IF(C18="","",IF(AND(G18="NO APORTA EXPERIENCIA",D18<=10%),"SI",IF(G18="SI","NO APLICA","NO - PORCENTAJE MAYOR AL 10%"))) | I18: EXP. ESPECIFICA ACREDITADA (SMMLV) | J18: EXP. ESPECIFICA SOLICITADA (SMMLV) | K18: CONCEPTO
C19: =IF(VLOOKUP(C11,PROPONENTES!B10:N44,10,FALSE)=0,"",VLOOKUP(C11,PROPONENTES!B10:N44,10,FALSE)) | D19: =IF(VLOOKUP(C11,PROPONENTES!B10:N44,11,FALSE)=0,"",VLOOKUP(C11,PROPONENTES!B10:N44,11,FALSE)) | E19: =IF(C19="","",IF($D$66="CUMPLE",IF(C19=$D$24,$D$39)+IF(C19=$D$25,$D$42)+IF(C19=$D$26,$D$45))+IF($E$66="CUMPLE",IF(C19=$E$24,$E$39)+IF(C19=$E$25,$E$42)+IF(C19=$E$26,$E$45))+IF($F$66="CUMPLE",IF(C19=$F$24,$F$39)+IF(C19=$F$25,$F$42)+IF(C19=$F$26,$F$45))+IF($G$66="CUMPLE",IF(C19=$G$24,$G$39)+IF(C19=$G$25,$G$42)+IF(C19=$G$26,$G$45))+IF($H$66="CUMPLE",IF(C19=$H$24,$H$39)+IF(C19=$H$25,$H$42)+IF(C19=$H$26,$H$45))+IF($I$66="CUMPLE",IF(C19=$I$24,$I$39)+IF(C19=$I$25,$I$42)+IF(C19=$I$26,$I$45))+IF($J$66="CUMPLE",IF(C19=$J$24,$J$39)+IF(C19=$J$25,$J$42)+IF(C19=$J$26,$J$45))) | F19: =IF(C19="","",IF(E19>=$J$15*0.5,"SI","NO")) | G19: =IF(C19="","",IF(E19>=$J$15*0.05,"SI",IF(E19=0,"NO APORTA EXPERIENCIA",))) | H19: =IF(C19="","",IF(AND(G19="NO APORTA EXPERIENCIA",D19<=10%),"SI",IF(G19="SI","NO APLICA","NO - PORCENTAJE MAYOR AL 10%"))) | I19: =SUMIF(D67:J67,"CUMPLE",D39:J39)+SUMIF(D67:J67,"CUMPLE",D42:J42)+SUMIF(D67:J67,"CUMPLE",D45:J45) -> 14305.612 | J19: =IF(I15="","",VLOOKUP(I15,$D$76:$E$82,2,FALSE)) -> 11824.948 | K19: =IF(I19>=J19,"CUMPLE","NO CUMPLE") -> CUMPLE
B20: TOTAL | C20: =+VLOOKUP(C11,PROPONENTES!B10:N44,12,FALSE) -> 3 | D20: =+VLOOKUP(C11,PROPONENTES!B10:N44,13,FALSE) -> 1 | E20: =SUM(E15:E19) -> 14305.612 | F20: =IF(F15="SI","CUMPLE",IF(F16="SI","CUMPLE",IF(F17="SI","CUMPLE",IF(F18="SI","CUMPLE",IF(F19="SI","CUMPLE","NO CUMPLE"))))) -> CUMPLE | G20: =+IF(COUNTIF(E15:E19,0)>1,"NO CUMPLE, HAY MAS DE UN (1) INTEGRANTE QUE NO APORTA EXPERIENCIA",IF(AND(OR(G15="NO APORTA EXPERIENCIA",G15="SI",G15=""),OR(G16="NO APORTA EXPERIENCIA",G16="SI",G16=""),OR(G17="NO APORTA EXPERIENCIA",G17="SI",G17=""),OR(G18="NO APORTA EXPERIENCIA",G18="SI",G18=""),OR(G19="NO APORTA EXPERIENCIA",G19="SI",G19="")),"CUMPLE","NO CUMPLE")) -> CUMPLE | H20: =IF(COUNTIF(E15:E19,0)>1,"NO CUMPLE, HAY MAS DE UN (1) INTEGRANTE QUE NO APORTA EXPERIENCIA",IF(AND(OR(H15="NO APLICA",H15="SI",H15=""),OR(H16="NO APLICA",H16="SI",H16=""),OR(H17="NO APLICA",H17="SI",H17=""),OR(H18="NO APLICA",H18="SI",H18=""),OR(H19="NO APLICA",H19="SI",H19="")),"CUMPLE","NO CUMPLE")) -> CUMPLE
B22: =CONCATENATE("ACREDITACION EXPERIENCIA ",'DATOS INICIALES'!G4) -> ACREDITACION EXPERIENCIA FDLUSA-LP-002-2024
B23: NÚMERO DE CERTIFICACIONES | C23: Máximo 5, 6 o 7 contratos | D23: CONTRATO No. 1 | E23: CONTRATO No. 2 | F23: CONTRATO No. 3 | G23: CONTRATO No. 4 | H23: CONTRATO No. 5 | I23: CONTRATO No. 6 | J23: CONTRATO No.7 | K23: OBSERVACIONES
B24: INTEGRANTE 1 DEL CONTRATO APORTADO | D24: MINATORE S.A.S | E24: ARMAR CONSTRUCCIONES S.A.S
B25: INTEGRANTE 2 DEL CONTRATO APORTADO
B26: INTEGRANTE 3 DEL CONTRATO APORTADO
B27: DATOS DEL CONTRATO | C27: N° del contrato y año de suscripción | D27: CCU-001 DE 2022 | E27: 003-11
C28: Objeto | D28: “CONTRATARPORELSISTEMA DEPRECIOSUNITARIOSFIJOSYA MONTO AGOTABLE LA INTERVENCIÓNDELAMALLA VIALLOCALEINTERMEDIADELA LOCALIDADDEUSAQUÉNEN BOGOTÁCONOBRASY ACTIVIDADES DE CONSERVACION” | E28: "PAVIMENTACION EN CONCRETO RIGIDO DE LA CARRERA 4 Y 5 ENTRE LA CALLE 41 Y LA AVENIDA CIRCUNVALAR PERTENECIENTE AL SISTEMA ESTRATÉGICO DE TRANSPORTE PÚBLICO "SETP" DE LA CIUDAD DE MONTERÍA
C29: Fecha de iniciación del contrato. (dd/mm/aaaa) | D29: 44727 | E29: 40699
C30: Fecha de terminación del contrato. (dd/mm/aaaa) | D30: 45097 | E30: 41247
C31: Año de terminación para convertir en SMMLV | D31: 2023 | E31: 2012
C32: Nombre o razón social del contratante | D32: CONSORCIO CONSERVACIÓN USAQUÉN | E32: MONTERIA CIUDAD AMABLE S.A.S
C33: Nombre o razón social del contratista | D33: MINATORE S.A.S | E33: CONSORCIO VIAS URBANAS MONTERIA 2011
C34: No. Consecutivo RUP | D34: 6 | E34: 13
C35: Valor final del contrato en SMMLV reportado en el RUP | D35: 4320.06 | E35: 24963.88
C36: Valor final contrato en pesos | D36: =IFERROR(D35*VLOOKUP(D31,'DATOS INICIALES'!$A$12:$B$44,2,0),"0") -> 5011269600 | E36: =IFERROR(E35*VLOOKUP(E31,'DATOS INICIALES'!$A$12:$B$44,2,0),"0") -> 14147030796 | F36: =IFERROR(F35*VLOOKUP(F31,'DATOS INICIALES'!$A$12:$B$44,2,0),"0") -> 0 | G36: =IFERROR(G35*VLOOKUP(G31,'DATOS INICIALES'!$A$12:$B$44,2,0),"0") -> 0 | H36: =IFERROR(H35*VLOOKUP(H31,'DATOS INICIALES'!$A$12:$B$44,2,0),"0") -> 0 | I36: =IFERROR(I35*VLOOKUP(I31,'DATOS INICIALES'!$A$12:$B$44,2,0),"0") -> 0 | J36: =IFERROR(J35*VLOOKUP(J31,'DATOS INICIALES'!$A$12:$B$44,2,0),"0") -> 0
C37: Porcentaje de Participación INTEGRANTE 1 | D37: 1 | E37: 0.4
C38: Valor final según porcentaje de participación INTEGRANTE 1 EN PESOS | D38: =IF(D24="","0",D37*D36) -> 5011269600 | E38: =IF(E24="","0",E37*E36) -> 5.6588123e+09 | F38: =IF(F24="","0",F37*F36) -> 0 | G38: =IF(G24="","0",G37*G36) -> 0 | H38: =IF(H24="","0",H37*H36) -> 0 | I38: =IF(I24="","0",I37*I36) -> 0 | J38: =IF(J24="","0",J37*J36) -> 0
C39: Valor final según porcentaje de participación INTEGRANTE 1 en SMMLV | D39: =IFERROR(D35*D37,"0") -> 4320.06 | E39: =IFERROR(E35*E37,"0") -> 9985.552 | F39: =IFERROR(F35*F37,"0") -> 0 | G39: =IFERROR(G35*G37,"0") -> 0 | H39: =IFERROR(H35*H37,"0") -> 0 | I39: =IFERROR(I35*I37,"0") -> 0 | J39: =IFERROR(J35*J37,"0") -> 0
C40: Porcentaje de Participación INTEGRANTE 2
C41: Valor final según porcentaje de participación INTEGRANTE 2 EN PESOS | D41: =IF(D25="","0",D40*D36) -> 0 | E41: =IF(E25="","0",E40*E36) -> 0 | F41: =IF(F25="","0",F40*F36) -> 0 | G41: =IF(G25="","0",G40*G36) -> 0 | H41: =IF(H25="","0",H40*H36) -> 0 | I41: =IF(I25="","0",I40*I36) -> 0 | J41: =IF(J25="","0",J40*J36) -> 0
C42: Valor final según porcentaje de participación INTEGRANTE 2 en SMMLV | D42: =IF(D25="",0,D35*D40) -> 0 | E42: =IF(E25="",0,E35*E40) -> 0 | F42: =IF(F25="",0,F35*F40) -> 0 | G42: =IF(G25="",0,G35*G40) -> 0 | H42: =IF(H25="",0,H35*H40) -> 0 | I42: =IF(I25="",0,I35*I40) -> 0 | J42: =IF(J25="",0,J35*J40) -> 0
C43: Porcentaje de Participación INTEGRANTE 3
C44: Valor final según porcentaje de participación INTEGRANTE 3 EN PESOS | D44: =IF(D26="","0",D43*D36) -> 0 | E44: =IF(E26="","0",E43*E36) -> 0 | F44: =IF(F26="","0",F43*F36) -> 0 | G44: =IF(G26="","0",G43*G36) -> 0 | H44: =IF(H26="","0",H43*H36) -> 0 | I44: =IF(I26="","0",I43*I36) -> 0 | J44: =IF(J26="","0",J43*J36) -> 0
C45: Valor final según porcentaje de participación INTEGRANTE 3 en SMMLV | D45: =IF(D26="",0,D35*D43) -> 0 | E45: =IF(E26="",0,E35*E43) -> 0 | F45: =IF(F26="",0,F35*F43) -> 0 | G45: =IF(G26="",0,G35*G43) -> 0 | H45: =IF(H26="",0,H35*H43) -> 0 | I45: =IF(I26="",0,I35*I43) -> 0 | J45: =IF(J26="",0,J35*J43) -> 0
B46: REGISTRO UNICO DE PROPONENTES | C46: ¿RUP vigente y en firme antes del cierre del proceso? | D46: CUMPLE | E46: CUMPLE
B47: CODIGO CIIU | C47: =+'DATOS INICIALES'!D22 -> 721033 | D47: SI | E47: SI
C48: =+'DATOS INICIALES'!D23 -> 721410 | D48: SI | E48: SI
C49: =+'DATOS INICIALES'!D24 -> 721411 | D49: SI | E49: SI
C50: =+'DATOS INICIALES'!D25 -> 721416 | D50: NO | E50: SI
C51: =+'DATOS INICIALES'!D26 -> 721527 | D51: NO | E51: NO
C52: =+'DATOS INICIALES'!D27 -> 721539 | D52: NO | E52: SI
C53: =+'DATOS INICIALES'!D28 -> 951115 | D53: NO | E53: SI
C54: =+'DATOS INICIALES'!D29 -> 721033 | D54: SI | E54: SI
C55: ¿El contrato se encuentra clasificado en alguno de los anteriores códigos? | D55: =IF(D24="","N/A",IF(D47="SI","CUMPLE",IF(D48="SI","CUMPLE",IF(D49="SI","CUMPLE",IF(D50="SI","CUMPLE",IF(D51="SI","CUMPLE",IF(D52="SI","CUMPLE",IF(D54="SI","CUMPLE","NO CUMPLE")))))))) -> CUMPLE | E55: =IF(E24="","N/A",IF(E47="SI","CUMPLE",IF(E48="SI","CUMPLE",IF(E49="SI","CUMPLE",IF(E50="SI","CUMPLE",IF(E51="SI","CUMPLE",IF(E52="SI","CUMPLE",IF(E54="SI","CUMPLE","NO CUMPLE")))))))) -> CUMPLE | F55: =IF(F24="","N/A",IF(F47="SI","CUMPLE",IF(F48="SI","CUMPLE",IF(F49="SI","CUMPLE",IF(F50="SI","CUMPLE",IF(F51="SI","CUMPLE",IF(F52="SI","CUMPLE",IF(F54="SI","CUMPLE","NO CUMPLE")))))))) -> N/A | G55: =IF(G24="","N/A",IF(G47="SI","CUMPLE",IF(G48="SI","CUMPLE",IF(G49="SI","CUMPLE",IF(G50="SI","CUMPLE",IF(G51="SI","CUMPLE",IF(G52="SI","CUMPLE",IF(G54="SI","CUMPLE","NO CUMPLE")))))))) -> N/A | H55: =IF(H24="","N/A",IF(H47="SI","CUMPLE",IF(H48="SI","CUMPLE",IF(H49="SI","CUMPLE",IF(H50="SI","CUMPLE",IF(H51="SI","CUMPLE",IF(H52="SI","CUMPLE",IF(H54="SI","CUMPLE","NO CUMPLE")))))))) -> N/A | I55: =IF(I24="","N/A",IF(I47="SI","CUMPLE",IF(I48="SI","CUMPLE",IF(I49="SI","CUMPLE",IF(I50="SI","CUMPLE",IF(I51="SI","CUMPLE",IF(I52="SI","CUMPLE",IF(I54="SI","CUMPLE","NO CUMPLE")))))))) -> N/A | J55: =IF(J24="","N/A",IF(J47="SI","CUMPLE",IF(J48="SI","CUMPLE",IF(J49="SI","CUMPLE",IF(J50="SI","CUMPLE",IF(J51="SI","CUMPLE",IF(J52="SI","CUMPLE",IF(J54="SI","CUMPLE","NO CUMPLE")))))))) -> N/A
B56: los requisitos de experiencia son: PROYECTOS DE CONSERVACIÓN DE VÍAS URBANAS EXPERIENCIA GENERAL: CONSTRUCCIÓN O REHABILITACIÓN O ADECUACIÓN O AMPLIACIÓN O MEJORAMIENTO O MANTENIMIENTO O RECONSTRUCCIÓN O REPAVIMENTACIÓN O PAVIMENTACIÓN O CONSERVACIÓN DE INFRAESTRUCTURA VIAL PARA TRÁFICO VEHICULAR DE VÍAS URBANAS O DE VÍAS PRIMARIAS O SECUNDARIAS Nota 1: No se aceptará experiencia en contratos cuyo objeto o alcance sea exclusivamente en cualquiera de las siguientes actividades de obra: componentes de seguridad vial o semaforización o puentes. Nota 2: En todo caso la obra civil en infraestructura vial que se pretenda acreditar como experiencia,debe demostrar la intervención en la estructura del pavimento. | D56: CUMPLE | E56: CUMPLE
B57: Los contratos para acreditar la experiencia exigida deberán cumplir las siguientes características: A. Que hayan contenido la ejecución de: proyectos de conservación de vías urbanas, que a nivel general en su objeto o actividades contengan construcción o rehabilitación o adecuación o ampliación o mejoramiento o mantenimiento o reconstrucción o repavimentación o pavimentación o conservación de infraestructura vial para tráfico vehicular de vías urbanas o de vías primarias o secundarias y que por lo menos uno (1) de los contratos válidos aportados como experiencia general donde haya realizado actividades de diagnóstico y/o estudios y diseños, para actividades de conservación de vías. | D57: CUMPLE | E57: CUMPLE
B58: B. Estar relacionados en el Formato 3 – Experiencia con el número consecutivo del contrato en el RUP. Los Proponentes Plurales deben indicar qué integrante aporta cada uno de los contratos señalados en el Formato 3 – Experiencia. Este documento debe presentarlo el Proponente Plural y no sus integrantes. | D58: CUMPLE | E58: CUMPLE
B59: C. El Proponente podrá acreditar la experiencia solicitada con mínimo uno (1) y máximo cinco (5) contratos, los cuales serán evaluados teniendo en cuenta la tabla del numeral 3.5.8 del Pliego de Condiciones, así como el contenido de la Matriz 1 – Experiencia. | D59: CUMPLE | E59: CUMPLE
B60: D. Deben haber terminado antes de la fecha de cierre del presente proceso de contratación. | D60: CUMPLE | E60: CUMPLE
B61: E. Para los contratos que sean aportados por personas jurídicas que no cuentan con más de tres (3) años de constituidas, que pretendan acreditar la experiencia de sus socios, accionistas o constituyentes, de conformidad con la posibilidad establecida en el numeral 2.5 del artículo 2.2.1.1.1.5.2. del Decreto 1082 de 2015, además del RUP deben adjuntar un documento suscrito por el representante legal y el revisor fiscal o contador público (según corresponda) donde se indique la conformación de la persona jurídica. La Entidad tendrá en cuenta la experiencia de los accionistas, socios o constituyentes de las sociedades con menos de tres (3) años de constituidas. Pasado este tiempo, la sociedad conservará esta experiencia, tal y como haya quedado registrada en el RUP. De acuerdo con el inciso anterior, en los casos en que se presente un Proponente Plural conformado por una persona jurídica, en conjunto con sus socios, accionistas o constituyentes y se alleguen contratos en los que estos le hayan transferido experiencia a aquella, solo podrán ser acreditados como experiencia en el Proceso de Contratación por uno de los integrantes, de manera tal que al Proponente Plural solo podrá avalársele una misma experiencia una sola vez. | D61: CUMPLE | E61: CUMPLE
B62: 3.5.3 DOCUMENTOS VÁLIDOS PARA LA ACREDITACIÓN DE LA EXPERIENCIA REQUERIDA En el Clasificador de Bienes y Servicios, el segmento correspondiente para la clasificación de la experiencia es el segmento 72. B. La entidad contratante únicamente podrá exigir para la verificación de la experiencia los contratos celebrados por el interesado, identificados con el Clasificador de Bienes y Servicios hasta el tercer nivel. C. Si el Proponente relaciona o anexa más de cinco (5) contratos en el Formato 3 - Experiencia, para efectos de evaluar la experiencia se tendrá en cuenta como máximo los cinco (5) contratos aportados de mayor valor. Tratándose de Proponentes que acrediten la calidad de Mipyme o emprendimiento y empresa de mujer con domicilio en el territorio nacional, se tendrá en cuenta como máximo los seis (6) contratos aportados de mayor valor. En caso de que el Proponente pruebe la calidad de Mipyme y de emprendimiento y empresa de mujer con domicilio en el territorio nacional de manera conjunta, se valdrán como máximo los siete (7) contratos allegados de mayor valor. D. Tratándose de Proponentes Plurales se tendrá en cuenta lo siguiente: i) uno de los integrantes debe aportar como mínimo el cincuenta por ciento (50 %) de la experiencia solicitada; ii) los demás integrantes deben acreditar al menos el cinco por ciento (5 %) de la experiencia solicitada; y iii) sin perjuicio de lo anterior, solo uno (1) de los integrantes, si así lo considera pertinente, podrá no acreditar experiencia. En este último caso, el porcentaje de participación del integrante que no aporta experiencia en la estructura plural no podrá superar el diez por ciento (10 %). Estos porcentajes que acreditarán los integrantes del Proponente Plural se podrán cumplir con contratos válidos que acrediten cualquier requisito de experiencia solicitada en el pliego de condiciones, y se calcularán sobre el “valor mínimo a certificar (como % del Presupuesto Oficial de obra expresado en SMMLV)” de conformidad con el numeral 3.5.8. Independientemente de él o los integrantes del Proponente Plural que aporten contratos para acreditar la experiencia, estos se tendrán en cuenta para calcular el “número de contratos con los cuales el Proponente cumple la experiencia acreditada" de que trata el numeral citado. En armonía con lo anterior, para cumplir el requisito previsto en este literal no se solicitará la acreditación de longitudes, magnitudes, volúmenes o porcentajes requeridos en la experiencia específica, sino que bastará con acreditar los SMMLV. | D62: CUMPLE | E62: CUMPLE
B63: E. Cuando el contrato que se pretende acreditar como experiencia haya sido ejecutado en consorcio o unión temporal, el porcentaje de participación del integrante será el registrado en el RUP de este o en alguno de los documentos válidos para la acreditación de experiencia en caso de que el integrante no esté obligado a tener RUP. F. Cuando el contrato que se pretende acreditar como experiencia haya sido ejecutado en consorcio o unión temporal, el valor a considerar será el registrado en el RUP, o documento válido en caso de que el integrante no esté obligado a RUP, para la acreditación de experiencia multiplicada por el porcentaje de participación que tuvo el integrante o los integrantes. G. Cuando el contrato que se pretende acreditar como experiencia haya sido ejecutado en consorcio, el “% de dimensionamiento (según la longitud o magnitud requerida en el proceso de contratación)” exigido en la Matriz 1 – Experiencia se afectará por el porcentaje de participación que tuvo el integrante o los integrantes. Por su parte, si el contrato fue ejecutado como unión temporal la acreditación del “% de dimensionamiento” se afectará de acuerdo con la distribución de actividades y lo materialmente ejecutado, para lo cual se deberá allegar el documento de conformación de proponente plural que discrimine las actividades a cargo de cada uno de los integrantes o que de los documentos aportados para acreditar la experiencia se pueda determinar qué actividades ejecutó cada uno de los integrantes. En caso de que lo anterior no se logre determinar, la evaluación se realizará de conformidad con lo señalado en el párrafo precedente, respecto a los consorcios. | D63: CUMPLE | E63: CUMPLE
B64: 3.5.7 PARA SUBCONTRATOS Para acreditar la experiencia de subcontratos, cuyo contrato principal fue suscrito con particulares, se aplicarán las disposiciones establecidas en el numeral anterior. Para acreditar la experiencia de contratos derivados de contratos suscritos con Entidades Estatales, el Proponente deberá aportar los documentos que se enlistan a continuación: A. Certificación del subcontrato. Certificación expedida con posterioridad a la fecha de terminación del subcontrato, la cual deberá estar suscrita por el representante legal del contratista del contrato principal, del Concesionario, o del EPC o Consorcio Constructor. Así mismo, debe contener la información requerida en el Pliego de Condiciones para efectos de la acreditación de la experiencia. B. Certificación expedida por la Entidad Estatal del contrato principal del cual se derivó el subcontrato. Esta certificación debe contener la información básica del contrato principal la siguiente: I. Alcance de las obras ejecutadas en el contrato principal. II. Información en la cual se evidencie que la figura de la subcontratación es permitida en el marco del contrato principal. En caso de que no requiera autorización para subcontratar, el Proponente podrá aportar con su propuesta alguno de los siguientes documentos que den cuenta de esa circunstancia: i) copia del contrato o ii) certificación emitida por la Entidad Estatal, donde acredite que para subcontratar no se requería autorización. La información solicitada en el literal B únicamente se exige en relación con el contrato principal suscrito con la Entidad Estatal. | D64: CUMPLE | E64: CUMPLE
